Workbook

Sheet Servente de Limpeza
A1: PLANILHA DE CUSTOS E FORMAÇÃO DE PREÇOS DE SERVIÇOS CONTINUADOS COM DEDICAÇÃO EXCLUSIVA DE MÃO DE OBRA (ANEXO III - DECRETO 52.768 de 15.12.2015)
A2: PROCESSO: | C2: 24/1502-0000350-3 | E2: REGIME DE TRIBUTAÇÃO: LUCRO REAL
A3: LICITAÇÃO/EDITAL | E3: ABERTURA:
A5: Cargo/Função: | D5: Servente de Limpeza | G5: =IF(D6="12x36","Regime de trabalho:","Quantidade de HORAS/MÊS") -> Quantidade de HORAS/MÊS | I5: =IF(D6="12x36",D6,5*D6) -> 200
A6: =IF(D6="12x36","Regime de trabalho:","Regime de trabalho (horas semanais):") -> Regime de trabalho (horas semanais): | D6: 40
A7: Convenção Coletiva de Trabalho: | D7: SINDIASSEIO - RS000045/2024 | G7: INSALUBRIDADE (10%, 20%, 40%) | I7: 0.4
A8: Origem do salário: | D8: CCT
A9: Cidade: | D9: Esteio/RS | G9: PERICULOSIDADE (30%) | I9: Não aplicável
A10: Salário Normativo | G10: Vlr. do salário e nº de horas correspondentes | H10: 220 | I10: 1540.51
A11: ISS | G11: =D9 -> Esteio/RS | H11: Alíquota | I11: 0.02
A12: Tarifa Transporte | G12: CCT | H12: Vr. Unitário | I12: 4
H13: Dias | I13: 22
H14: Desconto | I14: 0.06
A15: Auxílio Alimentação | G15: CCT | H15: Vr. Unitário | I15: 23.68
H16: Dias | I16: 22
H17: Desconto | I17: 0.19
A18: Auxílio Lanche | G18: CCT | H18: Vr. Unitário | I18: 0
H19: Dias | I19: 0
H20: Desconto | I20: 0
A21: Outros benefícios que refletem na planilha de custos, caso constem na CCT. Obs.: PARA POSTOS REFERENTE A CCT DA SINDASSEIO E SEEAC (LIMPEZA E OUTROS), UTILIZAR ESTE CAMPO PARA O PLANO DE BENEFÍCIO SOCIAL FAMILIAR. | G21: CCT | H21: Valor mensal | I21: 19.42
A22: Adicional de Supervisor (37%) | H22: Porcentagem | I22: Não aplicável
A23: Base de cálculo da insalubridade | H23: Valor | I23: 1400.46
A24: Quantitativo de horas trabalhadas em feriados no mês (estimado) - Não aplicável para postos 12x36 | H24: Horas por mês | I24: Não aplicável
H25: Acréscimo da hora extra | I25: Não aplicável
A26: Hora Intervalar (somente para postos 12x36, quando for o caso) | H26: Horas por mês | I26: Não aplicável
A27: Sem fornecimento de materiais ou apenas fornecimento de EPIs ou uniformes, utilizar 10%. Com fornecimento de materiais ou equipamentos, utilizar 20%. (Decreto 52.768/2015, alterado pelo Decreto 53.424/2017) | H27: Porcentagem | I27: 0.2
A29: MONTANTE A
A30: I | B30: Remuneração - Grupo I | H30: % | I30: Valor Mensal/unidade de serviço (R$)
A31: 1 | B31: Salário | H31: =I31/$I$40 -> 0.71428624 | I31: =IF(D6="12x36",I10,I10/H10*I5) -> 1400.4636
A32: =A31+1 -> 2 | B32: Adicional Periculosidade 30% (Ver súmulas 364, 132 e 191 do TST) | H32: =I32/$I$40 -> 0 | I32: =IF(I9=30%,I31*I9,0) -> 0
A33: =A32+1 -> 3 | B33: Adicional Insalubridade 10% (Ver súmula 228 e 139 TST) | H33: =I33/$I$40 -> 0 | I33: =IF(I7=10%,I23*I7,0) -> 0
A34: =A33+1 -> 4 | B34: Adicional Insalubridade 20% (Ver súmula 228 e 139 TST) | H34: =I34/$I$40 -> 0 | I34: =IF(I7=20%,I23*I7,0) -> 0
A35: =A34+1 -> 5 | B35: Adicional Insalubridade 40% (Ver súmula 228 e 139 TST) | H35: =I35/$I$40 -> 0.28571376 | I35: =IF(I7=40%,I23*I7,0) -> 560.184
A36: =A35+1 -> 6 | B36: Adicional de Supervisor (IN 05/2017 MPOG SLTI) | H36: =I36/$I$40 -> 0 | I36: =IF(I22="Não aplicável",0,I31*I22) -> 0
A37: =A36+1 -> 7 | B37: Feriados | H37: =I37/$I$40 -> 0 | I37: =IF(I24="Não aplicável",0,(I31+I32+I33+I34+I35+I36+I39)/I5*I24*(1+I25)) -> 0
A38: =A37+1 -> 8 | B38: DSR = número total das horas extras do mês / número de dias úteis X domingos e feriados do mês X valor da hora extra com acréscimo | H38: =I38/$I$40 -> 0 | I38: =IF(I24="Não aplicável",0,I24/I13*5*(I10/H10*(1+I25))) -> 0
A39: =A38+1 -> 9 | B39: =IF(D6="12x36","Para postos 12x36 os feriados são considerados compensados, conforme parágrafo único, Art. 59-A da CLT","Outros") -> Outros | H39: =I39/$I$40 -> 0 | I39: 0
A40: Total de Remuneração | H40: =SUM(H31:H39) -> 1 | I40: =SUM(I31:I39) -> 1960.6476
A42: II | B42: Encargos Sociais - Grupo II: Obrigações Sociais | H42: % | I42: Valor Mensal/unidade de serviço (R$)
A43: 1 | B43: INSS (art. 22, inc. I, Lei nº 8.212/91) | H43: 0.2 | I43: =$I$40*H43 -> 392.12953
A44: 2 | B44: SESI ou SESC (art. 30, Lei nº 8.036/90) | H44: 0.015 | I44: =$I$40*H44 -> 29.409715
A45: 3 | B45: SENAI ou SENAC (Decreto-Lei nº 2.318/86) | H45: 0.01 | I45: =$I$40*H45 -> 19.606476
A46: 4 | B46: INCRA (art. 15I, Lei Complementar nº 011/71) | H46: 0.002 | I46: =$I$40*H46 -> 3.9212953
A47: 5 | B47: SALÁRIO EDUCAÇÃO (art. , inc. I, Decreto nº 87.043/82) | H47: 0.025 | I47: =$I$40*H47 -> 49.016191
A48: 6 | B48: FGTS (art. 15, Lei nº 8.036/90) | H48: 0.08 | I48: =$I$40*H48 -> 156.85181
A49: 7 | B49: SEG. ACIDENTE DO TRABALHO 1%, 2% e 3% (art. 22, inc. II, alíneas "b" e "c", da Lei nº 8.212/91) | H49: 0.03 | I49: =$I$40*H49 -> 58.819429
A50: 8 | B50: SEBRAE (§ 3º, art. 8º, Lei nº 8.029/90) | H50: 0.006 | I50: =$I$40*H50 -> 11.763886
A51: Total do Grupo II | H51: =SUM(H43:H50) -> 0.368 | I51: =SUM(I43:I50) -> 721.51833
A52: Os percentuais para o SAT podem variar de 0,50% a 6,00% em função do Fator de Acidente Previdenciário (FAP), Decreto nº 6.957/2009
A53: Deverá obrigatoriamente acompanhar a proposta de preços e a planilha de custos e formação de preços a prova do Fator Acidentário de Prevenção – FAP por meio de impressão de consulta ao site do Ministério da Previdência Social (que pode ser obtido no endereço eletrônico http://www2.dataprev.gov.br/fap/fap.htm), independentemente de alteração da alíquota da parcela do Seguro Acidente de Trabalho disposta no Quadro II da referida planilha.
A54: III | B54: Encargos Sociais - Grupo III: Tempo Não Trabalhado | H54: % | I54: Valor Mensal/unidade de serviço (R$)
A55: 1 | B55: FÉRIAS GOZADAS + ADICIONAL DE FÉRIAS | H55: 0.119314 | I55: =$I$40*H55 -> 233.93271
A56: 2 | B56: FALTAS ABONADAS (3) | H56: 0.020479 | I56: =$I$40*H56 -> 40.152103
A57: 3 | B57: FALTAS LEGAIS (4) | H57: 0.012123 | I57: =$I$40*H57 -> 23.768931
A58: 4 | B58: LICENÇA MATERNIDADE | H58: 0.011436 | I58: =$I$40*H58 -> 22.421966
A59: 5 | B59: LICENÇA PATERNIDADE | H59: 0.000174 | I59: =$I$40*H59 -> 0.34115269
A60: 6 | B60: ACIDENTE DE TRABALHO | H60: 0.000442 | I60: =$I$40*H60 -> 0.86660626
A61: 7 | B61: AVISO PRÉVIO TRABALHADO | H61: 0.000185 | I61: =$I$40*H61 -> 0.36271981
A62: 8 | B62: 13º SALÁRIO | H62: 0.09079 | I62: =$I$40*H62 -> 178.0072
A63: Total do Grupo III | H63: =SUM(H55:H62) -> 0.254943 | I63: =SUM(I55:I62) -> 499.85339
A64: (3) | B64: Faltas Justificadas por Auxílio Doença
A65: (4) | B65: Faltas Legais - Art. 473 CLT
A66: IV | B66: Encargos Sociais - Grupo IV: Indenizações | H66: % | I66: Valor Mensal/unidade de serviço (R$)
A67: 1 | B67: INDENIZAÇÕES | H67: 0.023627 | I67: =$I$40*H67 -> 46.324222
A68: 2 | B68: FGTS SOBRE INDENIZAÇÕES | H68: 0.001717 | I68: =$I$40*H68 -> 3.366432
A69: 3 | B69: INDENIZAÇÃO COMPENSATÓRIA POR DEMISSÃO SEM JUSTA CAUSA | H69: 0.009451 | I69: =$I$40*H69 -> 18.530081
A70: Total do Grupo IV | H70: =SUM(H67:H69) -> 0.034795 | I70: =SUM(I67:I69) -> 68.220735
A72: V | B72: Encargos Sociais - Grupo V: Incidências | H72: % | I72: Valor Mensal/unidade de serviço (R$)
A73: 1 | B73: INCIDÊNCIA GRUPO II (Obrigações Sociais) X GRUPO III (Tempo Não Trabalhado) | H73: =(H51*H63) -> 0.093819024 | I73: =$I$40*H73 -> 183.94605
A74: Total do Grupo V | H74: =SUM(H73:H73) -> 0.093819024 | I74: =I73 -> 183.94605
A76: TOTAL DOS ENCAGOS SOCIAIS (II + III + IV + V) | H76: =H51+H63+H70+H74 -> 0.75155702 | I76: =I51+I63+I70+I74 -> 1473.5385
A78: VI | B78: Demais custos relativos à Norma Coletiva ou Disposições Legais - Grupo VI | H78: % | I78: Valor Mensal/unidade de serviço (R$)
A79: 1 | B79: Auxílio Alimentação | H79: =I79/$I$40 -> 0.21522358 | I79: =I97 -> 421.9776
A80: =A79+1 -> 2 | B80: Auxílio Lanche | H80: =I80/$I$40 -> 0 | I80: =I93 -> 0
A81: =A80+1 -> 3 | B81: Plano de Saúde | H81: =I81/$I$40 -> 0 | I81: 0
A82: =A81+1 -> 4 | B82: Vale-Transporte⁽⁵⁾ | H82: =I82/$I$40 -> 0.046909083 | I82: =I89 -> 91.972182
A83: =A82+1 -> 5 | B83: Adicional Intervalar | H83: =I83/$I$40 -> 0 | I83: =IF(I26="Não aplicável",0,((I10/H10)*1.5*I26)) -> 0
A84: =A83+1 -> 6 | B84: Outros | H84: =I84/$I$40 -> 0.0099048904 | I84: =IF(I21="Não aplicável",0,I21) -> 19.42
A85: Total do Grupo VI | H85: =SUM(H79:H84) -> 0.27203755 | I85: =SUM(I79:I84) -> 533.36978
A86: (5) | B86: O valor do vale-transporte pode variar de acordo com o modal fornecido pelo empregador.
A87: MEMÓRIA DE CÁLCULO DO VALE TRANSPORTE
A88: Valor Unitário | C88: Dias de Trabalho | D88: Vale p/dia | E88: Custo total | F88: Base de cálculo | G88: Percentual de desconto | H88: Valor desconto | I88: Custo efetivo
A89: =I12 -> 4 | C89: =I13 -> 22 | D89: 2 | E89: =A89*C89*D89 -> 176 | F89: =I31 -> 1400.4636 | G89: =I14 -> 0.06 | H89: =F89*G89 -> 84.027818 | I89: =IF((E89-H89)>0,E89-H89,0) -> 91.972182
A91: MEMÓRIA DE CÁLCULO DO VALE LANCHE
A92: Valor Unitário | C92: Dias por mês | D92: Vale p/dia | E92: Custo total | F92: Base de cálculo | G92: Percentual de desconto | H92: Valor desconto | I92: Custo efetivo
A93: =I18 -> 0 | C93: =I19 -> 0 | D93: 1 | E93: =A93*C93*D93 -> 0 | F93: =E93 -> 0 | G93: =I20 -> 0 | H93: =F93*G93 -> 0 | I93: =E93-H93 -> 0
A95: MEMÓRIA DE CÁLCULO DO | F95: =A15 -> Auxílio Alimentação
A96: Valor Unitário | C96: Dias por mês | D96: Vale p/dia | E96: Custo total | F96: Base de cálculo | G96: Percentual de desconto | H96: =H88 -> Valor desconto | I96: Custo efetivo
A97: =I15 -> 23.68 | C97: =I16 -> 22 | D97: 1 | E97: =A97*C97*D97 -> 520.96 | F97: =E97 -> 520.96 | G97: =I17 -> 0.19 | H97: =F97*G97 -> 98.9824 | I97: =E97-H97 -> 421.9776
A99: TOTAL DO MONTANTE A (I + II + III+ IV + V +VI) | H99: =H40+H76+H85 -> 2.0235946 | I99: =I40+I76+I85 -> 3967.5559
A101: MONTANTE B
A102: I | B102: Despesas Diretas | H102: % | I102: Valor Mensal/unidade de serviço (R$)
A103: 1 | B103: Transporte (6) | H103: =I103/$I$114 -> 0 | I103: 0
A104: 2 | B104: Uniformes/EPI (6a) | H104: =I104/$I$114 -> 0 | I104: 0
A105: 3 | B105: Seguro de vida | H105: =I105/$I$114 -> 0 | I105: 0
A106: 4 | B106: Materiais/Equipamentos | H106: =I106/$I$114 -> 0 | I106: 0
A107: 5 | B107: Mobilização (7) | H107: =I107/$I$114 -> 0 | I107: 0
A108: 6 | B108: Outros (especificar) | H108: =I108/$I$114 -> 0 | I108: 0
A109: Total de Despesas Diretas | H109: =H103+H104+H105+H106+H107+H108 -> 0 | I109: =SUM(I103:I108) -> 0
B110: (6) Somente será preenchido quando o licitante fornecer transporte próprio (6a) EPI - Equipamento de Proteção Individual (7) Tais custos de mobilização não são renováveis, devendo ser eliminados após o primeiro ano de contrato caso haja prorrogação
...

Sheet Auxiliar Administrativo
A1: PLANILHA DE CUSTOS E FORMAÇÃO DE PREÇOS DE SERVIÇOS CONTINUADOS COM DEDICAÇÃO EXCLUSIVA DE MÃO DE OBRA (ANEXO III - DECRETO 52.768 de 15.12.2015)
A2: PROCESSO: | C2: 24/1502-0000350-3 | E2: REGIME DE TRIBUTAÇÃO: LUCRO REAL
A3: LICITAÇÃO/EDITAL | E3: ABERTURA:
A5: Cargo/Função: | D5: Auxiliar Administrativo | G5: =IF(D6="12x36","Regime de trabalho:","Quantidade de HORAS/MÊS") -> Quantidade de HORAS/MÊS | I5: =IF(D6="12x36",D6,5*D6) -> 200
A6: =IF(D6="12x36","Regime de trabalho:","Regime de trabalho (horas semanais):") -> Regime de trabalho (horas semanais): | D6: 40
A7: Convenção Coletiva de Trabalho: | D7: SINDIASSEIO - RS000045/2024 | G7: INSALUBRIDADE (10%, 20%, 40%) | I7: Não aplicável
A8: Origem do salário: | D8: CCT
A9: Cidade: | D9: Esteio/RS | G9: PERICULOSIDADE (30%) | I9: Não aplicável
A10: Salário Normativo | G10: Vlr. do salário e nº de horas correspondentes | H10: 220 | I10: 2013.31
A11: ISS | G11: =D9 -> Esteio/RS | H11: Alíquota | I11: 0.02
A12: Tarifa Transporte | G12: CCT | H12: Vr. Unitário | I12: 4
H13: Dias | I13: 22
H14: Desconto | I14: 0.06
A15: Auxílio Alimentação | G15: CCT | H15: Vr. Unitário | I15: 23.68
H16: Dias | I16: 22
H17: Desconto | I17: 0.19
A18: Auxílio Lanche | G18: CCT | H18: Vr. Unitário | I18: 0
H19: Dias | I19: 0
H20: Desconto | I20: 0
A21: Outros benefícios que refletem na planilha de custos, caso constem na CCT. Obs.: PARA POSTOS REFERENTE A CCT DA SINDASSEIO E SEEAC (LIMPEZA E OUTROS), UTILIZAR ESTE CAMPO PARA O PLANO DE BENEFÍCIO SOCIAL FAMILIAR. | G21: CCT | H21: Valor mensal | I21: 19.42
A22: Adicional de Supervisor (37%) | H22: Porcentagem | I22: Não aplicável
A23: Base de cálculo da insalubridade | H23: Valor | I23: Não aplicável
A24: Quantitativo de horas trabalhadas em feriados no mês (estimado) - Não aplicável para postos 12x36 | H24: Horas por mês | I24: Não aplicável
H25: Acréscimo da hora extra | I25: Não aplicável
A26: Hora Intervalar (somente para postos 12x36, quando for o caso) | H26: Horas por mês | I26: Não aplicável
A27: Sem fornecimento de materiais ou apenas fornecimento de EPIs ou uniformes, utilizar 10%. Com fornecimento de materiais ou equipamentos, utilizar 20%. (Decreto 52.768/2015, alterado pelo Decreto 53.424/2017) | H27: Porcentagem | I27: 0.1
A29: MONTANTE A
A30: I | B30: Remuneração - Grupo I | H30: % | I30: Valor Mensal/unidade de serviço (R$)
A31: 1 | B31: Salário | H31: =I31/$I$40 -> 1 | I31: =IF(D6="12x36",I10,I10/H10*I5) -> 1830.2818
A32: =A31+1 -> 2 | B32: Adicional Periculosidade 30% (Ver súmulas 364, 132 e 191 do TST) | H32: =I32/$I$40 -> 0 | I32: =IF(I9=30%,I31*I9,0) -> 0
A33: =A32+1 -> 3 | B33: Adicional Insalubridade 10% (Ver súmula 228 e 139 TST) | H33: =I33/$I$40 -> 0 | I33: =IF(I7=10%,I23*I7,0) -> 0
A34: =A33+1 -> 4 | B34: Adicional Insalubridade 20% (Ver súmula 228 e 139 TST) | H34: =I34/$I$40 -> 0 | I34: =IF(I7=20%,I23*I7,0) -> 0
A35: =A34+1 -> 5 | B35: Adicional Insalubridade 40% (Ver súmula 228 e 139 TST) | H35: =I35/$I$40 -> 0 | I35: =IF(I7=40%,I23*I7,0) -> 0
A36: =A35+1 -> 6 | B36: Adicional de Supervisor (IN 05/2017 MPOG SLTI) | H36: =I36/$I$40 -> 0 | I36: =IF(I22="Não aplicável",0,I31*I22) -> 0
A37: =A36+1 -> 7 | B37: Feriados | H37: =I37/$I$40 -> 0 | I37: =IF(I24="Não aplicável",0,(I31+I32+I33+I34+I35+I36+I39)/I5*I24*(1+I25)) -> 0
A38: =A37+1 -> 8 | B38: DSR = número total das horas extras do mês / número de dias úteis X domingos e feriados do mês X valor da hora extra com acréscimo | H38: =I38/$I$40 -> 0 | I38: =IF(I24="Não aplicável",0,I24/I13*5*(I10/H10*(1+I25))) -> 0
A39: =A38+1 -> 9 | B39: =IF(D6="12x36","Para postos 12x36 os feriados são considerados compensados, conforme parágrafo único, Art. 59-A da CLT","Outros") -> Outros | H39: =I39/$I$40 -> 0 | I39: 0
A40: Total de Remuneração | H40: =SUM(H31:H39) -> 1 | I40: =SUM(I31:I39) -> 1830.2818
A42: II | B42: Encargos Sociais - Grupo II: Obrigações Sociais | H42: % | I42: Valor Mensal/unidade de serviço (R$)
A43: 1 | B43: INSS (art. 22, inc. I, Lei nº 8.212/91) | H43: 0.2 | I43: =$I$40*H43 -> 366.05636
A44: 2 | B44: SESI ou SESC (art. 30, Lei nº 8.036/90) | H44: 0.015 | I44: =$I$40*H44 -> 27.454227
A45: 3 | B45: SENAI ou SENAC (Decreto-Lei nº 2.318/86) | H45: 0.01 | I45: =$I$40*H45 -> 18.302818
A46: 4 | B46: INCRA (art. 15I, Lei Complementar nº 011/71) | H46: 0.002 | I46: =$I$40*H46 -> 3.6605636
A47: 5 | B47: SALÁRIO EDUCAÇÃO (art. , inc. I, Decreto nº 87.043/82) | H47: 0.025 | I47: =$I$40*H47 -> 45.757045
A48: 6 | B48: FGTS (art. 15, Lei nº 8.036/90) | H48: 0.08 | I48: =$I$40*H48 -> 146.42255
A49: 7 | B49: SEG. ACIDENTE DO TRABALHO 1%, 2% e 3% (art. 22, inc. II, alíneas "b" e "c", da Lei nº 8.212/91) | H49: 0.03 | I49: =$I$40*H49 -> 54.908455
A50: 8 | B50: SEBRAE (§ 3º, art. 8º, Lei nº 8.029/90) | H50: 0.006 | I50: =$I$40*H50 -> 10.981691
A51: Total do Grupo II | H51: =SUM(H43:H50) -> 0.368 | I51: =SUM(I43:I50) -> 673.54371
A52: Os percentuais para o SAT podem variar de 0,50% a 6,00% em função do Fator de Acidente Previdenciário (FAP), Decreto nº 6.957/2009
A53: Deverá obrigatoriamente acompanhar a proposta de preços e a planilha de custos e formação de preços a prova do Fator Acidentário de Prevenção – FAP por meio de impressão de consulta ao site do Ministério da Previdência Social (que pode ser obtido no endereço eletrônico http://www2.dataprev.gov.br/fap/fap.htm), independentemente de alteração da alíquota da parcela do Seguro Acidente de Trabalho disposta no Quadro II da referida planilha.
A54: III | B54: Encargos Sociais - Grupo III: Tempo Não Trabalhado | H54: % | I54: Valor Mensal/unidade de serviço (R$)
A55: 1 | B55: FÉRIAS GOZADAS + ADICIONAL DE FÉRIAS | H55: 0.119314 | I55: =$I$40*H55 -> 218.37824
A56: 2 | B56: FALTAS ABONADAS (3) | H56: 0.020479 | I56: =$I$40*H56 -> 37.482341
A57: 3 | B57: FALTAS LEGAIS (4) | H57: 0.012123 | I57: =$I$40*H57 -> 22.188506
A58: 4 | B58: LICENÇA MATERNIDADE | H58: 0.011436 | I58: =$I$40*H58 -> 20.931103
A59: 5 | B59: LICENÇA PATERNIDADE | H59: 0.000174 | I59: =$I$40*H59 -> 0.31846904
A60: 6 | B60: ACIDENTE DE TRABALHO | H60: 0.000442 | I60: =$I$40*H60 -> 0.80898456
A61: 7 | B61: AVISO PRÉVIO TRABALHADO | H61: 0.000185 | I61: =$I$40*H61 -> 0.33860214
A62: 8 | B62: 13º SALÁRIO | H62: 0.09079 | I62: =$I$40*H62 -> 166.17129
A63: Total do Grupo III | H63: =SUM(H55:H62) -> 0.254943 | I63: =SUM(I55:I62) -> 466.61754
A64: (3) | B64: Faltas Justificadas por Auxílio Doença
A65: (4) | B65: Faltas Legais - Art. 473 CLT
A66: IV | B66: Encargos Sociais - Grupo IV: Indenizações | H66: % | I66: Valor Mensal/unidade de serviço (R$)
A67: 1 | B67: INDENIZAÇÕES | H67: 0.023627 | I67: =$I$40*H67 -> 43.244069
A68: 2 | B68: FGTS SOBRE INDENIZAÇÕES | H68: 0.001717 | I68: =$I$40*H68 -> 3.1425939
A69: 3 | B69: INDENIZAÇÃO COMPENSATÓRIA POR DEMISSÃO SEM JUSTA CAUSA | H69: 0.009451 | I69: =$I$40*H69 -> 17.297993
A70: Total do Grupo IV | H70: =SUM(H67:H69) -> 0.034795 | I70: =SUM(I67:I69) -> 63.684656
A72: V | B72: Encargos Sociais - Grupo V: Incidências | H72: % | I72: Valor Mensal/unidade de serviço (R$)
A73: 1 | B73: INCIDÊNCIA GRUPO II (Obrigações Sociais) X GRUPO III (Tempo Não Trabalhado) | H73: =(H51*H63) -> 0.093819024 | I73: =$I$40*H73 -> 171.71525
A74: Total do Grupo V | H74: =SUM(H73:H73) -> 0.093819024 | I74: =I73 -> 171.71525
A76: TOTAL DOS ENCAGOS SOCIAIS (II + III + IV + V) | H76: =H51+H63+H70+H74 -> 0.75155702 | I76: =I51+I63+I70+I74 -> 1375.5612
A78: VI | B78: Demais custos relativos à Norma Coletiva ou Disposições Legais - Grupo VI | H78: % | I78: Valor Mensal/unidade de serviço (R$)
A79: 1 | B79: Auxílio Alimentação | H79: =I79/$I$40 -> 0.23055335 | I79: =I97 -> 421.9776
A80: =A79+1 -> 2 | B80: Auxílio Lanche | H80: =I80/$I$40 -> 0 | I80: =I93 -> 0
A81: =A80+1 -> 3 | B81: Plano de Saúde | H81: =I81/$I$40 -> 0 | I81: 0
A82: =A81+1 -> 4 | B82: Vale-Transporte⁽⁵⁾ | H82: =I82/$I$40 -> 0.036160055 | I82: =I89 -> 66.183091
A83: =A82+1 -> 5 | B83: Adicional Intervalar | H83: =I83/$I$40 -> 0 | I83: =IF(I26="Não aplicável",0,((I10/H10)*1.5*I26)) -> 0
A84: =A83+1 -> 6 | B84: Outros | H84: =I84/$I$40 -> 0.010610388 | I84: =IF(I21="Não aplicável",0,I21) -> 19.42
A85: Total do Grupo VI | H85: =SUM(H79:H84) -> 0.27732379 | I85: =SUM(I79:I84) -> 507.58069
A86: (5) | B86: O valor do vale-transporte pode variar de acordo com o modal fornecido pelo empregador.
A87: MEMÓRIA DE CÁLCULO DO VALE TRANSPORTE
A88: Valor Unitário | C88: Dias de Trabalho | D88: Vale p/dia | E88: Custo total | F88: Base de cálculo | G88: Percentual de desconto | H88: Valor desconto | I88: Custo efetivo
A89: =I12 -> 4 | C89: =I13 -> 22 | D89: 2 | E89: =A89*C89*D89 -> 176 | F89: =I31 -> 1830.2818 | G89: =I14 -> 0.06 | H89: =F89*G89 -> 109.81691 | I89: =IF((E89-H89)>0,E89-H89,0) -> 66.183091
A91: MEMÓRIA DE CÁLCULO DO VALE LANCHE
A92: Valor Unitário | C92: Dias por mês | D92: Vale p/dia | E92: Custo total | F92: Base de cálculo | G92: Percentual de desconto | H92: Valor desconto | I92: Custo efetivo
A93: =I18 -> 0 | C93: =I19 -> 0 | D93: 1 | E93: =A93*C93*D93 -> 0 | F93: =E93 -> 0 | G93: =I20 -> 0 | H93: =F93*G93 -> 0 | I93: =E93-H93 -> 0
A95: MEMÓRIA DE CÁLCULO DO | F95: =A15 -> Auxílio Alimentação
A96: Valor Unitário | C96: Dias por mês | D96: Vale p/dia | E96: Custo total | F96: Base de cálculo | G96: Percentual de desconto | H96: =H88 -> Valor desconto | I96: Custo efetivo
A97: =I15 -> 23.68 | C97: =I16 -> 22 | D97: 1 | E97: =A97*C97*D97 -> 520.96 | F97: =E97 -> 520.96 | G97: =I17 -> 0.19 | H97: =F97*G97 -> 98.9824 | I97: =E97-H97 -> 421.9776
A99: TOTAL DO MONTANTE A (I + II + III+ IV + V +VI) | H99: =H40+H76+H85 -> 2.0288808 | I99: =I40+I76+I85 -> 3713.4237
A101: MONTANTE B
A102: I | B102: Despesas Diretas | H102: % | I102: Valor Mensal/unidade de serviço (R$)
A103: 1 | B103: Transporte (6) | H103: =I103/$I$114 -> 0 | I103: 0
A104: 2 | B104: Uniformes/EPI (6a) | H104: =I104/$I$114 -> 0 | I104: 0
A105: 3 | B105: Seguro de vida | H105: =I105/$I$114 -> 0 | I105: 0
A106: 4 | B106: Materiais/Equipamentos | H106: =I106/$I$114 -> 0 | I106: 0
A107: 5 | B107: Mobilização (7) | H107: =I107/$I$114 -> 0 | I107: 0
A108: 6 | B108: Outros (especificar) | H108: =I108/$I$114 -> 0 | I108: 0
A109: Total de Despesas Diretas | H109: =H103+H104+H105+H106+H107+H108 -> 0 | I109: =SUM(I103:I108) -> 0
B110: (6) Somente será preenchido quando o licitante fornecer transporte próprio (6a) EPI - Equipamento de Proteção Individual (7) Tais custos de mobilização não são renováveis, devendo ser eliminados após o primeiro ano de contrato caso haja prorrogação
...

Sheet Carpinteiro (Oficial)
A1: PLANILHA DE CUSTOS E FORMAÇÃO DE PREÇOS DE SERVIÇOS CONTINUADOS COM DEDICAÇÃO EXCLUSIVA DE MÃO DE OBRA (ANEXO III - DECRETO 52.768 de 15.12.2015)
A2: PROCESSO: | C2: 24/1502-0000350-3 | E2: REGIME DE TRIBUTAÇÃO: LUCRO REAL
A3: LICITAÇÃO/EDITAL | E3: ABERTURA:
A5: Cargo/Função: | D5: Carpinteiro (Oficial) | G5: =IF(D6="12x36","Regime de trabalho:","Quantidade de HORAS/MÊS") -> Quantidade de HORAS/MÊS | I5: =IF(D6="12x36",D6,5*D6) -> 200
A6: =IF(D6="12x36","Regime de trabalho:","Regime de trabalho (horas semanais):") -> Regime de trabalho (horas semanais): | D6: 40
A7: Convenção Coletiva de Trabalho: | D7: SITICOM- RS000238/2024 | G7: INSALUBRIDADE (10%, 20%, 40%) | I7: Não aplicável
A8: Origem do salário: | D8: CCT
A9: Cidade: | D9: Esteio/RS | G9: PERICULOSIDADE (30%) | I9: Não aplicável
A10: Salário Normativo | G10: Vlr. do salário e nº de horas correspondentes | H10: 200 | I10: 1862
A11: ISS | G11: =D9 -> Esteio/RS | H11: Alíquota | I11: 0.02
A12: Tarifa Transporte | G12: CCT | H12: Vr. Unitário | I12: 4
H13: Dias | I13: 22
H14: Desconto | I14: 0.06
A15: Cesta Básica | G15: CCT | H15: Vr. Unitário | I15: 17.91
H16: Dias | I16: 1
H17: Desconto | I17: 0
A18: Auxílio Lanche | G18: CCT | H18: Vr. Unitário | I18: 0
H19: Dias | I19: 0
H20: Desconto | I20: 0
A21: Outros benefícios que refletem na planilha de custos, caso constem na CCT. Obs.: PARA POSTOS REFERENTE A CCT DA SINDASSEIO E SEEAC (LIMPEZA E OUTROS), UTILIZAR ESTE CAMPO PARA O PLANO DE BENEFÍCIO SOCIAL FAMILIAR. | G21: CCT | H21: Valor mensal | I21: Não aplicável
A22: Adicional de Supervisor (37%) | H22: Porcentagem | I22: Não aplicável
A23: Base de cálculo da insalubridade | H23: Valor | I23: Não aplicável
A24: Quantitativo de horas trabalhadas em feriados no mês (estimado) - Não aplicável para postos 12x36 | H24: Horas por mês | I24: Não aplicável
H25: Acréscimo da hora extra | I25: Não aplicável
A26: Hora Intervalar (somente para postos 12x36, quando for o caso) | H26: Horas por mês | I26: Não aplicável
A27: Sem fornecimento de materiais ou apenas fornecimento de EPIs ou uniformes, utilizar 10%. Com fornecimento de materiais ou equipamentos, utilizar 20%. (Decreto 52.768/2015, alterado pelo Decreto 53.424/2017) | H27: Porcentagem | I27: 0.2
A29: MONTANTE A
A30: I | B30: Remuneração - Grupo I | H30: % | I30: Valor Mensal/unidade de serviço (R$)
A31: 1 | B31: Salário | H31: =I31/$I$40 -> 1 | I31: =IF(D6="12x36",I10,I10/H10*I5) -> 1862
A32: =A31+1 -> 2 | B32: Adicional Periculosidade 30% (Ver súmulas 364, 132 e 191 do TST) | H32: =I32/$I$40 -> 0 | I32: =IF(I9=30%,I31*I9,0) -> 0
A33: =A32+1 -> 3 | B33: Adicional Insalubridade 10% (Ver súmula 228 e 139 TST) | H33: =I33/$I$40 -> 0 | I33: =IF(I7=10%,I23*I7,0) -> 0
A34: =A33+1 -> 4 | B34: Adicional Insalubridade 20% (Ver súmula 228 e 139 TST) | H34: =I34/$I$40 -> 0 | I34: =IF(I7=20%,I23*I7,0) -> 0
A35: =A34+1 -> 5 | B35: Adicional Insalubridade 40% (Ver súmula 228 e 139 TST) | H35: =I35/$I$40 -> 0 | I35: =IF(I7=40%,I23*I7,0) -> 0
A36: =A35+1 -> 6 | B36: Adicional de Supervisor (IN 05/2017 MPOG SLTI) | H36: =I36/$I$40 -> 0 | I36: =IF(I22="Não aplicável",0,I31*I22) -> 0
A37: =A36+1 -> 7 | B37: Feriados | H37: =I37/$I$40 -> 0 | I37: =IF(I24="Não aplicável",0,(I31+I32+I33+I34+I35+I36+I39)/I5*I24*(1+I25)) -> 0
A38: =A37+1 -> 8 | B38: DSR = número total das horas extras do mês / número de dias úteis X domingos e feriados do mês X valor da hora extra com acréscimo | H38: =I38/$I$40 -> 0 | I38: =IF(I24="Não aplicável",0,I24/I13*5*(I10/H10*(1+I25))) -> 0
A39: =A38+1 -> 9 | B39: =IF(D6="12x36","Para postos 12x36 os feriados são considerados compensados, conforme parágrafo único, Art. 59-A da CLT","Outros") -> Outros | H39: =I39/$I$40 -> 0 | I39: 0
A40: Total de Remuneração | H40: =SUM(H31:H39) -> 1 | I40: =SUM(I31:I39) -> 1862
A42: II | B42: Encargos Sociais - Grupo II: Obrigações Sociais | H42: % | I42: Valor Mensal/unidade de serviço (R$)
A43: 1 | B43: INSS (art. 22, inc. I, Lei nº 8.212/91) | H43: 0.2 | I43: =$I$40*H43 -> 372.4
A44: 2 | B44: SESI ou SESC (art. 30, Lei nº 8.036/90) | H44: 0.015 | I44: =$I$40*H44 -> 27.93
A45: 3 | B45: SENAI ou SENAC (Decreto-Lei nº 2.318/86) | H45: 0.01 | I45: =$I$40*H45 -> 18.62
A46: 4 | B46: INCRA (art. 15I, Lei Complementar nº 011/71) | H46: 0.002 | I46: =$I$40*H46 -> 3.724
A47: 5 | B47: SALÁRIO EDUCAÇÃO (art. , inc. I, Decreto nº 87.043/82) | H47: 0.025 | I47: =$I$40*H47 -> 46.55
A48: 6 | B48: FGTS (art. 15, Lei nº 8.036/90) | H48: 0.08 | I48: =$I$40*H48 -> 148.96
A49: 7 | B49: SEG. ACIDENTE DO TRABALHO 1%, 2% e 3% (art. 22, inc. II, alíneas "b" e "c", da Lei nº 8.212/91) | H49: 0.03 | I49: =$I$40*H49 -> 55.86
A50: 8 | B50: SEBRAE (§ 3º, art. 8º, Lei nº 8.029/90) | H50: 0.006 | I50: =$I$40*H50 -> 11.172
A51: Total do Grupo II | H51: =SUM(H43:H50) -> 0.368 | I51: =SUM(I43:I50) -> 685.216
A52: Os percentuais para o SAT podem variar de 0,50% a 6,00% em função do Fator de Acidente Previdenciário (FAP), Decreto nº 6.957/2009
A53: Deverá obrigatoriamente acompanhar a proposta de preços e a planilha de custos e formação de preços a prova do Fator Acidentário de Prevenção – FAP por meio de impressão de consulta ao site do Ministério da Previdência Social (que pode ser obtido no endereço eletrônico http://www2.dataprev.gov.br/fap/fap.htm), independentemente de alteração da alíquota da parcela do Seguro Acidente de Trabalho disposta no Quadro II da referida planilha.
A54: III | B54: Encargos Sociais - Grupo III: Tempo Não Trabalhado | H54: % | I54: Valor Mensal/unidade de serviço (R$)
A55: 1 | B55: FÉRIAS GOZADAS + ADICIONAL DE FÉRIAS | H55: 0.119314 | I55: =$I$40*H55 -> 222.16267
A56: 2 | B56: FALTAS ABONADAS (3) | H56: 0.020479 | I56: =$I$40*H56 -> 38.131898
A57: 3 | B57: FALTAS LEGAIS (4) | H57: 0.012123 | I57: =$I$40*H57 -> 22.573026
A58: 4 | B58: LICENÇA MATERNIDADE | H58: 0.011436 | I58: =$I$40*H58 -> 21.293832
A59: 5 | B59: LICENÇA PATERNIDADE | H59: 0.000174 | I59: =$I$40*H59 -> 0.323988
A60: 6 | B60: ACIDENTE DE TRABALHO | H60: 0.000442 | I60: =$I$40*H60 -> 0.823004
A61: 7 | B61: AVISO PRÉVIO TRABALHADO | H61: 0.000185 | I61: =$I$40*H61 -> 0.34447
A62: 8 | B62: 13º SALÁRIO | H62: 0.09079 | I62: =$I$40*H62 -> 169.05098
A63: Total do Grupo III | H63: =SUM(H55:H62) -> 0.254943 | I63: =SUM(I55:I62) -> 474.70387
A64: (3) | B64: Faltas Justificadas por Auxílio Doença
A65: (4) | B65: Faltas Legais - Art. 473 CLT
A66: IV | B66: Encargos Sociais - Grupo IV: Indenizações | H66: % | I66: Valor Mensal/unidade de serviço (R$)
A67: 1 | B67: INDENIZAÇÕES | H67: 0.023627 | I67: =$I$40*H67 -> 43.993474
A68: 2 | B68: FGTS SOBRE INDENIZAÇÕES | H68: 0.001717 | I68: =$I$40*H68 -> 3.197054
A69: 3 | B69: INDENIZAÇÃO COMPENSATÓRIA POR DEMISSÃO SEM JUSTA CAUSA | H69: 0.009451 | I69: =$I$40*H69 -> 17.597762
A70: Total do Grupo IV | H70: =SUM(H67:H69) -> 0.034795 | I70: =SUM(I67:I69) -> 64.78829
A72: V | B72: Encargos Sociais - Grupo V: Incidências | H72: % | I72: Valor Mensal/unidade de serviço (R$)
A73: 1 | B73: INCIDÊNCIA GRUPO II (Obrigações Sociais) X GRUPO III (Tempo Não Trabalhado) | H73: =(H51*H63) -> 0.093819024 | I73: =$I$40*H73 -> 174.69102
A74: Total do Grupo V | H74: =SUM(H73:H73) -> 0.093819024 | I74: =I73 -> 174.69102
A76: TOTAL DOS ENCAGOS SOCIAIS (II + III + IV + V) | H76: =H51+H63+H70+H74 -> 0.75155702 | I76: =I51+I63+I70+I74 -> 1399.3992
A78: VI | B78: Demais custos relativos à Norma Coletiva ou Disposições Legais - Grupo VI | H78: % | I78: Valor Mensal/unidade de serviço (R$)
A79: 1 | B79: Auxílio Alimentação | H79: =I79/$I$40 -> 0.0096186896 | I79: =I97 -> 17.91
A80: =A79+1 -> 2 | B80: Auxílio Lanche | H80: =I80/$I$40 -> 0 | I80: =I93 -> 0
A81: =A80+1 -> 3 | B81: Plano de Saúde | H81: =I81/$I$40 -> 0 | I81: 0
A82: =A81+1 -> 4 | B82: Vale-Transporte⁽⁵⁾ | H82: =I82/$I$40 -> 0.034522019 | I82: =I89 -> 64.28
A83: =A82+1 -> 5 | B83: Adicional Intervalar | H83: =I83/$I$40 -> 0 | I83: =IF(I26="Não aplicável",0,((I10/H10)*1.5*I26)) -> 0
A84: =A83+1 -> 6 | B84: Outros | H84: =I84/$I$40 -> 0 | I84: =IF(I21="Não aplicável",0,I21) -> 0
A85: Total do Grupo VI | H85: =SUM(H79:H84) -> 0.044140709 | I85: =SUM(I79:I84) -> 82.19
A86: (5) | B86: O valor do vale-transporte pode variar de acordo com o modal fornecido pelo empregador.
A87: MEMÓRIA DE CÁLCULO DO VALE TRANSPORTE
A88: Valor Unitário | C88: Dias de Trabalho | D88: Vale p/dia | E88: Custo total | F88: Base de cálculo | G88: Percentual de desconto | H88: Valor desconto | I88: Custo efetivo
A89: =I12 -> 4 | C89: =I13 -> 22 | D89: 2 | E89: =A89*C89*D89 -> 176 | F89: =I31 -> 1862 | G89: =I14 -> 0.06 | H89: =F89*G89 -> 111.72 | I89: =IF((E89-H89)>0,E89-H89,0) -> 64.28
A91: MEMÓRIA DE CÁLCULO DO VALE LANCHE
A92: Valor Unitário | C92: Dias por mês | D92: Vale p/dia | E92: Custo total | F92: Base de cálculo | G92: Percentual de desconto | H92: Valor desconto | I92: Custo efetivo
A93: =I18 -> 0 | C93: =I19 -> 0 | D93: 1 | E93: =A93*C93*D93 -> 0 | F93: =E93 -> 0 | G93: =I20 -> 0 | H93: =F93*G93 -> 0 | I93: =E93-H93 -> 0
A95: MEMÓRIA DE CÁLCULO DO | F95: =A15 -> Cesta Básica
A96: Valor Unitário | C96: Dias por mês | D96: Vale p/dia | E96: Custo total | F96: Base de cálculo | G96: Percentual de desconto | H96: =H88 -> Valor desconto | I96: Custo efetivo
A97: =I15 -> 17.91 | C97: =I16 -> 1 | D97: 1 | E97: =A97*C97*D97 -> 17.91 | F97: =E97 -> 17.91 | G97: =I17 -> 0 | H97: =F97*G97 -> 0 | I97: =E97-H97 -> 17.91
A99: TOTAL DO MONTANTE A (I + II + III+ IV + V +VI) | H99: =H40+H76+H85 -> 1.7956977 | I99: =I40+I76+I85 -> 3343.5892
A101: MONTANTE B
A102: I | B102: Despesas Diretas | H102: % | I102: Valor Mensal/unidade de serviço (R$)
A103: 1 | B103: Transporte (6) | H103: =I103/$I$114 -> 0 | I103: 0
A104: 2 | B104: Uniformes/EPI (6a) | H104: =I104/$I$114 -> 0 | I104: 0
A105: 3 | B105: Seguro de vida | H105: =I105/$I$114 -> 0 | I105: 0
A106: 4 | B106: Materiais/Equipamentos | H106: =I106/$I$114 -> 0 | I106: 0
A107: 5 | B107: Mobilização (7) | H107: =I107/$I$114 -> 0 | I107: 0
A108: 6 | B108: Outros (especificar) | H108: =I108/$I$114 -> 0 | I108: 0
A109: Total de Despesas Diretas | H109: =H103+H104+H105+H106+H107+H108 -> 0 | I109: =SUM(I103:I108) -> 0
B110: (6) Somente será preenchido quando o licitante fornecer transporte próprio (6a) EPI - Equipamento de Proteção Individual (7) Tais custos de mobilização não são renováveis, devendo ser eliminados após o primeiro ano de contrato caso haja prorrogação
...

Sheet Copeira
A1: PLANILHA DE CUSTOS E FORMAÇÃO DE PREÇOS DE SERVIÇOS CONTINUADOS COM DEDICAÇÃO EXCLUSIVA DE MÃO DE OBRA (ANEXO III - DECRETO 52.768 de 15.12.2015)
A2: PROCESSO: | C2: 24/1502-0000350-3 | E2: REGIME DE TRIBUTAÇÃO: LUCRO REAL
A3: LICITAÇÃO/EDITAL | E3: ABERTURA:
A5: Cargo/Função: | D5: Copeira | G5: =IF(D6="12x36","Regime de trabalho:","Quantidade de HORAS/MÊS") -> Quantidade de HORAS/MÊS | I5: =IF(D6="12x36",D6,5*D6) -> 200
A6: =IF(D6="12x36","Regime de trabalho:","Regime de trabalho (horas semanais):") -> Regime de trabalho (horas semanais): | D6: 40
A7: Convenção Coletiva de Trabalho: | D7: SINDIASSEIO - RS000045/2024 | G7: INSALUBRIDADE (10%, 20%, 40%) | I7: 0.2
A8: Origem do salário: | D8: CCT
A9: Cidade: | D9: Esteio/RS | G9: PERICULOSIDADE (30%) | I9: Não aplicável
A10: Salário Normativo | G10: Vlr. do salário e nº de horas correspondentes | H10: 220 | I10: 1540.51
A11: ISS | G11: =D9 -> Esteio/RS | H11: Alíquota | I11: 0.02
A12: Tarifa Transporte | G12: CCT | H12: Vr. Unitário | I12: 4
H13: Dias | I13: 22
H14: Desconto | I14: 0.06
A15: Auxílio Alimentação | G15: CCT | H15: Vr. Unitário | I15: 23.68
H16: Dias | I16: 22
H17: Desconto | I17: 0.19
A18: Auxílio Lanche | G18: CCT | H18: Vr. Unitário | I18: 0
H19: Dias | I19: 0
H20: Desconto | I20: 0
A21: Outros benefícios que refletem na planilha de custos, caso constem na CCT. Obs.: PARA POSTOS REFERENTE A CCT DA SINDASSEIO E SEEAC (LIMPEZA E OUTROS), UTILIZAR ESTE CAMPO PARA O PLANO DE BENEFÍCIO SOCIAL FAMILIAR. | G21: CCT | H21: Valor mensal | I21: 19.42
A22: Adicional de Supervisor (37%) | H22: Porcentagem | I22: Não aplicável
A23: Base de cálculo da insalubridade | H23: Valor | I23: 1400.46
A24: Quantitativo de horas trabalhadas em feriados no mês (estimado) - Não aplicável para postos 12x36 | H24: Horas por mês | I24: Não aplicável
H25: Acréscimo da hora extra | I25: Não aplicável
A26: Hora Intervalar (somente para postos 12x36, quando for o caso) | H26: Horas por mês | I26: Não aplicável
A27: Sem fornecimento de materiais ou apenas fornecimento de EPIs ou uniformes, utilizar 10%. Com fornecimento de materiais ou equipamentos, utilizar 20%. (Decreto 52.768/2015, alterado pelo Decreto 53.424/2017) | H27: Porcentagem | I27: 0.2
A29: MONTANTE A
A30: I | B30: Remuneração - Grupo I | H30: % | I30: Valor Mensal/unidade de serviço (R$)
A31: 1 | B31: Salário | H31: =I31/$I$40 -> 0.83333369 | I31: =IF(D6="12x36",I10,I10/H10*I5) -> 1400.4636
A32: =A31+1 -> 2 | B32: Adicional Periculosidade 30% (Ver súmulas 364, 132 e 191 do TST) | H32: =I32/$I$40 -> 0 | I32: =IF(I9=30%,I31*I9,0) -> 0
A33: =A32+1 -> 3 | B33: Adicional Insalubridade 10% (Ver súmula 228 e 139 TST) | H33: =I33/$I$40 -> 0 | I33: =IF(I7=10%,I23*I7,0) -> 0
A34: =A33+1 -> 4 | B34: Adicional Insalubridade 20% (Ver súmula 228 e 139 TST) | H34: =I34/$I$40 -> 0.16666631 | I34: =IF(I7=20%,I23*I7,0) -> 280.092
A35: =A34+1 -> 5 | B35: Adicional Insalubridade 40% (Ver súmula 228 e 139 TST) | H35: =I35/$I$40 -> 0 | I35: =IF(I7=40%,I23*I7,0) -> 0
A36: =A35+1 -> 6 | B36: Adicional de Supervisor (IN 05/2017 MPOG SLTI) | H36: =I36/$I$40 -> 0 | I36: =IF(I22="Não aplicável",0,I31*I22) -> 0
A37: =A36+1 -> 7 | B37: Feriados | H37: =I37/$I$40 -> 0 | I37: =IF(I24="Não aplicável",0,(I31+I32+I33+I34+I35+I36+I39)/I5*I24*(1+I25)) -> 0
A38: =A37+1 -> 8 | B38: DSR = número total das horas extras do mês / número de dias úteis X domingos e feriados do mês X valor da hora extra com acréscimo | H38: =I38/$I$40 -> 0 | I38: =IF(I24="Não aplicável",0,I24/I13*5*(I10/H10*(1+I25))) -> 0
A39: =A38+1 -> 9 | B39: =IF(D6="12x36","Para postos 12x36 os feriados são considerados compensados, conforme parágrafo único, Art. 59-A da CLT","Outros") -> Outros | H39: =I39/$I$40 -> 0 | I39: 0
A40: Total de Remuneração | H40: =SUM(H31:H39) -> 1 | I40: =SUM(I31:I39) -> 1680.5556
A42: II | B42: Encargos Sociais - Grupo II: Obrigações Sociais | H42: % | I42: Valor Mensal/unidade de serviço (R$)
A43: 1 | B43: INSS (art. 22, inc. I, Lei nº 8.212/91) | H43: 0.2 | I43: =$I$40*H43 -> 336.11113
A44: 2 | B44: SESI ou SESC (art. 30, Lei nº 8.036/90) | H44: 0.015 | I44: =$I$40*H44 -> 25.208335
A45: 3 | B45: SENAI ou SENAC (Decreto-Lei nº 2.318/86) | H45: 0.01 | I45: =$I$40*H45 -> 16.805556
A46: 4 | B46: INCRA (art. 15I, Lei Complementar nº 011/71) | H46: 0.002 | I46: =$I$40*H46 -> 3.3611113
A47: 5 | B47: SALÁRIO EDUCAÇÃO (art. , inc. I, Decreto nº 87.043/82) | H47: 0.025 | I47: =$I$40*H47 -> 42.013891
A48: 6 | B48: FGTS (art. 15, Lei nº 8.036/90) | H48: 0.08 | I48: =$I$40*H48 -> 134.44445
A49: 7 | B49: SEG. ACIDENTE DO TRABALHO 1%, 2% e 3% (art. 22, inc. II, alíneas "b" e "c", da Lei nº 8.212/91) | H49: 0.03 | I49: =$I$40*H49 -> 50.416669
A50: 8 | B50: SEBRAE (§ 3º, art. 8º, Lei nº 8.029/90) | H50: 0.006 | I50: =$I$40*H50 -> 10.083334
A51: Total do Grupo II | H51: =SUM(H43:H50) -> 0.368 | I51: =SUM(I43:I50) -> 618.44447
A52: Os percentuais para o SAT podem variar de 0,50% a 6,00% em função do Fator de Acidente Previdenciário (FAP), Decreto nº 6.957/2009
A53: Deverá obrigatoriamente acompanhar a proposta de preços e a planilha de custos e formação de preços a prova do Fator Acidentário de Prevenção – FAP por meio de impressão de consulta ao site do Ministério da Previdência Social (que pode ser obtido no endereço eletrônico http://www2.dataprev.gov.br/fap/fap.htm), independentemente de alteração da alíquota da parcela do Seguro Acidente de Trabalho disposta no Quadro II da referida planilha.
A54: III | B54: Encargos Sociais - Grupo III: Tempo Não Trabalhado | H54: % | I54: Valor Mensal/unidade de serviço (R$)
A55: 1 | B55: FÉRIAS GOZADAS + ADICIONAL DE FÉRIAS | H55: 0.119314 | I55: =$I$40*H55 -> 200.51382
A56: 2 | B56: FALTAS ABONADAS (3) | H56: 0.020479 | I56: =$I$40*H56 -> 34.416099
A57: 3 | B57: FALTAS LEGAIS (4) | H57: 0.012123 | I57: =$I$40*H57 -> 20.373376
A58: 4 | B58: LICENÇA MATERNIDADE | H58: 0.011436 | I58: =$I$40*H58 -> 19.218834
A59: 5 | B59: LICENÇA PATERNIDADE | H59: 0.000174 | I59: =$I$40*H59 -> 0.29241668
A60: 6 | B60: ACIDENTE DE TRABALHO | H60: 0.000442 | I60: =$I$40*H60 -> 0.74280559
A61: 7 | B61: AVISO PRÉVIO TRABALHADO | H61: 0.000185 | I61: =$I$40*H61 -> 0.31090279
A62: 8 | B62: 13º SALÁRIO | H62: 0.09079 | I62: =$I$40*H62 -> 152.57765
A63: Total do Grupo III | H63: =SUM(H55:H62) -> 0.254943 | I63: =SUM(I55:I62) -> 428.4459
A64: (3) | B64: Faltas Justificadas por Auxílio Doença
A65: (4) | B65: Faltas Legais - Art. 473 CLT
A66: IV | B66: Encargos Sociais - Grupo IV: Indenizações | H66: % | I66: Valor Mensal/unidade de serviço (R$)
A67: 1 | B67: INDENIZAÇÕES | H67: 0.023627 | I67: =$I$40*H67 -> 39.706488
A68: 2 | B68: FGTS SOBRE INDENIZAÇÕES | H68: 0.001717 | I68: =$I$40*H68 -> 2.885514
A69: 3 | B69: INDENIZAÇÃO COMPENSATÓRIA POR DEMISSÃO SEM JUSTA CAUSA | H69: 0.009451 | I69: =$I$40*H69 -> 15.882931
A70: Total do Grupo IV | H70: =SUM(H67:H69) -> 0.034795 | I70: =SUM(I67:I69) -> 58.474933
A72: V | B72: Encargos Sociais - Grupo V: Incidências | H72: % | I72: Valor Mensal/unidade de serviço (R$)
A73: 1 | B73: INCIDÊNCIA GRUPO II (Obrigações Sociais) X GRUPO III (Tempo Não Trabalhado) | H73: =(H51*H63) -> 0.093819024 | I73: =$I$40*H73 -> 157.66809
A74: Total do Grupo V | H74: =SUM(H73:H73) -> 0.093819024 | I74: =I73 -> 157.66809
A76: TOTAL DOS ENCAGOS SOCIAIS (II + III + IV + V) | H76: =H51+H63+H70+H74 -> 0.75155702 | I76: =I51+I63+I70+I74 -> 1263.0334
A78: VI | B78: Demais custos relativos à Norma Coletiva ou Disposições Legais - Grupo VI | H78: % | I78: Valor Mensal/unidade de serviço (R$)
A79: 1 | B79: Auxílio Alimentação | H79: =I79/$I$40 -> 0.2510941 | I79: =I97 -> 421.9776
A80: =A79+1 -> 2 | B80: Auxílio Lanche | H80: =I80/$I$40 -> 0 | I80: =I93 -> 0
A81: =A80+1 -> 3 | B81: Plano de Saúde | H81: =I81/$I$40 -> 0 | I81: 0
A82: =A81+1 -> 4 | B82: Vale-Transporte⁽⁵⁾ | H82: =I82/$I$40 -> 0.054727246 | I82: =I89 -> 91.972182
A83: =A82+1 -> 5 | B83: Adicional Intervalar | H83: =I83/$I$40 -> 0 | I83: =IF(I26="Não aplicável",0,((I10/H10)*1.5*I26)) -> 0
A84: =A83+1 -> 6 | B84: Outros | H84: =I84/$I$40 -> 0.011555702 | I84: =IF(I21="Não aplicável",0,I21) -> 19.42
A85: Total do Grupo VI | H85: =SUM(H79:H84) -> 0.31737704 | I85: =SUM(I79:I84) -> 533.36978
A86: (5) | B86: O valor do vale-transporte pode variar de acordo com o modal fornecido pelo empregador.
A87: MEMÓRIA DE CÁLCULO DO VALE TRANSPORTE
A88: Valor Unitário | C88: Dias de Trabalho | D88: Vale p/dia | E88: Custo total | F88: Base de cálculo | G88: Percentual de desconto | H88: Valor desconto | I88: Custo efetivo
A89: =I12 -> 4 | C89: =I13 -> 22 | D89: 2 | E89: =A89*C89*D89 -> 176 | F89: =I31 -> 1400.4636 | G89: =I14 -> 0.06 | H89: =F89*G89 -> 84.027818 | I89: =IF((E89-H89)>0,E89-H89,0) -> 91.972182
A91: MEMÓRIA DE CÁLCULO DO VALE LANCHE
A92: Valor Unitário | C92: Dias por mês | D92: Vale p/dia | E92: Custo total | F92: Base de cálculo | G92: Percentual de desconto | H92: Valor desconto | I92: Custo efetivo
A93: =I18 -> 0 | C93: =I19 -> 0 | D93: 1 | E93: =A93*C93*D93 -> 0 | F93: =E93 -> 0 | G93: =I20 -> 0 | H93: =F93*G93 -> 0 | I93: =E93-H93 -> 0
A95: MEMÓRIA DE CÁLCULO DO | F95: =A15 -> Auxílio Alimentação
A96: Valor Unitário | C96: Dias por mês | D96: Vale p/dia | E96: Custo total | F96: Base de cálculo | G96: Percentual de desconto | H96: =H88 -> Valor desconto | I96: Custo efetivo
A97: =I15 -> 23.68 | C97: =I16 -> 22 | D97: 1 | E97: =A97*C97*D97 -> 520.96 | F97: =E97 -> 520.96 | G97: =I17 -> 0.19 | H97: =F97*G97 -> 98.9824 | I97: =E97-H97 -> 421.9776
A99: TOTAL DO MONTANTE A (I + II + III+ IV + V +VI) | H99: =H40+H76+H85 -> 2.0689341 | I99: =I40+I76+I85 -> 3476.9588
A101: MONTANTE B
A102: I | B102: Despesas Diretas | H102: % | I102: Valor Mensal/unidade de serviço (R$)
A103: 1 | B103: Transporte (6) | H103: =I103/$I$114 -> 0 | I103: 0
A104: 2 | B104: Uniformes/EPI (6a) | H104: =I104/$I$114 -> 0 | I104: 0
A105: 3 | B105: Seguro de vida | H105: =I105/$I$114 -> 0 | I105: 0
A106: 4 | B106: Materiais/Equipamentos | H106: =I106/$I$114 -> 0 | I106: 0
A107: 5 | B107: Mobilização (7) | H107: =I107/$I$114 -> 0 | I107: 0
A108: 6 | B108: Outros (especificar) | H108: =I108/$I$114 -> 0 | I108: 0
A109: Total de Despesas Diretas | H109: =H103+H104+H105+H106+H107+H108 -> 0 | I109: =SUM(I103:I108) -> 0
B110: (6) Somente será preenchido quando o licitante fornecer transporte próprio (6a) EPI - Equipamento de Proteção Individual (7) Tais custos de mobilização não são renováveis, devendo ser eliminados após o primeiro ano de contrato caso haja prorrogação
...

Sheet Eletricista de Baixa Tensão(Of)
A1: PLANILHA DE CUSTOS E FORMAÇÃO DE PREÇOS DE SERVIÇOS CONTINUADOS COM DEDICAÇÃO EXCLUSIVA DE MÃO DE OBRA (ANEXO III - DECRETO 52.768 de 15.12.2015)
A2: PROCESSO: | C2: 24/1502-0000350-3 | E2: REGIME DE TRIBUTAÇÃO: LUCRO REAL
A3: LICITAÇÃO/EDITAL | E3: ABERTURA:
A5: Cargo/Função: | D5: Eletricista de Baixa Tensão (Oficial) | G5: =IF(D6="12x36","Regime de trabalho:","Quantidade de HORAS/MÊS") -> Quantidade de HORAS/MÊS | I5: =IF(D6="12x36",D6,5*D6) -> 200
A6: =IF(D6="12x36","Regime de trabalho:","Regime de trabalho (horas semanais):") -> Regime de trabalho (horas semanais): | D6: 40
A7: Convenção Coletiva de Trabalho: | D7: SITICOM- RS000238/2024 | G7: INSALUBRIDADE (10%, 20%, 40%) | I7: Não aplicável
A8: Origem do salário: | D8: CCT
A9: Cidade: | D9: Esteio/RS | G9: PERICULOSIDADE (30%) | I9: 0.3
A10: Salário Normativo | G10: Vlr. do salário e nº de horas correspondentes | H10: 200 | I10: 1862
A11: ISS | G11: =D9 -> Esteio/RS | H11: Alíquota | I11: 0.02
A12: Tarifa Transporte | G12: CCT | H12: Vr. Unitário | I12: 4
H13: Dias | I13: 22
H14: Desconto | I14: 0.06
A15: Cesta Básica | G15: CCT | H15: Vr. Unitário | I15: 17.91
H16: Dias | I16: 1
H17: Desconto | I17: 0
A18: Auxílio Lanche | G18: CCT | H18: Vr. Unitário | I18: 0
H19: Dias | I19: 0
H20: Desconto | I20: 0
A21: Outros benefícios que refletem na planilha de custos, caso constem na CCT. Obs.: PARA POSTOS REFERENTE A CCT DA SINDASSEIO E SEEAC (LIMPEZA E OUTROS), UTILIZAR ESTE CAMPO PARA O PLANO DE BENEFÍCIO SOCIAL FAMILIAR. | G21: CCT | H21: Valor mensal | I21: Não aplicável
A22: Adicional de Supervisor (37%) | H22: Porcentagem | I22: Não aplicável
A23: Base de cálculo da insalubridade | H23: Valor | I23: Não aplicável
A24: Quantitativo de horas trabalhadas em feriados no mês (estimado) - Não aplicável para postos 12x36 | H24: Horas por mês | I24: Não aplicável
H25: Acréscimo da hora extra | I25: Não aplicável
A26: Hora Intervalar (somente para postos 12x36, quando for o caso) | H26: Horas por mês | I26: Não aplicável
A27: Sem fornecimento de materiais ou apenas fornecimento de EPIs ou uniformes, utilizar 10%. Com fornecimento de materiais ou equipamentos, utilizar 20%. (Decreto 52.768/2015, alterado pelo Decreto 53.424/2017) | H27: Porcentagem | I27: 0.2
A29: MONTANTE A
A30: I | B30: Remuneração - Grupo I | H30: % | I30: Valor Mensal/unidade de serviço (R$)
A31: 1 | B31: Salário | H31: =I31/$I$40 -> 0.76923077 | I31: =IF(D6="12x36",I10,I10/H10*I5) -> 1862
A32: =A31+1 -> 2 | B32: Adicional Periculosidade 30% (Ver súmulas 364, 132 e 191 do TST) | H32: =I32/$I$40 -> 0.23076923 | I32: =IF(I9=30%,I31*I9,0) -> 558.6
A33: =A32+1 -> 3 | B33: Adicional Insalubridade 10% (Ver súmula 228 e 139 TST) | H33: =I33/$I$40 -> 0 | I33: =IF(I7=10%,I23*I7,0) -> 0
A34: =A33+1 -> 4 | B34: Adicional Insalubridade 20% (Ver súmula 228 e 139 TST) | H34: =I34/$I$40 -> 0 | I34: =IF(I7=20%,I23*I7,0) -> 0
A35: =A34+1 -> 5 | B35: Adicional Insalubridade 40% (Ver súmula 228 e 139 TST) | H35: =I35/$I$40 -> 0 | I35: =IF(I7=40%,I23*I7,0) -> 0
A36: =A35+1 -> 6 | B36: Adicional de Supervisor (IN 05/2017 MPOG SLTI) | H36: =I36/$I$40 -> 0 | I36: =IF(I22="Não aplicável",0,I31*I22) -> 0
A37: =A36+1 -> 7 | B37: Feriados | H37: =I37/$I$40 -> 0 | I37: =IF(I24="Não aplicável",0,(I31+I32+I33+I34+I35+I36+I39)/I5*I24*(1+I25)) -> 0
A38: =A37+1 -> 8 | B38: DSR = número total das horas extras do mês / número de dias úteis X domingos e feriados do mês X valor da hora extra com acréscimo | H38: =I38/$I$40 -> 0 | I38: =IF(I24="Não aplicável",0,I24/I13*5*(I10/H10*(1+I25))) -> 0
A39: =A38+1 -> 9 | B39: =IF(D6="12x36","Para postos 12x36 os feriados são considerados compensados, conforme parágrafo único, Art. 59-A da CLT","Outros") -> Outros | H39: =I39/$I$40 -> 0 | I39: 0
A40: Total de Remuneração | H40: =SUM(H31:H39) -> 1 | I40: =SUM(I31:I39) -> 2420.6
A42: II | B42: Encargos Sociais - Grupo II: Obrigações Sociais | H42: % | I42: Valor Mensal/unidade de serviço (R$)
A43: 1 | B43: INSS (art. 22, inc. I, Lei nº 8.212/91) | H43: 0.2 | I43: =$I$40*H43 -> 484.12
A44: 2 | B44: SESI ou SESC (art. 30, Lei nº 8.036/90) | H44: 0.015 | I44: =$I$40*H44 -> 36.309
A45: 3 | B45: SENAI ou SENAC (Decreto-Lei nº 2.318/86) | H45: 0.01 | I45: =$I$40*H45 -> 24.206
A46: 4 | B46: INCRA (art. 15I, Lei Complementar nº 011/71) | H46: 0.002 | I46: =$I$40*H46 -> 4.8412
A47: 5 | B47: SALÁRIO EDUCAÇÃO (art. , inc. I, Decreto nº 87.043/82) | H47: 0.025 | I47: =$I$40*H47 -> 60.515
A48: 6 | B48: FGTS (art. 15, Lei nº 8.036/90) | H48: 0.08 | I48: =$I$40*H48 -> 193.648
A49: 7 | B49: SEG. ACIDENTE DO TRABALHO 1%, 2% e 3% (art. 22, inc. II, alíneas "b" e "c", da Lei nº 8.212/91) | H49: 0.03 | I49: =$I$40*H49 -> 72.618
A50: 8 | B50: SEBRAE (§ 3º, art. 8º, Lei nº 8.029/90) | H50: 0.006 | I50: =$I$40*H50 -> 14.5236
A51: Total do Grupo II | H51: =SUM(H43:H50) -> 0.368 | I51: =SUM(I43:I50) -> 890.7808
A52: Os percentuais para o SAT podem variar de 0,50% a 6,00% em função do Fator de Acidente Previdenciário (FAP), Decreto nº 6.957/2009
A53: Deverá obrigatoriamente acompanhar a proposta de preços e a planilha de custos e formação de preços a prova do Fator Acidentário de Prevenção – FAP por meio de impressão de consulta ao site do Ministério da Previdência Social (que pode ser obtido no endereço eletrônico http://www2.dataprev.gov.br/fap/fap.htm), independentemente de alteração da alíquota da parcela do Seguro Acidente de Trabalho disposta no Quadro II da referida planilha.
A54: III | B54: Encargos Sociais - Grupo III: Tempo Não Trabalhado | H54: % | I54: Valor Mensal/unidade de serviço (R$)
A55: 1 | B55: FÉRIAS GOZADAS + ADICIONAL DE FÉRIAS | H55: 0.119314 | I55: =$I$40*H55 -> 288.81147
A56: 2 | B56: FALTAS ABONADAS (3) | H56: 0.020479 | I56: =$I$40*H56 -> 49.571467
A57: 3 | B57: FALTAS LEGAIS (4) | H57: 0.012123 | I57: =$I$40*H57 -> 29.344934
A58: 4 | B58: LICENÇA MATERNIDADE | H58: 0.011436 | I58: =$I$40*H58 -> 27.681982
A59: 5 | B59: LICENÇA PATERNIDADE | H59: 0.000174 | I59: =$I$40*H59 -> 0.4211844
A60: 6 | B60: ACIDENTE DE TRABALHO | H60: 0.000442 | I60: =$I$40*H60 -> 1.0699052
A61: 7 | B61: AVISO PRÉVIO TRABALHADO | H61: 0.000185 | I61: =$I$40*H61 -> 0.447811
A62: 8 | B62: 13º SALÁRIO | H62: 0.09079 | I62: =$I$40*H62 -> 219.76627
A63: Total do Grupo III | H63: =SUM(H55:H62) -> 0.254943 | I63: =SUM(I55:I62) -> 617.11503
A64: (3) | B64: Faltas Justificadas por Auxílio Doença
A65: (4) | B65: Faltas Legais - Art. 473 CLT
A66: IV | B66: Encargos Sociais - Grupo IV: Indenizações | H66: % | I66: Valor Mensal/unidade de serviço (R$)
A67: 1 | B67: INDENIZAÇÕES | H67: 0.023627 | I67: =$I$40*H67 -> 57.191516
A68: 2 | B68: FGTS SOBRE INDENIZAÇÕES | H68: 0.001717 | I68: =$I$40*H68 -> 4.1561702
A69: 3 | B69: INDENIZAÇÃO COMPENSATÓRIA POR DEMISSÃO SEM JUSTA CAUSA | H69: 0.009451 | I69: =$I$40*H69 -> 22.877091
A70: Total do Grupo IV | H70: =SUM(H67:H69) -> 0.034795 | I70: =SUM(I67:I69) -> 84.224777
A72: V | B72: Encargos Sociais - Grupo V: Incidências | H72: % | I72: Valor Mensal/unidade de serviço (R$)
A73: 1 | B73: INCIDÊNCIA GRUPO II (Obrigações Sociais) X GRUPO III (Tempo Não Trabalhado) | H73: =(H51*H63) -> 0.093819024 | I73: =$I$40*H73 -> 227.09833
A74: Total do Grupo V | H74: =SUM(H73:H73) -> 0.093819024 | I74: =I73 -> 227.09833
A76: TOTAL DOS ENCAGOS SOCIAIS (II + III + IV + V) | H76: =H51+H63+H70+H74 -> 0.75155702 | I76: =I51+I63+I70+I74 -> 1819.2189
A78: VI | B78: Demais custos relativos à Norma Coletiva ou Disposições Legais - Grupo VI | H78: % | I78: Valor Mensal/unidade de serviço (R$)
A79: 1 | B79: Auxílio Alimentação | H79: =I79/$I$40 -> 0.007398992 | I79: =I97 -> 17.91
A80: =A79+1 -> 2 | B80: Auxílio Lanche | H80: =I80/$I$40 -> 0 | I80: =I93 -> 0
A81: =A80+1 -> 3 | B81: Plano de Saúde | H81: =I81/$I$40 -> 0 | I81: 0
A82: =A81+1 -> 4 | B82: Vale-Transporte⁽⁵⁾ | H82: =I82/$I$40 -> 0.026555399 | I82: =I89 -> 64.28
A83: =A82+1 -> 5 | B83: Adicional Intervalar | H83: =I83/$I$40 -> 0 | I83: =IF(I26="Não aplicável",0,((I10/H10)*1.5*I26)) -> 0
A84: =A83+1 -> 6 | B84: Outros | H84: =I84/$I$40 -> 0 | I84: =IF(I21="Não aplicável",0,I21) -> 0
A85: Total do Grupo VI | H85: =SUM(H79:H84) -> 0.033954391 | I85: =SUM(I79:I84) -> 82.19
A86: (5) | B86: O valor do vale-transporte pode variar de acordo com o modal fornecido pelo empregador.
A87: MEMÓRIA DE CÁLCULO DO VALE TRANSPORTE
A88: Valor Unitário | C88: Dias de Trabalho | D88: Vale p/dia | E88: Custo total | F88: Base de cálculo | G88: Percentual de desconto | H88: Valor desconto | I88: Custo efetivo
A89: =I12 -> 4 | C89: =I13 -> 22 | D89: 2 | E89: =A89*C89*D89 -> 176 | F89: =I31 -> 1862 | G89: =I14 -> 0.06 | H89: =F89*G89 -> 111.72 | I89: =IF((E89-H89)>0,E89-H89,0) -> 64.28
A91: MEMÓRIA DE CÁLCULO DO VALE LANCHE
A92: Valor Unitário | C92: Dias por mês | D92: Vale p/dia | E92: Custo total | F92: Base de cálculo | G92: Percentual de desconto | H92: Valor desconto | I92: Custo efetivo
A93: =I18 -> 0 | C93: =I19 -> 0 | D93: 1 | E93: =A93*C93*D93 -> 0 | F93: =E93 -> 0 | G93: =I20 -> 0 | H93: =F93*G93 -> 0 | I93: =E93-H93 -> 0
A95: MEMÓRIA DE CÁLCULO DO | F95: =A15 -> Cesta Básica
A96: Valor Unitário | C96: Dias por mês | D96: Vale p/dia | E96: Custo total | F96: Base de cálculo | G96: Percentual de desconto | H96: =H88 -> Valor desconto | I96: Custo efetivo
A97: =I15 -> 17.91 | C97: =I16 -> 1 | D97: 1 | E97: =A97*C97*D97 -> 17.91 | F97: =E97 -> 17.91 | G97: =I17 -> 0 | H97: =F97*G97 -> 0 | I97: =E97-H97 -> 17.91
A99: TOTAL DO MONTANTE A (I + II + III+ IV + V +VI) | H99: =H40+H76+H85 -> 1.7855114 | I99: =I40+I76+I85 -> 4322.0089
A101: MONTANTE B
A102: I | B102: Despesas Diretas | H102: % | I102: Valor Mensal/unidade de serviço (R$)
A103: 1 | B103: Transporte (6) | H103: =I103/$I$114 -> 0 | I103: 0
A104: 2 | B104: Uniformes/EPI (6a) | H104: =I104/$I$114 -> 0 | I104: 0
A105: 3 | B105: Seguro de vida | H105: =I105/$I$114 -> 0 | I105: 0
A106: 4 | B106: Materiais/Equipamentos | H106: =I106/$I$114 -> 0 | I106: 0
A107: 5 | B107: Mobilização (7) | H107: =I107/$I$114 -> 0 | I107: 0
A108: 6 | B108: Outros (especificar) | H108: =I108/$I$114 -> 0 | I108: 0
A109: Total de Despesas Diretas | H109: =H103+H104+H105+H106+H107+H108 -> 0 | I109: =SUM(I103:I108) -> 0
B110: (6) Somente será preenchido quando o licitante fornecer transporte próprio (6a) EPI - Equipamento de Proteção Individual (7) Tais custos de mobilização não são renováveis, devendo ser eliminados após o primeiro ano de contrato caso haja prorrogação
...

Sheet Encanador Instalador Hidráulico
A1: PLANILHA DE CUSTOS E FORMAÇÃO DE PREÇOS DE SERVIÇOS CONTINUADOS COM DEDICAÇÃO EXCLUSIVA DE MÃO DE OBRA (ANEXO III - DECRETO 52.768 de 15.12.2015)
A2: PROCESSO: | C2: 24/1502-0000350-3 | E2: REGIME DE TRIBUTAÇÃO: LUCRO REAL
A3: LICITAÇÃO/EDITAL | E3: ABERTURA:
A5: Cargo/Função: | D5: Encanador/Instalador Hidráulico | G5: =IF(D6="12x36","Regime de trabalho:","Quantidade de HORAS/MÊS") -> Quantidade de HORAS/MÊS | I5: =IF(D6="12x36",D6,5*D6) -> 200
A6: =IF(D6="12x36","Regime de trabalho:","Regime de trabalho (horas semanais):") -> Regime de trabalho (horas semanais): | D6: 40
A7: Convenção Coletiva de Trabalho: | D7: SITICOM- RS000238/2024 | G7: INSALUBRIDADE (10%, 20%, 40%) | I7: Não aplicável
A8: Origem do salário: | D8: CCT
A9: Cidade: | D9: Esteio/RS | G9: PERICULOSIDADE (30%) | I9: Não aplicável
A10: Salário Normativo | G10: Vlr. do salário e nº de horas correspondentes | H10: 200 | I10: 1496
A11: ISS | G11: =D9 -> Esteio/RS | H11: Alíquota | I11: 0.02
A12: Tarifa Transporte | G12: CCT | H12: Vr. Unitário | I12: 4
H13: Dias | I13: 22
H14: Desconto | I14: 0.06
A15: Cesta Básica | G15: CCT | H15: Vr. Unitário | I15: 17.91
H16: Dias | I16: 1
H17: Desconto | I17: 0
A18: Auxílio Lanche | G18: CCT | H18: Vr. Unitário | I18: 0
H19: Dias | I19: 0
H20: Desconto | I20: 0
A21: Outros benefícios que refletem na planilha de custos, caso constem na CCT. Obs.: PARA POSTOS REFERENTE A CCT DA SINDASSEIO E SEEAC (LIMPEZA E OUTROS), UTILIZAR ESTE CAMPO PARA O PLANO DE BENEFÍCIO SOCIAL FAMILIAR. | G21: CCT | H21: Valor mensal | I21: Não aplicável
A22: Adicional de Supervisor (37%) | H22: Porcentagem | I22: Não aplicável
A23: Base de cálculo da insalubridade | H23: Valor | I23: Não aplicável
A24: Quantitativo de horas trabalhadas em feriados no mês (estimado) - Não aplicável para postos 12x36 | H24: Horas por mês | I24: Não aplicável
H25: Acréscimo da hora extra | I25: Não aplicável
A26: Hora Intervalar (somente para postos 12x36, quando for o caso) | H26: Horas por mês | I26: Não aplicável
A27: Sem fornecimento de materiais ou apenas fornecimento de EPIs ou uniformes, utilizar 10%. Com fornecimento de materiais ou equipamentos, utilizar 20%. (Decreto 52.768/2015, alterado pelo Decreto 53.424/2017) | H27: Porcentagem | I27: 0.2
A29: MONTANTE A
A30: I | B30: Remuneração - Grupo I | H30: % | I30: Valor Mensal/unidade de serviço (R$)
A31: 1 | B31: Salário | H31: =I31/$I$40 -> 1 | I31: =IF(D6="12x36",I10,I10/H10*I5) -> 1496
A32: =A31+1 -> 2 | B32: Adicional Periculosidade 30% (Ver súmulas 364, 132 e 191 do TST) | H32: =I32/$I$40 -> 0 | I32: =IF(I9=30%,I31*I9,0) -> 0
A33: =A32+1 -> 3 | B33: Adicional Insalubridade 10% (Ver súmula 228 e 139 TST) | H33: =I33/$I$40 -> 0 | I33: =IF(I7=10%,I23*I7,0) -> 0
A34: =A33+1 -> 4 | B34: Adicional Insalubridade 20% (Ver súmula 228 e 139 TST) | H34: =I34/$I$40 -> 0 | I34: =IF(I7=20%,I23*I7,0) -> 0
A35: =A34+1 -> 5 | B35: Adicional Insalubridade 40% (Ver súmula 228 e 139 TST) | H35: =I35/$I$40 -> 0 | I35: =IF(I7=40%,I23*I7,0) -> 0
A36: =A35+1 -> 6 | B36: Adicional de Supervisor (IN 05/2017 MPOG SLTI) | H36: =I36/$I$40 -> 0 | I36: =IF(I22="Não aplicável",0,I31*I22) -> 0
A37: =A36+1 -> 7 | B37: Feriados | H37: =I37/$I$40 -> 0 | I37: =IF(I24="Não aplicável",0,(I31+I32+I33+I34+I35+I36+I39)/I5*I24*(1+I25)) -> 0
A38: =A37+1 -> 8 | B38: DSR = número total das horas extras do mês / número de dias úteis X domingos e feriados do mês X valor da hora extra com acréscimo | H38: =I38/$I$40 -> 0 | I38: =IF(I24="Não aplicável",0,I24/I13*5*(I10/H10*(1+I25))) -> 0
A39: =A38+1 -> 9 | B39: =IF(D6="12x36","Para postos 12x36 os feriados são considerados compensados, conforme parágrafo único, Art. 59-A da CLT","Outros") -> Outros | H39: =I39/$I$40 -> 0 | I39: 0
A40: Total de Remuneração | H40: =SUM(H31:H39) -> 1 | I40: =SUM(I31:I39) -> 1496
A42: II | B42: Encargos Sociais - Grupo II: Obrigações Sociais | H42: % | I42: Valor Mensal/unidade de serviço (R$)
A43: 1 | B43: INSS (art. 22, inc. I, Lei nº 8.212/91) | H43: 0.2 | I43: =$I$40*H43 -> 299.2
A44: 2 | B44: SESI ou SESC (art. 30, Lei nº 8.036/90) | H44: 0.015 | I44: =$I$40*H44 -> 22.44
A45: 3 | B45: SENAI ou SENAC (Decreto-Lei nº 2.318/86) | H45: 0.01 | I45: =$I$40*H45 -> 14.96
A46: 4 | B46: INCRA (art. 15I, Lei Complementar nº 011/71) | H46: 0.002 | I46: =$I$40*H46 -> 2.992
A47: 5 | B47: SALÁRIO EDUCAÇÃO (art. , inc. I, Decreto nº 87.043/82) | H47: 0.025 | I47: =$I$40*H47 -> 37.4
A48: 6 | B48: FGTS (art. 15, Lei nº 8.036/90) | H48: 0.08 | I48: =$I$40*H48 -> 119.68
A49: 7 | B49: SEG. ACIDENTE DO TRABALHO 1%, 2% e 3% (art. 22, inc. II, alíneas "b" e "c", da Lei nº 8.212/91) | H49: 0.03 | I49: =$I$40*H49 -> 44.88
A50: 8 | B50: SEBRAE (§ 3º, art. 8º, Lei nº 8.029/90) | H50: 0.006 | I50: =$I$40*H50 -> 8.976
A51: Total do Grupo II | H51: =SUM(H43:H50) -> 0.368 | I51: =SUM(I43:I50) -> 550.528
A52: Os percentuais para o SAT podem variar de 0,50% a 6,00% em função do Fator de Acidente Previdenciário (FAP), Decreto nº 6.957/2009
A53: Deverá obrigatoriamente acompanhar a proposta de preços e a planilha de custos e formação de preços a prova do Fator Acidentário de Prevenção – FAP por meio de impressão de consulta ao site do Ministério da Previdência Social (que pode ser obtido no endereço eletrônico http://www2.dataprev.gov.br/fap/fap.htm), independentemente de alteração da alíquota da parcela do Seguro Acidente de Trabalho disposta no Quadro II da referida planilha.
A54: III | B54: Encargos Sociais - Grupo III: Tempo Não Trabalhado | H54: % | I54: Valor Mensal/unidade de serviço (R$)
A55: 1 | B55: FÉRIAS GOZADAS + ADICIONAL DE FÉRIAS | H55: 0.119314 | I55: =$I$40*H55 -> 178.49374
A56: 2 | B56: FALTAS ABONADAS (3) | H56: 0.020479 | I56: =$I$40*H56 -> 30.636584
A57: 3 | B57: FALTAS LEGAIS (4) | H57: 0.012123 | I57: =$I$40*H57 -> 18.136008
A58: 4 | B58: LICENÇA MATERNIDADE | H58: 0.011436 | I58: =$I$40*H58 -> 17.108256
A59: 5 | B59: LICENÇA PATERNIDADE | H59: 0.000174 | I59: =$I$40*H59 -> 0.260304
A60: 6 | B60: ACIDENTE DE TRABALHO | H60: 0.000442 | I60: =$I$40*H60 -> 0.661232
A61: 7 | B61: AVISO PRÉVIO TRABALHADO | H61: 0.000185 | I61: =$I$40*H61 -> 0.27676
A62: 8 | B62: 13º SALÁRIO | H62: 0.09079 | I62: =$I$40*H62 -> 135.82184
A63: Total do Grupo III | H63: =SUM(H55:H62) -> 0.254943 | I63: =SUM(I55:I62) -> 381.39473
A64: (3) | B64: Faltas Justificadas por Auxílio Doença
A65: (4) | B65: Faltas Legais - Art. 473 CLT
A66: IV | B66: Encargos Sociais - Grupo IV: Indenizações | H66: % | I66: Valor Mensal/unidade de serviço (R$)
A67: 1 | B67: INDENIZAÇÕES | H67: 0.023627 | I67: =$I$40*H67 -> 35.345992
A68: 2 | B68: FGTS SOBRE INDENIZAÇÕES | H68: 0.001717 | I68: =$I$40*H68 -> 2.568632
A69: 3 | B69: INDENIZAÇÃO COMPENSATÓRIA POR DEMISSÃO SEM JUSTA CAUSA | H69: 0.009451 | I69: =$I$40*H69 -> 14.138696
A70: Total do Grupo IV | H70: =SUM(H67:H69) -> 0.034795 | I70: =SUM(I67:I69) -> 52.05332
A72: V | B72: Encargos Sociais - Grupo V: Incidências | H72: % | I72: Valor Mensal/unidade de serviço (R$)
A73: 1 | B73: INCIDÊNCIA GRUPO II (Obrigações Sociais) X GRUPO III (Tempo Não Trabalhado) | H73: =(H51*H63) -> 0.093819024 | I73: =$I$40*H73 -> 140.35326
A74: Total do Grupo V | H74: =SUM(H73:H73) -> 0.093819024 | I74: =I73 -> 140.35326
A76: TOTAL DOS ENCAGOS SOCIAIS (II + III + IV + V) | H76: =H51+H63+H70+H74 -> 0.75155702 | I76: =I51+I63+I70+I74 -> 1124.3293
A78: VI | B78: Demais custos relativos à Norma Coletiva ou Disposições Legais - Grupo VI | H78: % | I78: Valor Mensal/unidade de serviço (R$)
A79: 1 | B79: Auxílio Alimentação | H79: =I79/$I$40 -> 0.011971925 | I79: =I97 -> 17.91
A80: =A79+1 -> 2 | B80: Auxílio Lanche | H80: =I80/$I$40 -> 0 | I80: =I93 -> 0
A81: =A80+1 -> 3 | B81: Plano de Saúde | H81: =I81/$I$40 -> 0 | I81: 0
A82: =A81+1 -> 4 | B82: Vale-Transporte⁽⁵⁾ | H82: =I82/$I$40 -> 0.057647059 | I82: =I89 -> 86.24
A83: =A82+1 -> 5 | B83: Adicional Intervalar | H83: =I83/$I$40 -> 0 | I83: =IF(I26="Não aplicável",0,((I10/H10)*1.5*I26)) -> 0
A84: =A83+1 -> 6 | B84: Outros | H84: =I84/$I$40 -> 0 | I84: =IF(I21="Não aplicável",0,I21) -> 0
A85: Total do Grupo VI | H85: =SUM(H79:H84) -> 0.069618984 | I85: =SUM(I79:I84) -> 104.15
A86: (5) | B86: O valor do vale-transporte pode variar de acordo com o modal fornecido pelo empregador.
A87: MEMÓRIA DE CÁLCULO DO VALE TRANSPORTE
A88: Valor Unitário | C88: Dias de Trabalho | D88: Vale p/dia | E88: Custo total | F88: Base de cálculo | G88: Percentual de desconto | H88: Valor desconto | I88: Custo efetivo
A89: =I12 -> 4 | C89: =I13 -> 22 | D89: 2 | E89: =A89*C89*D89 -> 176 | F89: =I31 -> 1496 | G89: =I14 -> 0.06 | H89: =F89*G89 -> 89.76 | I89: =IF((E89-H89)>0,E89-H89,0) -> 86.24
A91: MEMÓRIA DE CÁLCULO DO VALE LANCHE
A92: Valor Unitário | C92: Dias por mês | D92: Vale p/dia | E92: Custo total | F92: Base de cálculo | G92: Percentual de desconto | H92: Valor desconto | I92: Custo efetivo
A93: =I18 -> 0 | C93: =I19 -> 0 | D93: 1 | E93: =A93*C93*D93 -> 0 | F93: =E93 -> 0 | G93: =I20 -> 0 | H93: =F93*G93 -> 0 | I93: =E93-H93 -> 0
A95: MEMÓRIA DE CÁLCULO DO | F95: =A15 -> Cesta Básica
A96: Valor Unitário | C96: Dias por mês | D96: Vale p/dia | E96: Custo total | F96: Base de cálculo | G96: Percentual de desconto | H96: =H88 -> Valor desconto | I96: Custo efetivo
A97: =I15 -> 17.91 | C97: =I16 -> 1 | D97: 1 | E97: =A97*C97*D97 -> 17.91 | F97: =E97 -> 17.91 | G97: =I17 -> 0 | H97: =F97*G97 -> 0 | I97: =E97-H97 -> 17.91
A99: TOTAL DO MONTANTE A (I + II + III+ IV + V +VI) | H99: =H40+H76+H85 -> 1.821176 | I99: =I40+I76+I85 -> 2724.4793
A101: MONTANTE B
A102: I | B102: Despesas Diretas | H102: % | I102: Valor Mensal/unidade de serviço (R$)
A103: 1 | B103: Transporte (6) | H103: =I103/$I$114 -> 0 | I103: 0
A104: 2 | B104: Uniformes/EPI (6a) | H104: =I104/$I$114 -> 0 | I104: 0
A105: 3 | B105: Seguro de vida | H105: =I105/$I$114 -> 0 | I105: 0
A106: 4 | B106: Materiais/Equipamentos | H106: =I106/$I$114 -> 0 | I106: 0
A107: 5 | B107: Mobilização (7) | H107: =I107/$I$114 -> 0 | I107: 0
A108: 6 | B108: Outros (especificar) | H108: =I108/$I$114 -> 0 | I108: 0
A109: Total de Despesas Diretas | H109: =H103+H104+H105+H106+H107+H108 -> 0 | I109: =SUM(I103:I108) -> 0
B110: (6) Somente será preenchido quando o licitante fornecer transporte próprio (6a) EPI - Equipamento de Proteção Individual (7) Tais custos de mobilização não são renováveis, devendo ser eliminados após o primeiro ano de contrato caso haja prorrogação
...

Sheet Jardineiro
A1: PLANILHA DE CUSTOS E FORMAÇÃO DE PREÇOS DE SERVIÇOS CONTINUADOS COM DEDICAÇÃO EXCLUSIVA DE MÃO DE OBRA (ANEXO III - DECRETO 52.768 de 15.12.2015)
A2: PROCESSO: | C2: 24/1502-0000350-3 | E2: REGIME DE TRIBUTAÇÃO: LUCRO REAL
A3: LICITAÇÃO/EDITAL | E3: ABERTURA:
A5: Cargo/Função: | D5: Jardineiro | G5: =IF(D6="12x36","Regime de trabalho:","Quantidade de HORAS/MÊS") -> Quantidade de HORAS/MÊS | I5: =IF(D6="12x36",D6,5*D6) -> 200
A6: =IF(D6="12x36","Regime de trabalho:","Regime de trabalho (horas semanais):") -> Regime de trabalho (horas semanais): | D6: 40
A7: Convenção Coletiva de Trabalho: | D7: SINDIASSEIO - RS000045/2024 | G7: INSALUBRIDADE (10%, 20%, 40%) | I7: 0.2
A8: Origem do salário: | D8: CCT
A9: Cidade: | D9: Esteio/RS | G9: PERICULOSIDADE (30%) | I9: Não aplicável
A10: Salário Normativo | G10: Vlr. do salário e nº de horas correspondentes | H10: 220 | I10: 1540.51
A11: ISS | G11: =D9 -> Esteio/RS | H11: Alíquota | I11: 0.02
A12: Tarifa Transporte | G12: CCT | H12: Vr. Unitário | I12: 4
H13: Dias | I13: 22
H14: Desconto | I14: 0.06
A15: Auxílio Alimentação | G15: CCT | H15: Vr. Unitário | I15: 23.68
H16: Dias | I16: 22
H17: Desconto | I17: 0.19
A18: Auxílio Lanche | G18: CCT | H18: Vr. Unitário | I18: 0
H19: Dias | I19: 0
H20: Desconto | I20: 0
A21: Outros benefícios que refletem na planilha de custos, caso constem na CCT. Obs.: PARA POSTOS REFERENTE A CCT DA SINDASSEIO E SEEAC (LIMPEZA E OUTROS), UTILIZAR ESTE CAMPO PARA O PLANO DE BENEFÍCIO SOCIAL FAMILIAR. | G21: CCT | H21: Valor mensal | I21: 19.42
A22: Adicional de Supervisor (37%) | H22: Porcentagem | I22: Não aplicável
A23: Base de cálculo da insalubridade | H23: Valor | I23: 1400.46
A24: Quantitativo de horas trabalhadas em feriados no mês (estimado) - Não aplicável para postos 12x36 | H24: Horas por mês | I24: Não aplicável
H25: Acréscimo da hora extra | I25: Não aplicável
A26: Hora Intervalar (somente para postos 12x36, quando for o caso) | H26: Horas por mês | I26: Não aplicável
A27: Sem fornecimento de materiais ou apenas fornecimento de EPIs ou uniformes, utilizar 10%. Com fornecimento de materiais ou equipamentos, utilizar 20%. (Decreto 52.768/2015, alterado pelo Decreto 53.424/2017) | H27: Porcentagem | I27: 0.2
A29: MONTANTE A
A30: I | B30: Remuneração - Grupo I | H30: % | I30: Valor Mensal/unidade de serviço (R$)
A31: 1 | B31: Salário | H31: =I31/$I$40 -> 0.83333369 | I31: =IF(D6="12x36",I10,I10/H10*I5) -> 1400.4636
A32: =A31+1 -> 2 | B32: Adicional Periculosidade 30% (Ver súmulas 364, 132 e 191 do TST) | H32: =I32/$I$40 -> 0 | I32: =IF(I9=30%,I31*I9,0) -> 0
A33: =A32+1 -> 3 | B33: Adicional Insalubridade 10% (Ver súmula 228 e 139 TST) | H33: =I33/$I$40 -> 0 | I33: =IF(I7=10%,I23*I7,0) -> 0
A34: =A33+1 -> 4 | B34: Adicional Insalubridade 20% (Ver súmula 228 e 139 TST) | H34: =I34/$I$40 -> 0.16666631 | I34: =IF(I7=20%,I23*I7,0) -> 280.092
A35: =A34+1 -> 5 | B35: Adicional Insalubridade 40% (Ver súmula 228 e 139 TST) | H35: =I35/$I$40 -> 0 | I35: =IF(I7=40%,I23*I7,0) -> 0
A36: =A35+1 -> 6 | B36: Adicional de Supervisor (IN 05/2017 MPOG SLTI) | H36: =I36/$I$40 -> 0 | I36: =IF(I22="Não aplicável",0,I31*I22) -> 0
A37: =A36+1 -> 7 | B37: Feriados | H37: =I37/$I$40 -> 0 | I37: =IF(I24="Não aplicável",0,(I31+I32+I33+I34+I35+I36+I39)/I5*I24*(1+I25)) -> 0
A38: =A37+1 -> 8 | B38: DSR = número total das horas extras do mês / número de dias úteis X domingos e feriados do mês X valor da hora extra com acréscimo | H38: =I38/$I$40 -> 0 | I38: =IF(I24="Não aplicável",0,I24/I13*5*(I10/H10*(1+I25))) -> 0
A39: =A38+1 -> 9 | B39: =IF(D6="12x36","Para postos 12x36 os feriados são considerados compensados, conforme parágrafo único, Art. 59-A da CLT","Outros") -> Outros | H39: =I39/$I$40 -> 0 | I39: 0
A40: Total de Remuneração | H40: =SUM(H31:H39) -> 1 | I40: =SUM(I31:I39) -> 1680.5556
A42: II | B42: Encargos Sociais - Grupo II: Obrigações Sociais | H42: % | I42: Valor Mensal/unidade de serviço (R$)
A43: 1 | B43: INSS (art. 22, inc. I, Lei nº 8.212/91) | H43: 0.2 | I43: =$I$40*H43 -> 336.11113
A44: 2 | B44: SESI ou SESC (art. 30, Lei nº 8.036/90) | H44: 0.015 | I44: =$I$40*H44 -> 25.208335
A45: 3 | B45: SENAI ou SENAC (Decreto-Lei nº 2.318/86) | H45: 0.01 | I45: =$I$40*H45 -> 16.805556
A46: 4 | B46: INCRA (art. 15I, Lei Complementar nº 011/71) | H46: 0.002 | I46: =$I$40*H46 -> 3.3611113
A47: 5 | B47: SALÁRIO EDUCAÇÃO (art. , inc. I, Decreto nº 87.043/82) | H47: 0.025 | I47: =$I$40*H47 -> 42.013891
A48: 6 | B48: FGTS (art. 15, Lei nº 8.036/90) | H48: 0.08 | I48: =$I$40*H48 -> 134.44445
A49: 7 | B49: SEG. ACIDENTE DO TRABALHO 1%, 2% e 3% (art. 22, inc. II, alíneas "b" e "c", da Lei nº 8.212/91) | H49: 0.03 | I49: =$I$40*H49 -> 50.416669
A50: 8 | B50: SEBRAE (§ 3º, art. 8º, Lei nº 8.029/90) | H50: 0.006 | I50: =$I$40*H50 -> 10.083334
A51: Total do Grupo II | H51: =SUM(H43:H50) -> 0.368 | I51: =SUM(I43:I50) -> 618.44447
A52: Os percentuais para o SAT podem variar de 0,50% a 6,00% em função do Fator de Acidente Previdenciário (FAP), Decreto nº 6.957/2009
A53: Deverá obrigatoriamente acompanhar a proposta de preços e a planilha de custos e formação de preços a prova do Fator Acidentário de Prevenção – FAP por meio de impressão de consulta ao site do Ministério da Previdência Social (que pode ser obtido no endereço eletrônico http://www2.dataprev.gov.br/fap/fap.htm), independentemente de alteração da alíquota da parcela do Seguro Acidente de Trabalho disposta no Quadro II da referida planilha.
A54: III | B54: Encargos Sociais - Grupo III: Tempo Não Trabalhado | H54: % | I54: Valor Mensal/unidade de serviço (R$)
A55: 1 | B55: FÉRIAS GOZADAS + ADICIONAL DE FÉRIAS | H55: 0.119314 | I55: =$I$40*H55 -> 200.51382
A56: 2 | B56: FALTAS ABONADAS (3) | H56: 0.020479 | I56: =$I$40*H56 -> 34.416099
A57: 3 | B57: FALTAS LEGAIS (4) | H57: 0.012123 | I57: =$I$40*H57 -> 20.373376
A58: 4 | B58: LICENÇA MATERNIDADE | H58: 0.011436 | I58: =$I$40*H58 -> 19.218834
A59: 5 | B59: LICENÇA PATERNIDADE | H59: 0.000174 | I59: =$I$40*H59 -> 0.29241668
A60: 6 | B60: ACIDENTE DE TRABALHO | H60: 0.000442 | I60: =$I$40*H60 -> 0.74280559
A61: 7 | B61: AVISO PRÉVIO TRABALHADO | H61: 0.000185 | I61: =$I$40*H61 -> 0.31090279
A62: 8 | B62: 13º SALÁRIO | H62: 0.09079 | I62: =$I$40*H62 -> 152.57765
A63: Total do Grupo III | H63: =SUM(H55:H62) -> 0.254943 | I63: =SUM(I55:I62) -> 428.4459
A64: (3) | B64: Faltas Justificadas por Auxílio Doença
A65: (4) | B65: Faltas Legais - Art. 473 CLT
A66: IV | B66: Encargos Sociais - Grupo IV: Indenizações | H66: % | I66: Valor Mensal/unidade de serviço (R$)
A67: 1 | B67: INDENIZAÇÕES | H67: 0.023627 | I67: =$I$40*H67 -> 39.706488
A68: 2 | B68: FGTS SOBRE INDENIZAÇÕES | H68: 0.001717 | I68: =$I$40*H68 -> 2.885514
A69: 3 | B69: INDENIZAÇÃO COMPENSATÓRIA POR DEMISSÃO SEM JUSTA CAUSA | H69: 0.009451 | I69: =$I$40*H69 -> 15.882931
A70: Total do Grupo IV | H70: =SUM(H67:H69) -> 0.034795 | I70: =SUM(I67:I69) -> 58.474933
A72: V | B72: Encargos Sociais - Grupo V: Incidências | H72: % | I72: Valor Mensal/unidade de serviço (R$)
A73: 1 | B73: INCIDÊNCIA GRUPO II (Obrigações Sociais) X GRUPO III (Tempo Não Trabalhado) | H73: =(H51*H63) -> 0.093819024 | I73: =$I$40*H73 -> 157.66809
A74: Total do Grupo V | H74: =SUM(H73:H73) -> 0.093819024 | I74: =I73 -> 157.66809
A76: TOTAL DOS ENCAGOS SOCIAIS (II + III + IV + V) | H76: =H51+H63+H70+H74 -> 0.75155702 | I76: =I51+I63+I70+I74 -> 1263.0334
A78: VI | B78: Demais custos relativos à Norma Coletiva ou Disposições Legais - Grupo VI | H78: % | I78: Valor Mensal/unidade de serviço (R$)
A79: 1 | B79: Auxílio Alimentação | H79: =I79/$I$40 -> 0.2510941 | I79: =I97 -> 421.9776
A80: =A79+1 -> 2 | B80: Auxílio Lanche | H80: =I80/$I$40 -> 0 | I80: =I93 -> 0
A81: =A80+1 -> 3 | B81: Plano de Saúde | H81: =I81/$I$40 -> 0 | I81: 0
A82: =A81+1 -> 4 | B82: Vale-Transporte⁽⁵⁾ | H82: =I82/$I$40 -> 0.054727246 | I82: =I89 -> 91.972182
A83: =A82+1 -> 5 | B83: Adicional Intervalar | H83: =I83/$I$40 -> 0 | I83: =IF(I26="Não aplicável",0,((I10/H10)*1.5*I26)) -> 0
A84: =A83+1 -> 6 | B84: Outros | H84: =I84/$I$40 -> 0.011555702 | I84: =IF(I21="Não aplicável",0,I21) -> 19.42
A85: Total do Grupo VI | H85: =SUM(H79:H84) -> 0.31737704 | I85: =SUM(I79:I84) -> 533.36978
A86: (5) | B86: O valor do vale-transporte pode variar de acordo com o modal fornecido pelo empregador.
A87: MEMÓRIA DE CÁLCULO DO VALE TRANSPORTE
A88: Valor Unitário | C88: Dias de Trabalho | D88: Vale p/dia | E88: Custo total | F88: Base de cálculo | G88: Percentual de desconto | H88: Valor desconto | I88: Custo efetivo
A89: =I12 -> 4 | C89: =I13 -> 22 | D89: 2 | E89: =A89*C89*D89 -> 176 | F89: =I31 -> 1400.4636 | G89: =I14 -> 0.06 | H89: =F89*G89 -> 84.027818 | I89: =IF((E89-H89)>0,E89-H89,0) -> 91.972182
A91: MEMÓRIA DE CÁLCULO DO VALE LANCHE
A92: Valor Unitário | C92: Dias por mês | D92: Vale p/dia | E92: Custo total | F92: Base de cálculo | G92: Percentual de desconto | H92: Valor desconto | I92: Custo efetivo
A93: =I18 -> 0 | C93: =I19 -> 0 | D93: 1 | E93: =A93*C93*D93 -> 0 | F93: =E93 -> 0 | G93: =I20 -> 0 | H93: =F93*G93 -> 0 | I93: =E93-H93 -> 0
A95: MEMÓRIA DE CÁLCULO DO | F95: =A15 -> Auxílio Alimentação
A96: Valor Unitário | C96: Dias por mês | D96: Vale p/dia | E96: Custo total | F96: Base de cálculo | G96: Percentual de desconto | H96: =H88 -> Valor desconto | I96: Custo efetivo
A97: =I15 -> 23.68 | C97: =I16 -> 22 | D97: 1 | E97: =A97*C97*D97 -> 520.96 | F97: =E97 -> 520.96 | G97: =I17 -> 0.19 | H97: =F97*G97 -> 98.9824 | I97: =E97-H97 -> 421.9776
A99: TOTAL DO MONTANTE A (I + II + III+ IV + V +VI) | H99: =H40+H76+H85 -> 2.0689341 | I99: =I40+I76+I85 -> 3476.9588
A101: MONTANTE B
A102: I | B102: Despesas Diretas | H102: % | I102: Valor Mensal/unidade de serviço (R$)
A103: 1 | B103: Transporte (6) | H103: =I103/$I$114 -> 0 | I103: 0
A104: 2 | B104: Uniformes/EPI (6a) | H104: =I104/$I$114 -> 0 | I104: 0
A105: 3 | B105: Seguro de vida | H105: =I105/$I$114 -> 0 | I105: 0
A106: 4 | B106: Materiais/Equipamentos | H106: =I106/$I$114 -> 0 | I106: 0
A107: 5 | B107: Mobilização (7) | H107: =I107/$I$114 -> 0 | I107: 0
A108: 6 | B108: Outros (especificar) | H108: =I108/$I$114 -> 0 | I108: 0
A109: Total de Despesas Diretas | H109: =H103+H104+H105+H106+H107+H108 -> 0 | I109: =SUM(I103:I108) -> 0
B110: (6) Somente será preenchido quando o licitante fornecer transporte próprio (6a) EPI - Equipamento de Proteção Individual (7) Tais custos de mobilização não são renováveis, devendo ser eliminados após o primeiro ano de contrato caso haja prorrogação
...

Sheet Mecânico
A1: PLANILHA DE CUSTOS E FORMAÇÃO DE PREÇOS DE SERVIÇOS CONTINUADOS COM DEDICAÇÃO EXCLUSIVA DE MÃO DE OBRA (ANEXO III - DECRETO 52.768 de 15.12.2015)
A2: PROCESSO: | C2: 24/1502-0000350-3 | E2: REGIME DE TRIBUTAÇÃO: LUCRO REAL
A3: LICITAÇÃO/EDITAL | E3: ABERTURA:
A5: Cargo/Função: | D5: Mecânico | G5: =IF(D6="12x36","Regime de trabalho:","Quantidade de HORAS/MÊS") -> Quantidade de HORAS/MÊS | I5: =IF(D6="12x36",D6,5*D6) -> 200
A6: =IF(D6="12x36","Regime de trabalho:","Regime de trabalho (horas semanais):") -> Regime de trabalho (horas semanais): | D6: 40
A7: Convenção Coletiva de Trabalho: | D7: SINDIMETAL RS003658/2024 | G7: INSALUBRIDADE (10%, 20%, 40%) | I7: Não aplicável
A8: Origem do salário: | D8: CCT
A9: Cidade: | D9: Esteio/RS | G9: PERICULOSIDADE (30%) | I9: Não aplicável
A10: Salário Normativo | G10: Vlr. do salário e nº de horas correspondentes | H10: 220 | I10: 3407.8
A11: ISS | G11: =D9 -> Esteio/RS | H11: Alíquota | I11: 0.02
A12: Tarifa Transporte | G12: CCT | H12: Vr. Unitário | I12: 4
H13: Dias | I13: 22
H14: Desconto | I14: 0.06
A15: Auxílio Alimentação | G15: CCT | H15: Vr. Unitário | I15: 0
H16: Dias | I16: 0
H17: Desconto | I17: 0
A18: Auxílio Lanche | G18: CCT | H18: Vr. Unitário | I18: 0
H19: Dias | I19: 0
H20: Desconto | I20: 0
A21: Outros benefícios que refletem na planilha de custos, caso constem na CCT. Obs.: PARA POSTOS REFERENTE A CCT DA SINDASSEIO E SEEAC (LIMPEZA E OUTROS), UTILIZAR ESTE CAMPO PARA O PLANO DE BENEFÍCIO SOCIAL FAMILIAR. | G21: CCT | H21: Valor mensal | I21: Não aplicável
A22: Adicional de Supervisor (37%) | H22: Porcentagem | I22: Não aplicável
A23: Base de cálculo da insalubridade | H23: Valor | I23: Não aplicável
A24: Quantitativo de horas trabalhadas em feriados no mês (estimado) - Não aplicável para postos 12x36 | H24: Horas por mês | I24: Não aplicável
H25: Acréscimo da hora extra | I25: Não aplicável
A26: Hora Intervalar (somente para postos 12x36, quando for o caso) | H26: Horas por mês | I26: Não aplicável
A27: Sem fornecimento de materiais ou apenas fornecimento de EPIs ou uniformes, utilizar 10%. Com fornecimento de materiais ou equipamentos, utilizar 20%. (Decreto 52.768/2015, alterado pelo Decreto 53.424/2017) | H27: Porcentagem | I27: 0.2
A29: MONTANTE A
A30: I | B30: Remuneração - Grupo I | H30: % | I30: Valor Mensal/unidade de serviço (R$)
A31: 1 | B31: Salário | H31: =I31/$I$40 -> 1 | I31: =IF(D6="12x36",I10,I10/H10*I5) -> 3098
A32: =A31+1 -> 2 | B32: Adicional Periculosidade 30% (Ver súmulas 364, 132 e 191 do TST) | H32: =I32/$I$40 -> 0 | I32: =IF(I9=30%,I31*I9,0) -> 0
A33: =A32+1 -> 3 | B33: Adicional Insalubridade 10% (Ver súmula 228 e 139 TST) | H33: =I33/$I$40 -> 0 | I33: =IF(I7=10%,I23*I7,0) -> 0
A34: =A33+1 -> 4 | B34: Adicional Insalubridade 20% (Ver súmula 228 e 139 TST) | H34: =I34/$I$40 -> 0 | I34: =IF(I7=20%,I23*I7,0) -> 0
A35: =A34+1 -> 5 | B35: Adicional Insalubridade 40% (Ver súmula 228 e 139 TST) | H35: =I35/$I$40 -> 0 | I35: =IF(I7=40%,I23*I7,0) -> 0
A36: =A35+1 -> 6 | B36: Adicional de Supervisor (IN 05/2017 MPOG SLTI) | H36: =I36/$I$40 -> 0 | I36: =IF(I22="Não aplicável",0,I31*I22) -> 0
A37: =A36+1 -> 7 | B37: Feriados | H37: =I37/$I$40 -> 0 | I37: =IF(I24="Não aplicável",0,(I31+I32+I33+I34+I35+I36+I39)/I5*I24*(1+I25)) -> 0
A38: =A37+1 -> 8 | B38: DSR = número total das horas extras do mês / número de dias úteis X domingos e feriados do mês X valor da hora extra com acréscimo | H38: =I38/$I$40 -> 0 | I38: =IF(I24="Não aplicável",0,I24/I13*5*(I10/H10*(1+I25))) -> 0
A39: =A38+1 -> 9 | B39: =IF(D6="12x36","Para postos 12x36 os feriados são considerados compensados, conforme parágrafo único, Art. 59-A da CLT","Outros") -> Outros | H39: =I39/$I$40 -> 0 | I39: 0
A40: Total de Remuneração | H40: =SUM(H31:H39) -> 1 | I40: =SUM(I31:I39) -> 3098
A42: II | B42: Encargos Sociais - Grupo II: Obrigações Sociais | H42: % | I42: Valor Mensal/unidade de serviço (R$)
A43: 1 | B43: INSS (art. 22, inc. I, Lei nº 8.212/91) | H43: 0.2 | I43: =$I$40*H43 -> 619.6
A44: 2 | B44: SESI ou SESC (art. 30, Lei nº 8.036/90) | H44: 0.015 | I44: =$I$40*H44 -> 46.47
A45: 3 | B45: SENAI ou SENAC (Decreto-Lei nº 2.318/86) | H45: 0.01 | I45: =$I$40*H45 -> 30.98
A46: 4 | B46: INCRA (art. 15I, Lei Complementar nº 011/71) | H46: 0.002 | I46: =$I$40*H46 -> 6.196
A47: 5 | B47: SALÁRIO EDUCAÇÃO (art. , inc. I, Decreto nº 87.043/82) | H47: 0.025 | I47: =$I$40*H47 -> 77.45
A48: 6 | B48: FGTS (art. 15, Lei nº 8.036/90) | H48: 0.08 | I48: =$I$40*H48 -> 247.84
A49: 7 | B49: SEG. ACIDENTE DO TRABALHO 1%, 2% e 3% (art. 22, inc. II, alíneas "b" e "c", da Lei nº 8.212/91) | H49: 0.03 | I49: =$I$40*H49 -> 92.94
A50: 8 | B50: SEBRAE (§ 3º, art. 8º, Lei nº 8.029/90) | H50: 0.006 | I50: =$I$40*H50 -> 18.588
A51: Total do Grupo II | H51: =SUM(H43:H50) -> 0.368 | I51: =SUM(I43:I50) -> 1140.064
A52: Os percentuais para o SAT podem variar de 0,50% a 6,00% em função do Fator de Acidente Previdenciário (FAP), Decreto nº 6.957/2009
A53: Deverá obrigatoriamente acompanhar a proposta de preços e a planilha de custos e formação de preços a prova do Fator Acidentário de Prevenção – FAP por meio de impressão de consulta ao site do Ministério da Previdência Social (que pode ser obtido no endereço eletrônico http://www2.dataprev.gov.br/fap/fap.htm), independentemente de alteração da alíquota da parcela do Seguro Acidente de Trabalho disposta no Quadro II da referida planilha.
A54: III | B54: Encargos Sociais - Grupo III: Tempo Não Trabalhado | H54: % | I54: Valor Mensal/unidade de serviço (R$)
A55: 1 | B55: FÉRIAS GOZADAS + ADICIONAL DE FÉRIAS | H55: 0.119314 | I55: =$I$40*H55 -> 369.63477
A56: 2 | B56: FALTAS ABONADAS (3) | H56: 0.020479 | I56: =$I$40*H56 -> 63.443942
A57: 3 | B57: FALTAS LEGAIS (4) | H57: 0.012123 | I57: =$I$40*H57 -> 37.557054
A58: 4 | B58: LICENÇA MATERNIDADE | H58: 0.011436 | I58: =$I$40*H58 -> 35.428728
A59: 5 | B59: LICENÇA PATERNIDADE | H59: 0.000174 | I59: =$I$40*H59 -> 0.539052
A60: 6 | B60: ACIDENTE DE TRABALHO | H60: 0.000442 | I60: =$I$40*H60 -> 1.369316
A61: 7 | B61: AVISO PRÉVIO TRABALHADO | H61: 0.000185 | I61: =$I$40*H61 -> 0.57313
A62: 8 | B62: 13º SALÁRIO | H62: 0.09079 | I62: =$I$40*H62 -> 281.26742
A63: Total do Grupo III | H63: =SUM(H55:H62) -> 0.254943 | I63: =SUM(I55:I62) -> 789.81341
A64: (3) | B64: Faltas Justificadas por Auxílio Doença
A65: (4) | B65: Faltas Legais - Art. 473 CLT
A66: IV | B66: Encargos Sociais - Grupo IV: Indenizações | H66: % | I66: Valor Mensal/unidade de serviço (R$)
A67: 1 | B67: INDENIZAÇÕES | H67: 0.023627 | I67: =$I$40*H67 -> 73.196446
A68: 2 | B68: FGTS SOBRE INDENIZAÇÕES | H68: 0.001717 | I68: =$I$40*H68 -> 5.319266
A69: 3 | B69: INDENIZAÇÃO COMPENSATÓRIA POR DEMISSÃO SEM JUSTA CAUSA | H69: 0.009451 | I69: =$I$40*H69 -> 29.279198
A70: Total do Grupo IV | H70: =SUM(H67:H69) -> 0.034795 | I70: =SUM(I67:I69) -> 107.79491
A72: V | B72: Encargos Sociais - Grupo V: Incidências | H72: % | I72: Valor Mensal/unidade de serviço (R$)
A73: 1 | B73: INCIDÊNCIA GRUPO II (Obrigações Sociais) X GRUPO III (Tempo Não Trabalhado) | H73: =(H51*H63) -> 0.093819024 | I73: =$I$40*H73 -> 290.65134
A74: Total do Grupo V | H74: =SUM(H73:H73) -> 0.093819024 | I74: =I73 -> 290.65134
A76: TOTAL DOS ENCAGOS SOCIAIS (II + III + IV + V) | H76: =H51+H63+H70+H74 -> 0.75155702 | I76: =I51+I63+I70+I74 -> 2328.3237
A78: VI | B78: Demais custos relativos à Norma Coletiva ou Disposições Legais - Grupo VI | H78: % | I78: Valor Mensal/unidade de serviço (R$)
A79: 1 | B79: Auxílio Alimentação | H79: =I79/$I$40 -> 0 | I79: =I97 -> 0
A80: =A79+1 -> 2 | B80: Auxílio Lanche | H80: =I80/$I$40 -> 0 | I80: =I93 -> 0
A81: =A80+1 -> 3 | B81: Plano de Saúde | H81: =I81/$I$40 -> 0 | I81: 0
A82: =A81+1 -> 4 | B82: Vale-Transporte⁽⁵⁾ | H82: =I82/$I$40 -> 0 | I82: =I89 -> 0
A83: =A82+1 -> 5 | B83: Adicional Intervalar | H83: =I83/$I$40 -> 0 | I83: =IF(I26="Não aplicável",0,((I10/H10)*1.5*I26)) -> 0
A84: =A83+1 -> 6 | B84: Outros | H84: =I84/$I$40 -> 0 | I84: =IF(I21="Não aplicável",0,I21) -> 0
A85: Total do Grupo VI | H85: =SUM(H79:H84) -> 0 | I85: =SUM(I79:I84) -> 0
A86: (5) | B86: O valor do vale-transporte pode variar de acordo com o modal fornecido pelo empregador.
A87: MEMÓRIA DE CÁLCULO DO VALE TRANSPORTE
A88: Valor Unitário | C88: Dias de Trabalho | D88: Vale p/dia | E88: Custo total | F88: Base de cálculo | G88: Percentual de desconto | H88: Valor desconto | I88: Custo efetivo
A89: =I12 -> 4 | C89: =I13 -> 22 | D89: 2 | E89: =A89*C89*D89 -> 176 | F89: =I31 -> 3098 | G89: =I14 -> 0.06 | H89: =F89*G89 -> 185.88 | I89: =IF((E89-H89)>0,E89-H89,0) -> 0
A91: MEMÓRIA DE CÁLCULO DO VALE LANCHE
A92: Valor Unitário | C92: Dias por mês | D92: Vale p/dia | E92: Custo total | F92: Base de cálculo | G92: Percentual de desconto | H92: Valor desconto | I92: Custo efetivo
A93: =I18 -> 0 | C93: =I19 -> 0 | D93: 1 | E93: =A93*C93*D93 -> 0 | F93: =E93 -> 0 | G93: =I20 -> 0 | H93: =F93*G93 -> 0 | I93: =E93-H93 -> 0
A95: MEMÓRIA DE CÁLCULO DO | F95: =A15 -> Auxílio Alimentação
A96: Valor Unitário | C96: Dias por mês | D96: Vale p/dia | E96: Custo total | F96: Base de cálculo | G96: Percentual de desconto | H96: =H88 -> Valor desconto | I96: Custo efetivo
A97: =I15 -> 0 | C97: =I16 -> 0 | D97: 1 | E97: =A97*C97*D97 -> 0 | F97: =E97 -> 0 | G97: =I17 -> 0 | H97: =F97*G97 -> 0 | I97: =E97-H97 -> 0
A99: TOTAL DO MONTANTE A (I + II + III+ IV + V +VI) | H99: =H40+H76+H85 -> 1.751557 | I99: =I40+I76+I85 -> 5426.3237
A101: MONTANTE B
A102: I | B102: Despesas Diretas | H102: % | I102: Valor Mensal/unidade de serviço (R$)
A103: 1 | B103: Transporte (6) | H103: =I103/$I$114 -> 0 | I103: 0
A104: 2 | B104: Uniformes/EPI (6a) | H104: =I104/$I$114 -> 0 | I104: 0
A105: 3 | B105: Seguro de vida | H105: =I105/$I$114 -> 0 | I105: 0
A106: 4 | B106: Materiais/Equipamentos | H106: =I106/$I$114 -> 0 | I106: 0
A107: 5 | B107: Mobilização (7) | H107: =I107/$I$114 -> 0 | I107: 0
A108: 6 | B108: Outros (especificar) | H108: =I108/$I$114 -> 0 | I108: 0
A109: Total de Despesas Diretas | H109: =H103+H104+H105+H106+H107+H108 -> 0 | I109: =SUM(I103:I108) -> 0
B110: (6) Somente será preenchido quando o licitante fornecer transporte próprio (6a) EPI - Equipamento de Proteção Individual (7) Tais custos de mobilização não são renováveis, devendo ser eliminados após o primeiro ano de contrato caso haja prorrogação
...

Sheet Operador de Máquina Leve
A1: PLANILHA DE CUSTOS E FORMAÇÃO DE PREÇOS DE SERVIÇOS CONTINUADOS COM DEDICAÇÃO EXCLUSIVA DE MÃO DE OBRA (ANEXO III - DECRETO 52.768 de 15.12.2015)
A2: PROCESSO: | C2: 24/1502-0000350-3 | E2: REGIME DE TRIBUTAÇÃO: LUCRO REAL
A3: LICITAÇÃO/EDITAL | E3: ABERTURA:
A5: Cargo/Função: | D5: Operador de Máquina Leve | G5: =IF(D6="12x36","Regime de trabalho:","Quantidade de HORAS/MÊS") -> Quantidade de HORAS/MÊS | I5: =IF(D6="12x36",D6,5*D6) -> 200
A6: =IF(D6="12x36","Regime de trabalho:","Regime de trabalho (horas semanais):") -> Regime de trabalho (horas semanais): | D6: 40
A7: Convenção Coletiva de Trabalho: | D7: SITICOM- RS000238/2024 | G7: INSALUBRIDADE (10%, 20%, 40%) | I7: Não aplicável
A8: Origem do salário: | D8: CCT
A9: Cidade: | D9: Esteio/RS | G9: PERICULOSIDADE (30%) | I9: Não aplicável
A10: Salário Normativo | G10: Vlr. do salário e nº de horas correspondentes | H10: 200 | I10: 1496
A11: ISS | G11: =D9 -> Esteio/RS | H11: Alíquota | I11: 0.02
A12: Tarifa Transporte | G12: CCT | H12: Vr. Unitário | I12: 4
H13: Dias | I13: 22
H14: Desconto | I14: 0.06
A15: Cesta Básica | G15: CCT | H15: Vr. Unitário | I15: 17.91
H16: Dias | I16: 1
H17: Desconto | I17: 0
A18: Auxílio Lanche | G18: CCT | H18: Vr. Unitário | I18: 0
H19: Dias | I19: 0
H20: Desconto | I20: 0
A21: Outros benefícios que refletem na planilha de custos, caso constem na CCT. Obs.: PARA POSTOS REFERENTE A CCT DA SINDASSEIO E SEEAC (LIMPEZA E OUTROS), UTILIZAR ESTE CAMPO PARA O PLANO DE BENEFÍCIO SOCIAL FAMILIAR. | G21: CCT | H21: Valor mensal | I21: Não aplicável
A22: Adicional de Supervisor (37%) | H22: Porcentagem | I22: Não aplicável
A23: Base de cálculo da insalubridade | H23: Valor | I23: Não aplicável
A24: Quantitativo de horas trabalhadas em feriados no mês (estimado) - Não aplicável para postos 12x36 | H24: Horas por mês | I24: Não aplicável
H25: Acréscimo da hora extra | I25: Não aplicável
A26: Hora Intervalar (somente para postos 12x36, quando for o caso) | H26: Horas por mês | I26: Não aplicável
A27: Sem fornecimento de materiais ou apenas fornecimento de EPIs ou uniformes, utilizar 10%. Com fornecimento de materiais ou equipamentos, utilizar 20%. (Decreto 52.768/2015, alterado pelo Decreto 53.424/2017) | H27: Porcentagem | I27: 0.2
A29: MONTANTE A
A30: I | B30: Remuneração - Grupo I | H30: % | I30: Valor Mensal/unidade de serviço (R$)
A31: 1 | B31: Salário | H31: =I31/$I$40 -> 1 | I31: =IF(D6="12x36",I10,I10/H10*I5) -> 1496
A32: =A31+1 -> 2 | B32: Adicional Periculosidade 30% (Ver súmulas 364, 132 e 191 do TST) | H32: =I32/$I$40 -> 0 | I32: =IF(I9=30%,I31*I9,0) -> 0
A33: =A32+1 -> 3 | B33: Adicional Insalubridade 10% (Ver súmula 228 e 139 TST) | H33: =I33/$I$40 -> 0 | I33: =IF(I7=10%,I23*I7,0) -> 0
A34: =A33+1 -> 4 | B34: Adicional Insalubridade 20% (Ver súmula 228 e 139 TST) | H34: =I34/$I$40 -> 0 | I34: =IF(I7=20%,I23*I7,0) -> 0
A35: =A34+1 -> 5 | B35: Adicional Insalubridade 40% (Ver súmula 228 e 139 TST) | H35: =I35/$I$40 -> 0 | I35: =IF(I7=40%,I23*I7,0) -> 0
A36: =A35+1 -> 6 | B36: Adicional de Supervisor (IN 05/2017 MPOG SLTI) | H36: =I36/$I$40 -> 0 | I36: =IF(I22="Não aplicável",0,I31*I22) -> 0
A37: =A36+1 -> 7 | B37: Feriados | H37: =I37/$I$40 -> 0 | I37: =IF(I24="Não aplicável",0,(I31+I32+I33+I34+I35+I36+I39)/I5*I24*(1+I25)) -> 0
A38: =A37+1 -> 8 | B38: DSR = número total das horas extras do mês / número de dias úteis X domingos e feriados do mês X valor da hora extra com acréscimo | H38: =I38/$I$40 -> 0 | I38: =IF(I24="Não aplicável",0,I24/I13*5*(I10/H10*(1+I25))) -> 0
A39: =A38+1 -> 9 | B39: =IF(D6="12x36","Para postos 12x36 os feriados são considerados compensados, conforme parágrafo único, Art. 59-A da CLT","Outros") -> Outros | H39: =I39/$I$40 -> 0 | I39: 0
A40: Total de Remuneração | H40: =SUM(H31:H39) -> 1 | I40: =SUM(I31:I39) -> 1496
A42: II | B42: Encargos Sociais - Grupo II: Obrigações Sociais | H42: % | I42: Valor Mensal/unidade de serviço (R$)
A43: 1 | B43: INSS (art. 22, inc. I, Lei nº 8.212/91) | H43: 0.2 | I43: =$I$40*H43 -> 299.2
A44: 2 | B44: SESI ou SESC (art. 30, Lei nº 8.036/90) | H44: 0.015 | I44: =$I$40*H44 -> 22.44
A45: 3 | B45: SENAI ou SENAC (Decreto-Lei nº 2.318/86) | H45: 0.01 | I45: =$I$40*H45 -> 14.96
A46: 4 | B46: INCRA (art. 15I, Lei Complementar nº 011/71) | H46: 0.002 | I46: =$I$40*H46 -> 2.992
A47: 5 | B47: SALÁRIO EDUCAÇÃO (art. , inc. I, Decreto nº 87.043/82) | H47: 0.025 | I47: =$I$40*H47 -> 37.4
A48: 6 | B48: FGTS (art. 15, Lei nº 8.036/90) | H48: 0.08 | I48: =$I$40*H48 -> 119.68
A49: 7 | B49: SEG. ACIDENTE DO TRABALHO 1%, 2% e 3% (art. 22, inc. II, alíneas "b" e "c", da Lei nº 8.212/91) | H49: 0.03 | I49: =$I$40*H49 -> 44.88
A50: 8 | B50: SEBRAE (§ 3º, art. 8º, Lei nº 8.029/90) | H50: 0.006 | I50: =$I$40*H50 -> 8.976
A51: Total do Grupo II | H51: =SUM(H43:H50) -> 0.368 | I51: =SUM(I43:I50) -> 550.528
A52: Os percentuais para o SAT podem variar de 0,50% a 6,00% em função do Fator de Acidente Previdenciário (FAP), Decreto nº 6.957/2009
A53: Deverá obrigatoriamente acompanhar a proposta de preços e a planilha de custos e formação de preços a prova do Fator Acidentário de Prevenção – FAP por meio de impressão de consulta ao site do Ministério da Previdência Social (que pode ser obtido no endereço eletrônico http://www2.dataprev.gov.br/fap/fap.htm), independentemente de alteração da alíquota da parcela do Seguro Acidente de Trabalho disposta no Quadro II da referida planilha.
A54: III | B54: Encargos Sociais - Grupo III: Tempo Não Trabalhado | H54: % | I54: Valor Mensal/unidade de serviço (R$)
A55: 1 | B55: FÉRIAS GOZADAS + ADICIONAL DE FÉRIAS | H55: 0.119314 | I55: =$I$40*H55 -> 178.49374
A56: 2 | B56: FALTAS ABONADAS (3) | H56: 0.020479 | I56: =$I$40*H56 -> 30.636584
A57: 3 | B57: FALTAS LEGAIS (4) | H57: 0.012123 | I57: =$I$40*H57 -> 18.136008
A58: 4 | B58: LICENÇA MATERNIDADE | H58: 0.011436 | I58: =$I$40*H58 -> 17.108256
A59: 5 | B59: LICENÇA PATERNIDADE | H59: 0.000174 | I59: =$I$40*H59 -> 0.260304
A60: 6 | B60: ACIDENTE DE TRABALHO | H60: 0.000442 | I60: =$I$40*H60 -> 0.661232
A61: 7 | B61: AVISO PRÉVIO TRABALHADO | H61: 0.000185 | I61: =$I$40*H61 -> 0.27676
A62: 8 | B62: 13º SALÁRIO | H62: 0.09079 | I62: =$I$40*H62 -> 135.82184
A63: Total do Grupo III | H63: =SUM(H55:H62) -> 0.254943 | I63: =SUM(I55:I62) -> 381.39473
A64: (3) | B64: Faltas Justificadas por Auxílio Doença
A65: (4) | B65: Faltas Legais - Art. 473 CLT
A66: IV | B66: Encargos Sociais - Grupo IV: Indenizações | H66: % | I66: Valor Mensal/unidade de serviço (R$)
A67: 1 | B67: INDENIZAÇÕES | H67: 0.023627 | I67: =$I$40*H67 -> 35.345992
A68: 2 | B68: FGTS SOBRE INDENIZAÇÕES | H68: 0.001717 | I68: =$I$40*H68 -> 2.568632
A69: 3 | B69: INDENIZAÇÃO COMPENSATÓRIA POR DEMISSÃO SEM JUSTA CAUSA | H69: 0.009451 | I69: =$I$40*H69 -> 14.138696
A70: Total do Grupo IV | H70: =SUM(H67:H69) -> 0.034795 | I70: =SUM(I67:I69) -> 52.05332
A72: V | B72: Encargos Sociais - Grupo V: Incidências | H72: % | I72: Valor Mensal/unidade de serviço (R$)
A73: 1 | B73: INCIDÊNCIA GRUPO II (Obrigações Sociais) X GRUPO III (Tempo Não Trabalhado) | H73: =(H51*H63) -> 0.093819024 | I73: =$I$40*H73 -> 140.35326
A74: Total do Grupo V | H74: =SUM(H73:H73) -> 0.093819024 | I74: =I73 -> 140.35326
A76: TOTAL DOS ENCAGOS SOCIAIS (II + III + IV + V) | H76: =H51+H63+H70+H74 -> 0.75155702 | I76: =I51+I63+I70+I74 -> 1124.3293
A78: VI | B78: Demais custos relativos à Norma Coletiva ou Disposições Legais - Grupo VI | H78: % | I78: Valor Mensal/unidade de serviço (R$)
A79: 1 | B79: Auxílio Alimentação | H79: =I79/$I$40 -> 0.011971925 | I79: =I97 -> 17.91
A80: =A79+1 -> 2 | B80: Auxílio Lanche | H80: =I80/$I$40 -> 0 | I80: =I93 -> 0
A81: =A80+1 -> 3 | B81: Plano de Saúde | H81: =I81/$I$40 -> 0 | I81: 0
A82: =A81+1 -> 4 | B82: Vale-Transporte⁽⁵⁾ | H82: =I82/$I$40 -> 0.057647059 | I82: =I89 -> 86.24
A83: =A82+1 -> 5 | B83: Adicional Intervalar | H83: =I83/$I$40 -> 0 | I83: =IF(I26="Não aplicável",0,((I10/H10)*1.5*I26)) -> 0
A84: =A83+1 -> 6 | B84: Outros | H84: =I84/$I$40 -> 0 | I84: =IF(I21="Não aplicável",0,I21) -> 0
A85: Total do Grupo VI | H85: =SUM(H79:H84) -> 0.069618984 | I85: =SUM(I79:I84) -> 104.15
A86: (5) | B86: O valor do vale-transporte pode variar de acordo com o modal fornecido pelo empregador.
A87: MEMÓRIA DE CÁLCULO DO VALE TRANSPORTE
A88: Valor Unitário | C88: Dias de Trabalho | D88: Vale p/dia | E88: Custo total | F88: Base de cálculo | G88: Percentual de desconto | H88: Valor desconto | I88: Custo efetivo
A89: =I12 -> 4 | C89: =I13 -> 22 | D89: 2 | E89: =A89*C89*D89 -> 176 | F89: =I31 -> 1496 | G89: =I14 -> 0.06 | H89: =F89*G89 -> 89.76 | I89: =IF((E89-H89)>0,E89-H89,0) -> 86.24
A91: MEMÓRIA DE CÁLCULO DO VALE LANCHE
A92: Valor Unitário | C92: Dias por mês | D92: Vale p/dia | E92: Custo total | F92: Base de cálculo | G92: Percentual de desconto | H92: Valor desconto | I92: Custo efetivo
A93: =I18 -> 0 | C93: =I19 -> 0 | D93: 1 | E93: =A93*C93*D93 -> 0 | F93: =E93 -> 0 | G93: =I20 -> 0 | H93: =F93*G93 -> 0 | I93: =E93-H93 -> 0
A95: MEMÓRIA DE CÁLCULO DO | F95: =A15 -> Cesta Básica
A96: Valor Unitário | C96: Dias por mês | D96: Vale p/dia | E96: Custo total | F96: Base de cálculo | G96: Percentual de desconto | H96: =H88 -> Valor desconto | I96: Custo efetivo
A97: =I15 -> 17.91 | C97: =I16 -> 1 | D97: 1 | E97: =A97*C97*D97 -> 17.91 | F97: =E97 -> 17.91 | G97: =I17 -> 0 | H97: =F97*G97 -> 0 | I97: =E97-H97 -> 17.91
A99: TOTAL DO MONTANTE A (I + II + III+ IV + V +VI) | H99: =H40+H76+H85 -> 1.821176 | I99: =I40+I76+I85 -> 2724.4793
A101: MONTANTE B
A102: I | B102: Despesas Diretas | H102: % | I102: Valor Mensal/unidade de serviço (R$)
A103: 1 | B103: Transporte (6) | H103: =I103/$I$114 -> 0 | I103: 0
A104: 2 | B104: Uniformes/EPI (6a) | H104: =I104/$I$114 -> 0 | I104: 0
A105: 3 | B105: Seguro de vida | H105: =I105/$I$114 -> 0 | I105: 0
A106: 4 | B106: Materiais/Equipamentos | H106: =I106/$I$114 -> 0 | I106: 0
A107: 5 | B107: Mobilização (7) | H107: =I107/$I$114 -> 0 | I107: 0
A108: 6 | B108: Outros (especificar) | H108: =I108/$I$114 -> 0 | I108: 0
A109: Total de Despesas Diretas | H109: =H103+H104+H105+H106+H107+H108 -> 0 | I109: =SUM(I103:I108) -> 0
B110: (6) Somente será preenchido quando o licitante fornecer transporte próprio (6a) EPI - Equipamento de Proteção Individual (7) Tais custos de mobilização não são renováveis, devendo ser eliminados após o primeiro ano de contrato caso haja prorrogação
...

Sheet Operador de Máquina Rodoviária
A1: PLANILHA DE CUSTOS E FORMAÇÃO DE PREÇOS DE SERVIÇOS CONTINUADOS COM DEDICAÇÃO EXCLUSIVA DE MÃO DE OBRA (ANEXO III - DECRETO 52.768 de 15.12.2015)
A2: PROCESSO: | C2: 24/1502-0000350-3 | E2: REGIME DE TRIBUTAÇÃO: LUCRO REAL
A3: LICITAÇÃO/EDITAL | E3: ABERTURA:
A5: Cargo/Função: | D5: Operador de Máquinas Rodoviárias | G5: =IF(D6="12x36","Regime de trabalho:","Quantidade de HORAS/MÊS") -> Quantidade de HORAS/MÊS | I5: =IF(D6="12x36",D6,5*D6) -> 200
A6: =IF(D6="12x36","Regime de trabalho:","Regime de trabalho (horas semanais):") -> Regime de trabalho (horas semanais): | D6: 40
A7: Convenção Coletiva de Trabalho: | D7: SITICOM- RS000238/2024 | G7: INSALUBRIDADE (10%, 20%, 40%) | I7: Não aplicável
A8: Origem do salário: | D8: CCT
A9: Cidade: | D9: Esteio/RS | G9: PERICULOSIDADE (30%) | I9: Não aplicável
A10: Salário Normativo | G10: Vlr. do salário e nº de horas correspondentes | H10: 200 | I10: 1538
A11: ISS | G11: =D9 -> Esteio/RS | H11: Alíquota | I11: 0.02
A12: Tarifa Transporte | G12: CCT | H12: Vr. Unitário | I12: 4
H13: Dias | I13: 22
H14: Desconto | I14: 0.06
A15: Cesta Básica | G15: CCT | H15: Vr. Unitário | I15: 17.91
H16: Dias | I16: 1
H17: Desconto | I17: 0
A18: Auxílio Lanche | G18: CCT | H18: Vr. Unitário | I18: 0
H19: Dias | I19: 0
H20: Desconto | I20: 0
A21: Outros benefícios que refletem na planilha de custos, caso constem na CCT. Obs.: PARA POSTOS REFERENTE A CCT DA SINDASSEIO E SEEAC (LIMPEZA E OUTROS), UTILIZAR ESTE CAMPO PARA O PLANO DE BENEFÍCIO SOCIAL FAMILIAR. | G21: CCT | H21: Valor mensal | I21: Não aplicável
A22: Adicional de Supervisor (37%) | H22: Porcentagem | I22: Não aplicável
A23: Base de cálculo da insalubridade | H23: Valor | I23: Não aplicável
A24: Quantitativo de horas trabalhadas em feriados no mês (estimado) - Não aplicável para postos 12x36 | H24: Horas por mês | I24: Não aplicável
H25: Acréscimo da hora extra | I25: Não aplicável
A26: Hora Intervalar (somente para postos 12x36, quando for o caso) | H26: Horas por mês | I26: Não aplicável
A27: Sem fornecimento de materiais ou apenas fornecimento de EPIs ou uniformes, utilizar 10%. Com fornecimento de materiais ou equipamentos, utilizar 20%. (Decreto 52.768/2015, alterado pelo Decreto 53.424/2017) | H27: Porcentagem | I27: 0.2
A29: MONTANTE A
A30: I | B30: Remuneração - Grupo I | H30: % | I30: Valor Mensal/unidade de serviço (R$)
A31: 1 | B31: Salário | H31: =I31/$I$40 -> 1 | I31: =IF(D6="12x36",I10,I10/H10*I5) -> 1538
A32: =A31+1 -> 2 | B32: Adicional Periculosidade 30% (Ver súmulas 364, 132 e 191 do TST) | H32: =I32/$I$40 -> 0 | I32: =IF(I9=30%,I31*I9,0) -> 0
A33: =A32+1 -> 3 | B33: Adicional Insalubridade 10% (Ver súmula 228 e 139 TST) | H33: =I33/$I$40 -> 0 | I33: =IF(I7=10%,I23*I7,0) -> 0
A34: =A33+1 -> 4 | B34: Adicional Insalubridade 20% (Ver súmula 228 e 139 TST) | H34: =I34/$I$40 -> 0 | I34: =IF(I7=20%,I23*I7,0) -> 0
A35: =A34+1 -> 5 | B35: Adicional Insalubridade 40% (Ver súmula 228 e 139 TST) | H35: =I35/$I$40 -> 0 | I35: =IF(I7=40%,I23*I7,0) -> 0
A36: =A35+1 -> 6 | B36: Adicional de Supervisor (IN 05/2017 MPOG SLTI) | H36: =I36/$I$40 -> 0 | I36: =IF(I22="Não aplicável",0,I31*I22) -> 0
A37: =A36+1 -> 7 | B37: Feriados | H37: =I37/$I$40 -> 0 | I37: =IF(I24="Não aplicável",0,(I31+I32+I33+I34+I35+I36+I39)/I5*I24*(1+I25)) -> 0
A38: =A37+1 -> 8 | B38: DSR = número total das horas extras do mês / número de dias úteis X domingos e feriados do mês X valor da hora extra com acréscimo | H38: =I38/$I$40 -> 0 | I38: =IF(I24="Não aplicável",0,I24/I13*5*(I10/H10*(1+I25))) -> 0
A39: =A38+1 -> 9 | B39: =IF(D6="12x36","Para postos 12x36 os feriados são considerados compensados, conforme parágrafo único, Art. 59-A da CLT","Outros") -> Outros | H39: =I39/$I$40 -> 0 | I39: 0
A40: Total de Remuneração | H40: =SUM(H31:H39) -> 1 | I40: =SUM(I31:I39) -> 1538
A42: II | B42: Encargos Sociais - Grupo II: Obrigações Sociais | H42: % | I42: Valor Mensal/unidade de serviço (R$)
A43: 1 | B43: INSS (art. 22, inc. I, Lei nº 8.212/91) | H43: 0.2 | I43: =$I$40*H43 -> 307.6
A44: 2 | B44: SESI ou SESC (art. 30, Lei nº 8.036/90) | H44: 0.015 | I44: =$I$40*H44 -> 23.07
A45: 3 | B45: SENAI ou SENAC (Decreto-Lei nº 2.318/86) | H45: 0.01 | I45: =$I$40*H45 -> 15.38
A46: 4 | B46: INCRA (art. 15I, Lei Complementar nº 011/71) | H46: 0.002 | I46: =$I$40*H46 -> 3.076
A47: 5 | B47: SALÁRIO EDUCAÇÃO (art. , inc. I, Decreto nº 87.043/82) | H47: 0.025 | I47: =$I$40*H47 -> 38.45
A48: 6 | B48: FGTS (art. 15, Lei nº 8.036/90) | H48: 0.08 | I48: =$I$40*H48 -> 123.04
A49: 7 | B49: SEG. ACIDENTE DO TRABALHO 1%, 2% e 3% (art. 22, inc. II, alíneas "b" e "c", da Lei nº 8.212/91) | H49: 0.03 | I49: =$I$40*H49 -> 46.14
A50: 8 | B50: SEBRAE (§ 3º, art. 8º, Lei nº 8.029/90) | H50: 0.006 | I50: =$I$40*H50 -> 9.228
A51: Total do Grupo II | H51: =SUM(H43:H50) -> 0.368 | I51: =SUM(I43:I50) -> 565.984
A52: Os percentuais para o SAT podem variar de 0,50% a 6,00% em função do Fator de Acidente Previdenciário (FAP), Decreto nº 6.957/2009
A53: Deverá obrigatoriamente acompanhar a proposta de preços e a planilha de custos e formação de preços a prova do Fator Acidentário de Prevenção – FAP por meio de impressão de consulta ao site do Ministério da Previdência Social (que pode ser obtido no endereço eletrônico http://www2.dataprev.gov.br/fap/fap.htm), independentemente de alteração da alíquota da parcela do Seguro Acidente de Trabalho disposta no Quadro II da referida planilha.
A54: III | B54: Encargos Sociais - Grupo III: Tempo Não Trabalhado | H54: % | I54: Valor Mensal/unidade de serviço (R$)
A55: 1 | B55: FÉRIAS GOZADAS + ADICIONAL DE FÉRIAS | H55: 0.119314 | I55: =$I$40*H55 -> 183.50493
A56: 2 | B56: FALTAS ABONADAS (3) | H56: 0.020479 | I56: =$I$40*H56 -> 31.496702
A57: 3 | B57: FALTAS LEGAIS (4) | H57: 0.012123 | I57: =$I$40*H57 -> 18.645174
A58: 4 | B58: LICENÇA MATERNIDADE | H58: 0.011436 | I58: =$I$40*H58 -> 17.588568
A59: 5 | B59: LICENÇA PATERNIDADE | H59: 0.000174 | I59: =$I$40*H59 -> 0.267612
A60: 6 | B60: ACIDENTE DE TRABALHO | H60: 0.000442 | I60: =$I$40*H60 -> 0.679796
A61: 7 | B61: AVISO PRÉVIO TRABALHADO | H61: 0.000185 | I61: =$I$40*H61 -> 0.28453
A62: 8 | B62: 13º SALÁRIO | H62: 0.09079 | I62: =$I$40*H62 -> 139.63502
A63: Total do Grupo III | H63: =SUM(H55:H62) -> 0.254943 | I63: =SUM(I55:I62) -> 392.10233
A64: (3) | B64: Faltas Justificadas por Auxílio Doença
A65: (4) | B65: Faltas Legais - Art. 473 CLT
A66: IV | B66: Encargos Sociais - Grupo IV: Indenizações | H66: % | I66: Valor Mensal/unidade de serviço (R$)
A67: 1 | B67: INDENIZAÇÕES | H67: 0.023627 | I67: =$I$40*H67 -> 36.338326
A68: 2 | B68: FGTS SOBRE INDENIZAÇÕES | H68: 0.001717 | I68: =$I$40*H68 -> 2.640746
A69: 3 | B69: INDENIZAÇÃO COMPENSATÓRIA POR DEMISSÃO SEM JUSTA CAUSA | H69: 0.009451 | I69: =$I$40*H69 -> 14.535638
A70: Total do Grupo IV | H70: =SUM(H67:H69) -> 0.034795 | I70: =SUM(I67:I69) -> 53.51471
A72: V | B72: Encargos Sociais - Grupo V: Incidências | H72: % | I72: Valor Mensal/unidade de serviço (R$)
A73: 1 | B73: INCIDÊNCIA GRUPO II (Obrigações Sociais) X GRUPO III (Tempo Não Trabalhado) | H73: =(H51*H63) -> 0.093819024 | I73: =$I$40*H73 -> 144.29366
A74: Total do Grupo V | H74: =SUM(H73:H73) -> 0.093819024 | I74: =I73 -> 144.29366
A76: TOTAL DOS ENCAGOS SOCIAIS (II + III + IV + V) | H76: =H51+H63+H70+H74 -> 0.75155702 | I76: =I51+I63+I70+I74 -> 1155.8947
A78: VI | B78: Demais custos relativos à Norma Coletiva ou Disposições Legais - Grupo VI | H78: % | I78: Valor Mensal/unidade de serviço (R$)
A79: 1 | B79: Auxílio Alimentação | H79: =I79/$I$40 -> 0.011644993 | I79: =I97 -> 17.91
A80: =A79+1 -> 2 | B80: Auxílio Lanche | H80: =I80/$I$40 -> 0 | I80: =I93 -> 0
A81: =A80+1 -> 3 | B81: Plano de Saúde | H81: =I81/$I$40 -> 0 | I81: 0
A82: =A81+1 -> 4 | B82: Vale-Transporte⁽⁵⁾ | H82: =I82/$I$40 -> 0.05443433 | I82: =I89 -> 83.72
A83: =A82+1 -> 5 | B83: Adicional Intervalar | H83: =I83/$I$40 -> 0 | I83: =IF(I26="Não aplicável",0,((I10/H10)*1.5*I26)) -> 0
A84: =A83+1 -> 6 | B84: Outros | H84: =I84/$I$40 -> 0 | I84: =IF(I21="Não aplicável",0,I21) -> 0
A85: Total do Grupo VI | H85: =SUM(H79:H84) -> 0.066079324 | I85: =SUM(I79:I84) -> 101.63
A86: (5) | B86: O valor do vale-transporte pode variar de acordo com o modal fornecido pelo empregador.
A87: MEMÓRIA DE CÁLCULO DO VALE TRANSPORTE
A88: Valor Unitário | C88: Dias de Trabalho | D88: Vale p/dia | E88: Custo total | F88: Base de cálculo | G88: Percentual de desconto | H88: Valor desconto | I88: Custo efetivo
A89: =I12 -> 4 | C89: =I13 -> 22 | D89: 2 | E89: =A89*C89*D89 -> 176 | F89: =I31 -> 1538 | G89: =I14 -> 0.06 | H89: =F89*G89 -> 92.28 | I89: =IF((E89-H89)>0,E89-H89,0) -> 83.72
A91: MEMÓRIA DE CÁLCULO DO VALE LANCHE
A92: Valor Unitário | C92: Dias por mês | D92: Vale p/dia | E92: Custo total | F92: Base de cálculo | G92: Percentual de desconto | H92: Valor desconto | I92: Custo efetivo
A93: =I18 -> 0 | C93: =I19 -> 0 | D93: 1 | E93: =A93*C93*D93 -> 0 | F93: =E93 -> 0 | G93: =I20 -> 0 | H93: =F93*G93 -> 0 | I93: =E93-H93 -> 0
A95: MEMÓRIA DE CÁLCULO DO | F95: =A15 -> Cesta Básica
A96: Valor Unitário | C96: Dias por mês | D96: Vale p/dia | E96: Custo total | F96: Base de cálculo | G96: Percentual de desconto | H96: =H88 -> Valor desconto | I96: Custo efetivo
A97: =I15 -> 17.91 | C97: =I16 -> 1 | D97: 1 | E97: =A97*C97*D97 -> 17.91 | F97: =E97 -> 17.91 | G97: =I17 -> 0 | H97: =F97*G97 -> 0 | I97: =E97-H97 -> 17.91
A99: TOTAL DO MONTANTE A (I + II + III+ IV + V +VI) | H99: =H40+H76+H85 -> 1.8176363 | I99: =I40+I76+I85 -> 2795.5247
A101: MONTANTE B
A102: I | B102: Despesas Diretas | H102: % | I102: Valor Mensal/unidade de serviço (R$)
A103: 1 | B103: Transporte (6) | H103: =I103/$I$114 -> 0 | I103: 0
A104: 2 | B104: Uniformes/EPI (6a) | H104: =I104/$I$114 -> 0 | I104: 0
A105: 3 | B105: Seguro de vida | H105: =I105/$I$114 -> 0 | I105: 0
A106: 4 | B106: Materiais/Equipamentos | H106: =I106/$I$114 -> 0 | I106: 0
A107: 5 | B107: Mobilização (7) | H107: =I107/$I$114 -> 0 | I107: 0
A108: 6 | B108: Outros (especificar) | H108: =I108/$I$114 -> 0 | I108: 0
A109: Total de Despesas Diretas | H109: =H103+H104+H105+H106+H107+H108 -> 0 | I109: =SUM(I103:I108) -> 0
B110: (6) Somente será preenchido quando o licitante fornecer transporte próprio (6a) EPI - Equipamento de Proteção Individual (7) Tais custos de mobilização não são renováveis, devendo ser eliminados após o primeiro ano de contrato caso haja prorrogação
...

Sheet Pedreiro (Oficial)
A1: PLANILHA DE CUSTOS E FORMAÇÃO DE PREÇOS DE SERVIÇOS CONTINUADOS COM DEDICAÇÃO EXCLUSIVA DE MÃO DE OBRA (ANEXO III - DECRETO 52.768 de 15.12.2015)
A2: PROCESSO: | C2: 24/1502-0000350-3 | E2: REGIME DE TRIBUTAÇÃO: LUCRO REAL
A3: LICITAÇÃO/EDITAL | E3: ABERTURA:
A5: Cargo/Função: | D5: Pedreiro (Oficial) | G5: =IF(D6="12x36","Regime de trabalho:","Quantidade de HORAS/MÊS") -> Quantidade de HORAS/MÊS | I5: =IF(D6="12x36",D6,5*D6) -> 200
A6: =IF(D6="12x36","Regime de trabalho:","Regime de trabalho (horas semanais):") -> Regime de trabalho (horas semanais): | D6: 40
A7: Convenção Coletiva de Trabalho: | D7: SITICOM- RS000238/2024 | G7: INSALUBRIDADE (10%, 20%, 40%) | I7: Não aplicável
A8: Origem do salário: | D8: CCT
A9: Cidade: | D9: Esteio/RS | G9: PERICULOSIDADE (30%) | I9: Não aplicável
A10: Salário Normativo | G10: Vlr. do salário e nº de horas correspondentes | H10: 200 | I10: 1862
A11: ISS | G11: =D9 -> Esteio/RS | H11: Alíquota | I11: 0.02
A12: Tarifa Transporte | G12: CCT | H12: Vr. Unitário | I12: 4
H13: Dias | I13: 22
H14: Desconto | I14: 0.06
A15: Cesta Básica | G15: CCT | H15: Vr. Unitário | I15: 17.91
H16: Dias | I16: 1
H17: Desconto | I17: 0
A18: Auxílio Lanche | G18: CCT | H18: Vr. Unitário | I18: 0
H19: Dias | I19: 0
H20: Desconto | I20: 0
A21: Outros benefícios que refletem na planilha de custos, caso constem na CCT. Obs.: PARA POSTOS REFERENTE A CCT DA SINDASSEIO E SEEAC (LIMPEZA E OUTROS), UTILIZAR ESTE CAMPO PARA O PLANO DE BENEFÍCIO SOCIAL FAMILIAR. | G21: CCT | H21: Valor mensal | I21: Não aplicável
A22: Adicional de Supervisor (37%) | H22: Porcentagem | I22: Não aplicável
A23: Base de cálculo da insalubridade | H23: Valor | I23: Não aplicável
A24: Quantitativo de horas trabalhadas em feriados no mês (estimado) - Não aplicável para postos 12x36 | H24: Horas por mês | I24: Não aplicável
H25: Acréscimo da hora extra | I25: Não aplicável
A26: Hora Intervalar (somente para postos 12x36, quando for o caso) | H26: Horas por mês | I26: Não aplicável
A27: Sem fornecimento de materiais ou apenas fornecimento de EPIs ou uniformes, utilizar 10%. Com fornecimento de materiais ou equipamentos, utilizar 20%. (Decreto 52.768/2015, alterado pelo Decreto 53.424/2017) | H27: Porcentagem | I27: 0.2
A29: MONTANTE A
A30: I | B30: Remuneração - Grupo I | H30: % | I30: Valor Mensal/unidade de serviço (R$)
A31: 1 | B31: Salário | H31: =I31/$I$40 -> 1 | I31: =IF(D6="12x36",I10,I10/H10*I5) -> 1862
A32: =A31+1 -> 2 | B32: Adicional Periculosidade 30% (Ver súmulas 364, 132 e 191 do TST) | H32: =I32/$I$40 -> 0 | I32: =IF(I9=30%,I31*I9,0) -> 0
A33: =A32+1 -> 3 | B33: Adicional Insalubridade 10% (Ver súmula 228 e 139 TST) | H33: =I33/$I$40 -> 0 | I33: =IF(I7=10%,I23*I7,0) -> 0
A34: =A33+1 -> 4 | B34: Adicional Insalubridade 20% (Ver súmula 228 e 139 TST) | H34: =I34/$I$40 -> 0 | I34: =IF(I7=20%,I23*I7,0) -> 0
A35: =A34+1 -> 5 | B35: Adicional Insalubridade 40% (Ver súmula 228 e 139 TST) | H35: =I35/$I$40 -> 0 | I35: =IF(I7=40%,I23*I7,0) -> 0
A36: =A35+1 -> 6 | B36: Adicional de Supervisor (IN 05/2017 MPOG SLTI) | H36: =I36/$I$40 -> 0 | I36: =IF(I22="Não aplicável",0,I31*I22) -> 0
A37: =A36+1 -> 7 | B37: Feriados | H37: =I37/$I$40 -> 0 | I37: =IF(I24="Não aplicável",0,(I31+I32+I33+I34+I35+I36+I39)/I5*I24*(1+I25)) -> 0
A38: =A37+1 -> 8 | B38: DSR = número total das horas extras do mês / número de dias úteis X domingos e feriados do mês X valor da hora extra com acréscimo | H38: =I38/$I$40 -> 0 | I38: =IF(I24="Não aplicável",0,I24/I13*5*(I10/H10*(1+I25))) -> 0
A39: =A38+1 -> 9 | B39: =IF(D6="12x36","Para postos 12x36 os feriados são considerados compensados, conforme parágrafo único, Art. 59-A da CLT","Outros") -> Outros | H39: =I39/$I$40 -> 0 | I39: 0
A40: Total de Remuneração | H40: =SUM(H31:H39) -> 1 | I40: =SUM(I31:I39) -> 1862
A42: II | B42: Encargos Sociais - Grupo II: Obrigações Sociais | H42: % | I42: Valor Mensal/unidade de serviço (R$)
A43: 1 | B43: INSS (art. 22, inc. I, Lei nº 8.212/91) | H43: 0.2 | I43: =$I$40*H43 -> 372.4
A44: 2 | B44: SESI ou SESC (art. 30, Lei nº 8.036/90) | H44: 0.015 | I44: =$I$40*H44 -> 27.93
A45: 3 | B45: SENAI ou SENAC (Decreto-Lei nº 2.318/86) | H45: 0.01 | I45: =$I$40*H45 -> 18.62
A46: 4 | B46: INCRA (art. 15I, Lei Complementar nº 011/71) | H46: 0.002 | I46: =$I$40*H46 -> 3.724
A47: 5 | B47: SALÁRIO EDUCAÇÃO (art. , inc. I, Decreto nº 87.043/82) | H47: 0.025 | I47: =$I$40*H47 -> 46.55
A48: 6 | B48: FGTS (art. 15, Lei nº 8.036/90) | H48: 0.08 | I48: =$I$40*H48 -> 148.96
A49: 7 | B49: SEG. ACIDENTE DO TRABALHO 1%, 2% e 3% (art. 22, inc. II, alíneas "b" e "c", da Lei nº 8.212/91) | H49: 0.03 | I49: =$I$40*H49 -> 55.86
A50: 8 | B50: SEBRAE (§ 3º, art. 8º, Lei nº 8.029/90) | H50: 0.006 | I50: =$I$40*H50 -> 11.172
A51: Total do Grupo II | H51: =SUM(H43:H50) -> 0.368 | I51: =SUM(I43:I50) -> 685.216
A52: Os percentuais para o SAT podem variar de 0,50% a 6,00% em função do Fator de Acidente Previdenciário (FAP), Decreto nº 6.957/2009
A53: Deverá obrigatoriamente acompanhar a proposta de preços e a planilha de custos e formação de preços a prova do Fator Acidentário de Prevenção – FAP por meio de impressão de consulta ao site do Ministério da Previdência Social (que pode ser obtido no endereço eletrônico http://www2.dataprev.gov.br/fap/fap.htm), independentemente de alteração da alíquota da parcela do Seguro Acidente de Trabalho disposta no Quadro II da referida planilha.
A54: III | B54: Encargos Sociais - Grupo III: Tempo Não Trabalhado | H54: % | I54: Valor Mensal/unidade de serviço (R$)
A55: 1 | B55: FÉRIAS GOZADAS + ADICIONAL DE FÉRIAS | H55: 0.119314 | I55: =$I$40*H55 -> 222.16267
A56: 2 | B56: FALTAS ABONADAS (3) | H56: 0.020479 | I56: =$I$40*H56 -> 38.131898
A57: 3 | B57: FALTAS LEGAIS (4) | H57: 0.012123 | I57: =$I$40*H57 -> 22.573026
A58: 4 | B58: LICENÇA MATERNIDADE | H58: 0.011436 | I58: =$I$40*H58 -> 21.293832
A59: 5 | B59: LICENÇA PATERNIDADE | H59: 0.000174 | I59: =$I$40*H59 -> 0.323988
A60: 6 | B60: ACIDENTE DE TRABALHO | H60: 0.000442 | I60: =$I$40*H60 -> 0.823004
A61: 7 | B61: AVISO PRÉVIO TRABALHADO | H61: 0.000185 | I61: =$I$40*H61 -> 0.34447
A62: 8 | B62: 13º SALÁRIO | H62: 0.09079 | I62: =$I$40*H62 -> 169.05098
A63: Total do Grupo III | H63: =SUM(H55:H62) -> 0.254943 | I63: =SUM(I55:I62) -> 474.70387
A64: (3) | B64: Faltas Justificadas por Auxílio Doença
A65: (4) | B65: Faltas Legais - Art. 473 CLT
A66: IV | B66: Encargos Sociais - Grupo IV: Indenizações | H66: % | I66: Valor Mensal/unidade de serviço (R$)
A67: 1 | B67: INDENIZAÇÕES | H67: 0.023627 | I67: =$I$40*H67 -> 43.993474
A68: 2 | B68: FGTS SOBRE INDENIZAÇÕES | H68: 0.001717 | I68: =$I$40*H68 -> 3.197054
A69: 3 | B69: INDENIZAÇÃO COMPENSATÓRIA POR DEMISSÃO SEM JUSTA CAUSA | H69: 0.009451 | I69: =$I$40*H69 -> 17.597762
A70: Total do Grupo IV | H70: =SUM(H67:H69) -> 0.034795 | I70: =SUM(I67:I69) -> 64.78829
A72: V | B72: Encargos Sociais - Grupo V: Incidências | H72: % | I72: Valor Mensal/unidade de serviço (R$)
A73: 1 | B73: INCIDÊNCIA GRUPO II (Obrigações Sociais) X GRUPO III (Tempo Não Trabalhado) | H73: =(H51*H63) -> 0.093819024 | I73: =$I$40*H73 -> 174.69102
A74: Total do Grupo V | H74: =SUM(H73:H73) -> 0.093819024 | I74: =I73 -> 174.69102
A76: TOTAL DOS ENCAGOS SOCIAIS (II + III + IV + V) | H76: =H51+H63+H70+H74 -> 0.75155702 | I76: =I51+I63+I70+I74 -> 1399.3992
A78: VI | B78: Demais custos relativos à Norma Coletiva ou Disposições Legais - Grupo VI | H78: % | I78: Valor Mensal/unidade de serviço (R$)
A79: 1 | B79: Auxílio Alimentação | H79: =I79/$I$40 -> 0.0096186896 | I79: =I97 -> 17.91
A80: =A79+1 -> 2 | B80: Auxílio Lanche | H80: =I80/$I$40 -> 0 | I80: =I93 -> 0
A81: =A80+1 -> 3 | B81: Plano de Saúde | H81: =I81/$I$40 -> 0 | I81: 0
A82: =A81+1 -> 4 | B82: Vale-Transporte⁽⁵⁾ | H82: =I82/$I$40 -> 0.034522019 | I82: =I89 -> 64.28
A83: =A82+1 -> 5 | B83: Adicional Intervalar | H83: =I83/$I$40 -> 0 | I83: =IF(I26="Não aplicável",0,((I10/H10)*1.5*I26)) -> 0
A84: =A83+1 -> 6 | B84: Outros | H84: =I84/$I$40 -> 0 | I84: =IF(I21="Não aplicável",0,I21) -> 0
A85: Total do Grupo VI | H85: =SUM(H79:H84) -> 0.044140709 | I85: =SUM(I79:I84) -> 82.19
A86: (5) | B86: O valor do vale-transporte pode variar de acordo com o modal fornecido pelo empregador.
A87: MEMÓRIA DE CÁLCULO DO VALE TRANSPORTE
A88: Valor Unitário | C88: Dias de Trabalho | D88: Vale p/dia | E88: Custo total | F88: Base de cálculo | G88: Percentual de desconto | H88: Valor desconto | I88: Custo efetivo
A89: =I12 -> 4 | C89: =I13 -> 22 | D89: 2 | E89: =A89*C89*D89 -> 176 | F89: =I31 -> 1862 | G89: =I14 -> 0.06 | H89: =F89*G89 -> 111.72 | I89: =IF((E89-H89)>0,E89-H89,0) -> 64.28
A91: MEMÓRIA DE CÁLCULO DO VALE LANCHE
A92: Valor Unitário | C92: Dias por mês | D92: Vale p/dia | E92: Custo total | F92: Base de cálculo | G92: Percentual de desconto | H92: Valor desconto | I92: Custo efetivo
A93: =I18 -> 0 | C93: =I19 -> 0 | D93: 1 | E93: =A93*C93*D93 -> 0 | F93: =E93 -> 0 | G93: =I20 -> 0 | H93: =F93*G93 -> 0 | I93: =E93-H93 -> 0
A95: MEMÓRIA DE CÁLCULO DO | F95: =A15 -> Cesta Básica
A96: Valor Unitário | C96: Dias por mês | D96: Vale p/dia | E96: Custo total | F96: Base de cálculo | G96: Percentual de desconto | H96: =H88 -> Valor desconto | I96: Custo efetivo
A97: =I15 -> 17.91 | C97: =I16 -> 1 | D97: 1 | E97: =A97*C97*D97 -> 17.91 | F97: =E97 -> 17.91 | G97: =I17 -> 0 | H97: =F97*G97 -> 0 | I97: =E97-H97 -> 17.91
A99: TOTAL DO MONTANTE A (I + II + III+ IV + V +VI) | H99: =H40+H76+H85 -> 1.7956977 | I99: =I40+I76+I85 -> 3343.5892
A101: MONTANTE B
A102: I | B102: Despesas Diretas | H102: % | I102: Valor Mensal/unidade de serviço (R$)
A103: 1 | B103: Transporte (6) | H103: =I103/$I$114 -> 0 | I103: 0
A104: 2 | B104: Uniformes/EPI (6a) | H104: =I104/$I$114 -> 0 | I104: 0
A105: 3 | B105: Seguro de vida | H105: =I105/$I$114 -> 0 | I105: 0
A106: 4 | B106: Materiais/Equipamentos | H106: =I106/$I$114 -> 0 | I106: 0
A107: 5 | B107: Mobilização (7) | H107: =I107/$I$114 -> 0 | I107: 0
A108: 6 | B108: Outros (especificar) | H108: =I108/$I$114 -> 0 | I108: 0
A109: Total de Despesas Diretas | H109: =H103+H104+H105+H106+H107+H108 -> 0 | I109: =SUM(I103:I108) -> 0
B110: (6) Somente será preenchido quando o licitante fornecer transporte próprio (6a) EPI - Equipamento de Proteção Individual (7) Tais custos de mobilização não são renováveis, devendo ser eliminados após o primeiro ano de contrato caso haja prorrogação
...

Sheet Auxiliar de Serviços Gerais
A1: PLANILHA DE CUSTOS E FORMAÇÃO DE PREÇOS DE SERVIÇOS CONTINUADOS COM DEDICAÇÃO EXCLUSIVA DE MÃO DE OBRA (ANEXO III - DECRETO 52.768 de 15.12.2015)
A2: PROCESSO: | C2: 24/1502-0000350-3 | E2: REGIME DE TRIBUTAÇÃO: LUCRO REAL
A3: LICITAÇÃO/EDITAL | E3: ABERTURA:
A5: Cargo/Função: | D5: Auxiliar de Serviços Gerais | G5: =IF(D6="12x36","Regime de trabalho:","Quantidade de HORAS/MÊS") -> Quantidade de HORAS/MÊS | I5: =IF(D6="12x36",D6,5*D6) -> 200
A6: =IF(D6="12x36","Regime de trabalho:","Regime de trabalho (horas semanais):") -> Regime de trabalho (horas semanais): | D6: 40
A7: Convenção Coletiva de Trabalho: | D7: SINDIASSEIO - RS000045/2024 | G7: INSALUBRIDADE (10%, 20%, 40%) | I7: 0.2
A8: Origem do salário: | D8: CCT
A9: Cidade: | D9: Esteio/RS | G9: PERICULOSIDADE (30%) | I9: Não aplicável
A10: Salário Normativo | G10: Vlr. do salário e nº de horas correspondentes | H10: 220 | I10: 1540.51
A11: ISS | G11: =D9 -> Esteio/RS | H11: Alíquota | I11: 0.02
A12: Tarifa Transporte | G12: CCT | H12: Vr. Unitário | I12: 4
H13: Dias | I13: 22
H14: Desconto | I14: 0.06
A15: Auxílio Alimentação | G15: CCT | H15: Vr. Unitário | I15: 23.68
H16: Dias | I16: 22
H17: Desconto | I17: 0.19
A18: Auxílio Lanche | G18: CCT | H18: Vr. Unitário | I18: 0
H19: Dias | I19: 0
H20: Desconto | I20: 0
A21: Outros benefícios que refletem na planilha de custos, caso constem na CCT. Obs.: PARA POSTOS REFERENTE A CCT DA SINDASSEIO E SEEAC (LIMPEZA E OUTROS), UTILIZAR ESTE CAMPO PARA O PLANO DE BENEFÍCIO SOCIAL FAMILIAR. | G21: CCT | H21: Valor mensal | I21: 19.42
A22: Adicional de Supervisor (37%) | H22: Porcentagem | I22: Não aplicável
A23: Base de cálculo da insalubridade | H23: Valor | I23: 1400.46
A24: Quantitativo de horas trabalhadas em feriados no mês (estimado) - Não aplicável para postos 12x36 | H24: Horas por mês | I24: Não aplicável
H25: Acréscimo da hora extra | I25: Não aplicável
A26: Hora Intervalar (somente para postos 12x36, quando for o caso) | H26: Horas por mês | I26: Não aplicável
A27: Sem fornecimento de materiais ou apenas fornecimento de EPIs ou uniformes, utilizar 10%. Com fornecimento de materiais ou equipamentos, utilizar 20%. (Decreto 52.768/2015, alterado pelo Decreto 53.424/2017) | H27: Porcentagem | I27: 0.2
A29: MONTANTE A
A30: I | B30: Remuneração - Grupo I | H30: % | I30: Valor Mensal/unidade de serviço (R$)
A31: 1 | B31: Salário | H31: =I31/$I$40 -> 0.83333369 | I31: =IF(D6="12x36",I10,I10/H10*I5) -> 1400.4636
A32: =A31+1 -> 2 | B32: Adicional Periculosidade 30% (Ver súmulas 364, 132 e 191 do TST) | H32: =I32/$I$40 -> 0 | I32: =IF(I9=30%,I31*I9,0) -> 0
A33: =A32+1 -> 3 | B33: Adicional Insalubridade 10% (Ver súmula 228 e 139 TST) | H33: =I33/$I$40 -> 0 | I33: =IF(I7=10%,I23*I7,0) -> 0
A34: =A33+1 -> 4 | B34: Adicional Insalubridade 20% (Ver súmula 228 e 139 TST) | H34: =I34/$I$40 -> 0.16666631 | I34: =IF(I7=20%,I23*I7,0) -> 280.092
A35: =A34+1 -> 5 | B35: Adicional Insalubridade 40% (Ver súmula 228 e 139 TST) | H35: =I35/$I$40 -> 0 | I35: =IF(I7=40%,I23*I7,0) -> 0
A36: =A35+1 -> 6 | B36: Adicional de Supervisor (IN 05/2017 MPOG SLTI) | H36: =I36/$I$40 -> 0 | I36: =IF(I22="Não aplicável",0,I31*I22) -> 0
A37: =A36+1 -> 7 | B37: Feriados | H37: =I37/$I$40 -> 0 | I37: =IF(I24="Não aplicável",0,(I31+I32+I33+I34+I35+I36+I39)/I5*I24*(1+I25)) -> 0
A38: =A37+1 -> 8 | B38: DSR = número total das horas extras do mês / número de dias úteis X domingos e feriados do mês X valor da hora extra com acréscimo | H38: =I38/$I$40 -> 0 | I38: =IF(I24="Não aplicável",0,I24/I13*5*(I10/H10*(1+I25))) -> 0
A39: =A38+1 -> 9 | B39: =IF(D6="12x36","Para postos 12x36 os feriados são considerados compensados, conforme parágrafo único, Art. 59-A da CLT","Outros") -> Outros | H39: =I39/$I$40 -> 0 | I39: 0
A40: Total de Remuneração | H40: =SUM(H31:H39) -> 1 | I40: =SUM(I31:I39) -> 1680.5556
A42: II | B42: Encargos Sociais - Grupo II: Obrigações Sociais | H42: % | I42: Valor Mensal/unidade de serviço (R$)
A43: 1 | B43: INSS (art. 22, inc. I, Lei nº 8.212/91) | H43: 0.2 | I43: =$I$40*H43 -> 336.11113
A44: 2 | B44: SESI ou SESC (art. 30, Lei nº 8.036/90) | H44: 0.015 | I44: =$I$40*H44 -> 25.208335
A45: 3 | B45: SENAI ou SENAC (Decreto-Lei nº 2.318/86) | H45: 0.01 | I45: =$I$40*H45 -> 16.805556
A46: 4 | B46: INCRA (art. 15I, Lei Complementar nº 011/71) | H46: 0.002 | I46: =$I$40*H46 -> 3.3611113
A47: 5 | B47: SALÁRIO EDUCAÇÃO (art. , inc. I, Decreto nº 87.043/82) | H47: 0.025 | I47: =$I$40*H47 -> 42.013891
A48: 6 | B48: FGTS (art. 15, Lei nº 8.036/90) | H48: 0.08 | I48: =$I$40*H48 -> 134.44445
A49: 7 | B49: SEG. ACIDENTE DO TRABALHO 1%, 2% e 3% (art. 22, inc. II, alíneas "b" e "c", da Lei nº 8.212/91) | H49: 0.03 | I49: =$I$40*H49 -> 50.416669
A50: 8 | B50: SEBRAE (§ 3º, art. 8º, Lei nº 8.029/90) | H50: 0.006 | I50: =$I$40*H50 -> 10.083334
A51: Total do Grupo II | H51: =SUM(H43:H50) -> 0.368 | I51: =SUM(I43:I50) -> 618.44447
A52: Os percentuais para o SAT podem variar de 0,50% a 6,00% em função do Fator de Acidente Previdenciário (FAP), Decreto nº 6.957/2009
A53: Deverá obrigatoriamente acompanhar a proposta de preços e a planilha de custos e formação de preços a prova do Fator Acidentário de Prevenção – FAP por meio de impressão de consulta ao site do Ministério da Previdência Social (que pode ser obtido no endereço eletrônico http://www2.dataprev.gov.br/fap/fap.htm), independentemente de alteração da alíquota da parcela do Seguro Acidente de Trabalho disposta no Quadro II da referida planilha.
A54: III | B54: Encargos Sociais - Grupo III: Tempo Não Trabalhado | H54: % | I54: Valor Mensal/unidade de serviço (R$)
A55: 1 | B55: FÉRIAS GOZADAS + ADICIONAL DE FÉRIAS | H55: 0.119314 | I55: =$I$40*H55 -> 200.51382
A56: 2 | B56: FALTAS ABONADAS (3) | H56: 0.020479 | I56: =$I$40*H56 -> 34.416099
A57: 3 | B57: FALTAS LEGAIS (4) | H57: 0.012123 | I57: =$I$40*H57 -> 20.373376
A58: 4 | B58: LICENÇA MATERNIDADE | H58: 0.011436 | I58: =$I$40*H58 -> 19.218834
A59: 5 | B59: LICENÇA PATERNIDADE | H59: 0.000174 | I59: =$I$40*H59 -> 0.29241668
A60: 6 | B60: ACIDENTE DE TRABALHO | H60: 0.000442 | I60: =$I$40*H60 -> 0.74280559
A61: 7 | B61: AVISO PRÉVIO TRABALHADO | H61: 0.000185 | I61: =$I$40*H61 -> 0.31090279
A62: 8 | B62: 13º SALÁRIO | H62: 0.09079 | I62: =$I$40*H62 -> 152.57765
A63: Total do Grupo III | H63: =SUM(H55:H62) -> 0.254943 | I63: =SUM(I55:I62) -> 428.4459
A64: (3) | B64: Faltas Justificadas por Auxílio Doença
A65: (4) | B65: Faltas Legais - Art. 473 CLT
A66: IV | B66: Encargos Sociais - Grupo IV: Indenizações | H66: % | I66: Valor Mensal/unidade de serviço (R$)
A67: 1 | B67: INDENIZAÇÕES | H67: 0.023627 | I67: =$I$40*H67 -> 39.706488
A68: 2 | B68: FGTS SOBRE INDENIZAÇÕES | H68: 0.001717 | I68: =$I$40*H68 -> 2.885514
A69: 3 | B69: INDENIZAÇÃO COMPENSATÓRIA POR DEMISSÃO SEM JUSTA CAUSA | H69: 0.009451 | I69: =$I$40*H69 -> 15.882931
A70: Total do Grupo IV | H70: =SUM(H67:H69) -> 0.034795 | I70: =SUM(I67:I69) -> 58.474933
A72: V | B72: Encargos Sociais - Grupo V: Incidências | H72: % | I72: Valor Mensal/unidade de serviço (R$)
A73: 1 | B73: INCIDÊNCIA GRUPO II (Obrigações Sociais) X GRUPO III (Tempo Não Trabalhado) | H73: =(H51*H63) -> 0.093819024 | I73: =$I$40*H73 -> 157.66809
A74: Total do Grupo V | H74: =SUM(H73:H73) -> 0.093819024 | I74: =I73 -> 157.66809
A76: TOTAL DOS ENCAGOS SOCIAIS (II + III + IV + V) | H76: =H51+H63+H70+H74 -> 0.75155702 | I76: =I51+I63+I70+I74 -> 1263.0334
A78: VI | B78: Demais custos relativos à Norma Coletiva ou Disposições Legais - Grupo VI | H78: % | I78: Valor Mensal/unidade de serviço (R$)
A79: 1 | B79: Auxílio Alimentação | H79: =I79/$I$40 -> 0.2510941 | I79: =I97 -> 421.9776
A80: =A79+1 -> 2 | B80: Auxílio Lanche | H80: =I80/$I$40 -> 0 | I80: =I93 -> 0
A81: =A80+1 -> 3 | B81: Plano de Saúde | H81: =I81/$I$40 -> 0 | I81: 0
A82: =A81+1 -> 4 | B82: Vale-Transporte⁽⁵⁾ | H82: =I82/$I$40 -> 0.054727246 | I82: =I89 -> 91.972182
A83: =A82+1 -> 5 | B83: Adicional Intervalar | H83: =I83/$I$40 -> 0 | I83: =IF(I26="Não aplicável",0,((I10/H10)*1.5*I26)) -> 0
A84: =A83+1 -> 6 | B84: Outros | H84: =I84/$I$40 -> 0.011555702 | I84: =IF(I21="Não aplicável",0,I21) -> 19.42
A85: Total do Grupo VI | H85: =SUM(H79:H84) -> 0.31737704 | I85: =SUM(I79:I84) -> 533.36978
A86: (5) | B86: O valor do vale-transporte pode variar de acordo com o modal fornecido pelo empregador.
A87: MEMÓRIA DE CÁLCULO DO VALE TRANSPORTE
A88: Valor Unitário | C88: Dias de Trabalho | D88: Vale p/dia | E88: Custo total | F88: Base de cálculo | G88: Percentual de desconto | H88: Valor desconto | I88: Custo efetivo
A89: =I12 -> 4 | C89: =I13 -> 22 | D89: 2 | E89: =A89*C89*D89 -> 176 | F89: =I31 -> 1400.4636 | G89: =I14 -> 0.06 | H89: =F89*G89 -> 84.027818 | I89: =IF((E89-H89)>0,E89-H89,0) -> 91.972182
A91: MEMÓRIA DE CÁLCULO DO VALE LANCHE
A92: Valor Unitário | C92: Dias por mês | D92: Vale p/dia | E92: Custo total | F92: Base de cálculo | G92: Percentual de desconto | H92: Valor desconto | I92: Custo efetivo
A93: =I18 -> 0 | C93: =I19 -> 0 | D93: 1 | E93: =A93*C93*D93 -> 0 | F93: =E93 -> 0 | G93: =I20 -> 0 | H93: =F93*G93 -> 0 | I93: =E93-H93 -> 0
A95: MEMÓRIA DE CÁLCULO DO | F95: =A15 -> Auxílio Alimentação
A96: Valor Unitário | C96: Dias por mês | D96: Vale p/dia | E96: Custo total | F96: Base de cálculo | G96: Percentual de desconto | H96: =H88 -> Valor desconto | I96: Custo efetivo
A97: =I15 -> 23.68 | C97: =I16 -> 22 | D97: 1 | E97: =A97*C97*D97 -> 520.96 | F97: =E97 -> 520.96 | G97: =I17 -> 0.19 | H97: =F97*G97 -> 98.9824 | I97: =E97-H97 -> 421.9776
A99: TOTAL DO MONTANTE A (I + II + III+ IV + V +VI) | H99: =H40+H76+H85 -> 2.0689341 | I99: =I40+I76+I85 -> 3476.9588
A101: MONTANTE B
A102: I | B102: Despesas Diretas | H102: % | I102: Valor Mensal/unidade de serviço (R$)
A103: 1 | B103: Transporte (6) | H103: =I103/$I$114 -> 0 | I103: 0
A104: 2 | B104: Uniformes/EPI (6a) | H104: =I104/$I$114 -> 0 | I104: 0
A105: 3 | B105: Seguro de vida | H105: =I105/$I$114 -> 0 | I105: 0
A106: 4 | B106: Materiais/Equipamentos | H106: =I106/$I$114 -> 0 | I106: 0
A107: 5 | B107: Mobilização (7) | H107: =I107/$I$114 -> 0 | I107: 0
A108: 6 | B108: Outros (especificar) | H108: =I108/$I$114 -> 0 | I108: 0
A109: Total de Despesas Diretas | H109: =H103+H104+H105+H106+H107+H108 -> 0 | I109: =SUM(I103:I108) -> 0
B110: (6) Somente será preenchido quando o licitante fornecer transporte próprio (6a) EPI - Equipamento de Proteção Individual (7) Tais custos de mobilização não são renováveis, devendo ser eliminados após o primeiro ano de contrato caso haja prorrogação
...

Sheet Soldador
A1: PLANILHA DE CUSTOS E FORMAÇÃO DE PREÇOS DE SERVIÇOS CONTINUADOS COM DEDICAÇÃO EXCLUSIVA DE MÃO DE OBRA (ANEXO III - DECRETO 52.768 de 15.12.2015)
A2: PROCESSO: | C2: 24/1502-0000350-3 | E2: REGIME DE TRIBUTAÇÃO: LUCRO REAL
A3: LICITAÇÃO/EDITAL | E3: ABERTURA:
A5: Cargo/Função: | D5: Soldador | G5: =IF(D6="12x36","Regime de trabalho:","Quantidade de HORAS/MÊS") -> Quantidade de HORAS/MÊS | I5: =IF(D6="12x36",D6,5*D6) -> 200
A6: =IF(D6="12x36","Regime de trabalho:","Regime de trabalho (horas semanais):") -> Regime de trabalho (horas semanais): | D6: 40
A7: Convenção Coletiva de Trabalho: | D7: STIMMME SL -RS002778/2024 | G7: INSALUBRIDADE (10%, 20%, 40%) | I7: 0.2
A8: Origem do salário: | D8: CCT
A9: Cidade: | D9: Esteio/RS | G9: PERICULOSIDADE (30%) | I9: Não aplicável
A10: Salário Normativo | G10: Vlr. do salário e nº de horas correspondentes | H10: 200 | I10: 1716
A11: ISS | G11: =D9 -> Esteio/RS | H11: Alíquota | I11: 0.02
A12: Tarifa Transporte | G12: CCT | H12: Vr. Unitário | I12: 4
H13: Dias | I13: 22
H14: Desconto | I14: 0.06
A15: Auxílio Alimentação | G15: CCT | H15: Vr. Unitário | I15: 0
H16: Dias | I16: 0
H17: Desconto | I17: 0
A18: Auxílio Lanche | G18: CCT | H18: Vr. Unitário | I18: 0
H19: Dias | I19: 0
H20: Desconto | I20: 0
A21: Outros benefícios que refletem na planilha de custos, caso constem na CCT. Obs.: PARA POSTOS REFERENTE A CCT DA SINDASSEIO E SEEAC (LIMPEZA E OUTROS), UTILIZAR ESTE CAMPO PARA O PLANO DE BENEFÍCIO SOCIAL FAMILIAR. | G21: CCT | H21: Valor mensal | I21: Não aplicável
A22: Adicional de Supervisor (37%) | H22: Porcentagem | I22: Não aplicável
A23: Base de cálculo da insalubridade | H23: Valor | I23: 1573.89
A24: Quantitativo de horas trabalhadas em feriados no mês (estimado) - Não aplicável para postos 12x36 | H24: Horas por mês | I24: Não aplicável
H25: Acréscimo da hora extra | I25: Não aplicável
A26: Hora Intervalar (somente para postos 12x36, quando for o caso) | H26: Horas por mês | I26: Não aplicável
A27: Sem fornecimento de materiais ou apenas fornecimento de EPIs ou uniformes, utilizar 10%. Com fornecimento de materiais ou equipamentos, utilizar 20%. (Decreto 52.768/2015, alterado pelo Decreto 53.424/2017) | H27: Porcentagem | I27: 0.2
A29: MONTANTE A
A30: I | B30: Remuneração - Grupo I | H30: % | I30: Valor Mensal/unidade de serviço (R$)
A31: 1 | B31: Salário | H31: =I31/$I$40 -> 0.84499635 | I31: =IF(D6="12x36",I10,I10/H10*I5) -> 1716
A32: =A31+1 -> 2 | B32: Adicional Periculosidade 30% (Ver súmulas 364, 132 e 191 do TST) | H32: =I32/$I$40 -> 0 | I32: =IF(I9=30%,I31*I9,0) -> 0
A33: =A32+1 -> 3 | B33: Adicional Insalubridade 10% (Ver súmula 228 e 139 TST) | H33: =I33/$I$40 -> 0 | I33: =IF(I7=10%,I23*I7,0) -> 0
A34: =A33+1 -> 4 | B34: Adicional Insalubridade 20% (Ver súmula 228 e 139 TST) | H34: =I34/$I$40 -> 0.15500365 | I34: =IF(I7=20%,I23*I7,0) -> 314.778
A35: =A34+1 -> 5 | B35: Adicional Insalubridade 40% (Ver súmula 228 e 139 TST) | H35: =I35/$I$40 -> 0 | I35: =IF(I7=40%,I23*I7,0) -> 0
A36: =A35+1 -> 6 | B36: Adicional de Supervisor (IN 05/2017 MPOG SLTI) | H36: =I36/$I$40 -> 0 | I36: =IF(I22="Não aplicável",0,I31*I22) -> 0
A37: =A36+1 -> 7 | B37: Feriados | H37: =I37/$I$40 -> 0 | I37: =IF(I24="Não aplicável",0,(I31+I32+I33+I34+I35+I36+I39)/I5*I24*(1+I25)) -> 0
A38: =A37+1 -> 8 | B38: DSR = número total das horas extras do mês / número de dias úteis X domingos e feriados do mês X valor da hora extra com acréscimo | H38: =I38/$I$40 -> 0 | I38: =IF(I24="Não aplicável",0,I24/I13*5*(I10/H10*(1+I25))) -> 0
A39: =A38+1 -> 9 | B39: =IF(D6="12x36","Para postos 12x36 os feriados são considerados compensados, conforme parágrafo único, Art. 59-A da CLT","Outros") -> Outros | H39: =I39/$I$40 -> 0 | I39: 0
A40: Total de Remuneração | H40: =SUM(H31:H39) -> 1 | I40: =SUM(I31:I39) -> 2030.778
A42: II | B42: Encargos Sociais - Grupo II: Obrigações Sociais | H42: % | I42: Valor Mensal/unidade de serviço (R$)
A43: 1 | B43: INSS (art. 22, inc. I, Lei nº 8.212/91) | H43: 0.2 | I43: =$I$40*H43 -> 406.1556
A44: 2 | B44: SESI ou SESC (art. 30, Lei nº 8.036/90) | H44: 0.015 | I44: =$I$40*H44 -> 30.46167
A45: 3 | B45: SENAI ou SENAC (Decreto-Lei nº 2.318/86) | H45: 0.01 | I45: =$I$40*H45 -> 20.30778
A46: 4 | B46: INCRA (art. 15I, Lei Complementar nº 011/71) | H46: 0.002 | I46: =$I$40*H46 -> 4.061556
A47: 5 | B47: SALÁRIO EDUCAÇÃO (art. , inc. I, Decreto nº 87.043/82) | H47: 0.025 | I47: =$I$40*H47 -> 50.76945
A48: 6 | B48: FGTS (art. 15, Lei nº 8.036/90) | H48: 0.08 | I48: =$I$40*H48 -> 162.46224
A49: 7 | B49: SEG. ACIDENTE DO TRABALHO 1%, 2% e 3% (art. 22, inc. II, alíneas "b" e "c", da Lei nº 8.212/91) | H49: 0.03 | I49: =$I$40*H49 -> 60.92334
A50: 8 | B50: SEBRAE (§ 3º, art. 8º, Lei nº 8.029/90) | H50: 0.006 | I50: =$I$40*H50 -> 12.184668
A51: Total do Grupo II | H51: =SUM(H43:H50) -> 0.368 | I51: =SUM(I43:I50) -> 747.3263
A52: Os percentuais para o SAT podem variar de 0,50% a 6,00% em função do Fator de Acidente Previdenciário (FAP), Decreto nº 6.957/2009
A53: Deverá obrigatoriamente acompanhar a proposta de preços e a planilha de custos e formação de preços a prova do Fator Acidentário de Prevenção – FAP por meio de impressão de consulta ao site do Ministério da Previdência Social (que pode ser obtido no endereço eletrônico http://www2.dataprev.gov.br/fap/fap.htm), independentemente de alteração da alíquota da parcela do Seguro Acidente de Trabalho disposta no Quadro II da referida planilha.
A54: III | B54: Encargos Sociais - Grupo III: Tempo Não Trabalhado | H54: % | I54: Valor Mensal/unidade de serviço (R$)
A55: 1 | B55: FÉRIAS GOZADAS + ADICIONAL DE FÉRIAS | H55: 0.119314 | I55: =$I$40*H55 -> 242.30025
A56: 2 | B56: FALTAS ABONADAS (3) | H56: 0.020479 | I56: =$I$40*H56 -> 41.588303
A57: 3 | B57: FALTAS LEGAIS (4) | H57: 0.012123 | I57: =$I$40*H57 -> 24.619122
A58: 4 | B58: LICENÇA MATERNIDADE | H58: 0.011436 | I58: =$I$40*H58 -> 23.223977
A59: 5 | B59: LICENÇA PATERNIDADE | H59: 0.000174 | I59: =$I$40*H59 -> 0.35335537
A60: 6 | B60: ACIDENTE DE TRABALHO | H60: 0.000442 | I60: =$I$40*H60 -> 0.89760388
A61: 7 | B61: AVISO PRÉVIO TRABALHADO | H61: 0.000185 | I61: =$I$40*H61 -> 0.37569393
A62: 8 | B62: 13º SALÁRIO | H62: 0.09079 | I62: =$I$40*H62 -> 184.37433
A63: Total do Grupo III | H63: =SUM(H55:H62) -> 0.254943 | I63: =SUM(I55:I62) -> 517.73264
A64: (3) | B64: Faltas Justificadas por Auxílio Doença
A65: (4) | B65: Faltas Legais - Art. 473 CLT
A66: IV | B66: Encargos Sociais - Grupo IV: Indenizações | H66: % | I66: Valor Mensal/unidade de serviço (R$)
A67: 1 | B67: INDENIZAÇÕES | H67: 0.023627 | I67: =$I$40*H67 -> 47.981192
A68: 2 | B68: FGTS SOBRE INDENIZAÇÕES | H68: 0.001717 | I68: =$I$40*H68 -> 3.4868458
A69: 3 | B69: INDENIZAÇÃO COMPENSATÓRIA POR DEMISSÃO SEM JUSTA CAUSA | H69: 0.009451 | I69: =$I$40*H69 -> 19.192883
A70: Total do Grupo IV | H70: =SUM(H67:H69) -> 0.034795 | I70: =SUM(I67:I69) -> 70.660921
A72: V | B72: Encargos Sociais - Grupo V: Incidências | H72: % | I72: Valor Mensal/unidade de serviço (R$)
A73: 1 | B73: INCIDÊNCIA GRUPO II (Obrigações Sociais) X GRUPO III (Tempo Não Trabalhado) | H73: =(H51*H63) -> 0.093819024 | I73: =$I$40*H73 -> 190.52561
A74: Total do Grupo V | H74: =SUM(H73:H73) -> 0.093819024 | I74: =I73 -> 190.52561
A76: TOTAL DOS ENCAGOS SOCIAIS (II + III + IV + V) | H76: =H51+H63+H70+H74 -> 0.75155702 | I76: =I51+I63+I70+I74 -> 1526.2455
A78: VI | B78: Demais custos relativos à Norma Coletiva ou Disposições Legais - Grupo VI | H78: % | I78: Valor Mensal/unidade de serviço (R$)
A79: 1 | B79: Auxílio Alimentação | H79: =I79/$I$40 -> 0 | I79: =I97 -> 0
A80: =A79+1 -> 2 | B80: Auxílio Lanche | H80: =I80/$I$40 -> 0 | I80: =I93 -> 0
A81: =A80+1 -> 3 | B81: Plano de Saúde | H81: =I81/$I$40 -> 0 | I81: 0
A82: =A81+1 -> 4 | B82: Vale-Transporte⁽⁵⁾ | H82: =I82/$I$40 -> 0.035966511 | I82: =I89 -> 73.04
A83: =A82+1 -> 5 | B83: Adicional Intervalar | H83: =I83/$I$40 -> 0 | I83: =IF(I26="Não aplicável",0,((I10/H10)*1.5*I26)) -> 0
A84: =A83+1 -> 6 | B84: Outros | H84: =I84/$I$40 -> 0 | I84: =IF(I21="Não aplicável",0,I21) -> 0
A85: Total do Grupo VI | H85: =SUM(H79:H84) -> 0.035966511 | I85: =SUM(I79:I84) -> 73.04
A86: (5) | B86: O valor do vale-transporte pode variar de acordo com o modal fornecido pelo empregador.
A87: MEMÓRIA DE CÁLCULO DO VALE TRANSPORTE
A88: Valor Unitário | C88: Dias de Trabalho | D88: Vale p/dia | E88: Custo total | F88: Base de cálculo | G88: Percentual de desconto | H88: Valor desconto | I88: Custo efetivo
A89: =I12 -> 4 | C89: =I13 -> 22 | D89: 2 | E89: =A89*C89*D89 -> 176 | F89: =I31 -> 1716 | G89: =I14 -> 0.06 | H89: =F89*G89 -> 102.96 | I89: =IF((E89-H89)>0,E89-H89,0) -> 73.04
A91: MEMÓRIA DE CÁLCULO DO VALE LANCHE
A92: Valor Unitário | C92: Dias por mês | D92: Vale p/dia | E92: Custo total | F92: Base de cálculo | G92: Percentual de desconto | H92: Valor desconto | I92: Custo efetivo
A93: =I18 -> 0 | C93: =I19 -> 0 | D93: 1 | E93: =A93*C93*D93 -> 0 | F93: =E93 -> 0 | G93: =I20 -> 0 | H93: =F93*G93 -> 0 | I93: =E93-H93 -> 0
A95: MEMÓRIA DE CÁLCULO DO | F95: =A15 -> Auxílio Alimentação
A96: Valor Unitário | C96: Dias por mês | D96: Vale p/dia | E96: Custo total | F96: Base de cálculo | G96: Percentual de desconto | H96: =H88 -> Valor desconto | I96: Custo efetivo
A97: =I15 -> 0 | C97: =I16 -> 0 | D97: 1 | E97: =A97*C97*D97 -> 0 | F97: =E97 -> 0 | G97: =I17 -> 0 | H97: =F97*G97 -> 0 | I97: =E97-H97 -> 0
A99: TOTAL DO MONTANTE A (I + II + III+ IV + V +VI) | H99: =H40+H76+H85 -> 1.7875235 | I99: =I40+I76+I85 -> 3630.0635
A101: MONTANTE B
A102: I | B102: Despesas Diretas | H102: % | I102: Valor Mensal/unidade de serviço (R$)
A103: 1 | B103: Transporte (6) | H103: =I103/$I$114 -> 0 | I103: 0
A104: 2 | B104: Uniformes/EPI (6a) | H104: =I104/$I$114 -> 0 | I104: 0
A105: 3 | B105: Seguro de vida | H105: =I105/$I$114 -> 0 | I105: 0
A106: 4 | B106: Materiais/Equipamentos | H106: =I106/$I$114 -> 0 | I106: 0
A107: 5 | B107: Mobilização (7) | H107: =I107/$I$114 -> 0 | I107: 0
A108: 6 | B108: Outros (especificar) | H108: =I108/$I$114 -> 0 | I108: 0
A109: Total de Despesas Diretas | H109: =H103+H104+H105+H106+H107+H108 -> 0 | I109: =SUM(I103:I108) -> 0
B110: (6) Somente será preenchido quando o licitante fornecer transporte próprio (6a) EPI - Equipamento de Proteção Individual (7) Tais custos de mobilização não são renováveis, devendo ser eliminados após o primeiro ano de contrato caso haja prorrogação
...

Sheet Operador de Computador
A1: PLANILHA DE CUSTOS E FORMAÇÃO DE PREÇOS DE SERVIÇOS CONTINUADOS COM DEDICAÇÃO EXCLUSIVA DE MÃO DE OBRA (ANEXO III - DECRETO 52.768 de 15.12.2015)
A2: PROCESSO: | C2: 24/1502-0000350-3 | E2: REGIME DE TRIBUTAÇÃO: LUCRO REAL
A3: LICITAÇÃO/EDITAL | E3: ABERTURA:
A5: Cargo/Função: | D5: Operador de Computador | G5: =IF(D6="12x36","Regime de trabalho:","Quantidade de HORAS/MÊS") -> Quantidade de HORAS/MÊS | I5: =IF(D6="12x36",D6,5*D6) -> 200
A6: =IF(D6="12x36","Regime de trabalho:","Regime de trabalho (horas semanais):") -> Regime de trabalho (horas semanais): | D6: 40
A7: Convenção Coletiva de Trabalho: | D7: SINDIPPD - RS001727/2024 | G7: INSALUBRIDADE (10%, 20%, 40%) | I7: Não aplicável
A8: Origem do salário: | D8: CCT
A9: Cidade: | D9: Esteio/RS | G9: PERICULOSIDADE (30%) | I9: Não aplicável
A10: Salário Normativo | G10: Vlr. do salário e nº de horas correspondentes | H10: 220 | I10: 2621.76
A11: ISS | G11: =D9 -> Esteio/RS | H11: Alíquota | I11: 0.02
A12: Tarifa Transporte | G12: CCT | H12: Vr. Unitário | I12: 4
H13: Dias | I13: 22
H14: Desconto | I14: 0.06
A15: Auxílio Alimentação | G15: CCT | H15: Vr. Unitário | I15: 31.5
H16: Dias | I16: 22
H17: Desconto | I17: 0
A18: Auxílio Lanche | G18: CCT | H18: Vr. Unitário | I18: 0
H19: Dias | I19: 0
H20: Desconto | I20: 0
A21: Outros benefícios que refletem na planilha de custos, caso constem na CCT. Obs.: PARA POSTOS REFERENTE A CCT DA SINDASSEIO E SEEAC (LIMPEZA E OUTROS), UTILIZAR ESTE CAMPO PARA O PLANO DE BENEFÍCIO SOCIAL FAMILIAR. | G21: CCT | H21: Valor mensal | I21: Não aplicável
A22: Adicional de Supervisor (37%) | H22: Porcentagem | I22: Não aplicável
A23: Base de cálculo da insalubridade | H23: Valor | I23: Não aplicável
A24: Quantitativo de horas trabalhadas em feriados no mês (estimado) - Não aplicável para postos 12x36 | H24: Horas por mês | I24: Não aplicável
H25: Acréscimo da hora extra | I25: Não aplicável
A26: Hora Intervalar (somente para postos 12x36, quando for o caso) | H26: Horas por mês | I26: Não aplicável
A27: Sem fornecimento de materiais ou apenas fornecimento de EPIs ou uniformes, utilizar 10%. Com fornecimento de materiais ou equipamentos, utilizar 20%. (Decreto 52.768/2015, alterado pelo Decreto 53.424/2017) | H27: Porcentagem | I27: 0.1
A29: MONTANTE A
A30: I | B30: Remuneração - Grupo I | H30: % | I30: Valor Mensal/unidade de serviço (R$)
A31: 1 | B31: Salário | H31: =I31/$I$40 -> 1 | I31: =IF(D6="12x36",I10,I10/H10*I5) -> 2383.4182
A32: =A31+1 -> 2 | B32: Adicional Periculosidade 30% (Ver súmulas 364, 132 e 191 do TST) | H32: =I32/$I$40 -> 0 | I32: =IF(I9=30%,I31*I9,0) -> 0
A33: =A32+1 -> 3 | B33: Adicional Insalubridade 10% (Ver súmula 228 e 139 TST) | H33: =I33/$I$40 -> 0 | I33: =IF(I7=10%,I23*I7,0) -> 0
A34: =A33+1 -> 4 | B34: Adicional Insalubridade 20% (Ver súmula 228 e 139 TST) | H34: =I34/$I$40 -> 0 | I34: =IF(I7=20%,I23*I7,0) -> 0
A35: =A34+1 -> 5 | B35: Adicional Insalubridade 40% (Ver súmula 228 e 139 TST) | H35: =I35/$I$40 -> 0 | I35: =IF(I7=40%,I23*I7,0) -> 0
A36: =A35+1 -> 6 | B36: Adicional de Supervisor (IN 05/2017 MPOG SLTI) | H36: =I36/$I$40 -> 0 | I36: =IF(I22="Não aplicável",0,I31*I22) -> 0
A37: =A36+1 -> 7 | B37: Feriados | H37: =I37/$I$40 -> 0 | I37: =IF(I24="Não aplicável",0,(I31+I32+I33+I34+I35+I36+I39)/I5*I24*(1+I25)) -> 0
A38: =A37+1 -> 8 | B38: DSR = número total das horas extras do mês / número de dias úteis X domingos e feriados do mês X valor da hora extra com acréscimo | H38: =I38/$I$40 -> 0 | I38: =IF(I24="Não aplicável",0,I24/I13*5*(I10/H10*(1+I25))) -> 0
A39: =A38+1 -> 9 | B39: =IF(D6="12x36","Para postos 12x36 os feriados são considerados compensados, conforme parágrafo único, Art. 59-A da CLT","Outros") -> Outros | H39: =I39/$I$40 -> 0 | I39: 0
A40: Total de Remuneração | H40: =SUM(H31:H39) -> 1 | I40: =SUM(I31:I39) -> 2383.4182
A42: II | B42: Encargos Sociais - Grupo II: Obrigações Sociais | H42: % | I42: Valor Mensal/unidade de serviço (R$)
A43: 1 | B43: INSS (art. 22, inc. I, Lei nº 8.212/91) | H43: 0.2 | I43: =$I$40*H43 -> 476.68364
A44: 2 | B44: SESI ou SESC (art. 30, Lei nº 8.036/90) | H44: 0.015 | I44: =$I$40*H44 -> 35.751273
A45: 3 | B45: SENAI ou SENAC (Decreto-Lei nº 2.318/86) | H45: 0.01 | I45: =$I$40*H45 -> 23.834182
A46: 4 | B46: INCRA (art. 15I, Lei Complementar nº 011/71) | H46: 0.002 | I46: =$I$40*H46 -> 4.7668364
A47: 5 | B47: SALÁRIO EDUCAÇÃO (art. , inc. I, Decreto nº 87.043/82) | H47: 0.025 | I47: =$I$40*H47 -> 59.585455
A48: 6 | B48: FGTS (art. 15, Lei nº 8.036/90) | H48: 0.08 | I48: =$I$40*H48 -> 190.67345
A49: 7 | B49: SEG. ACIDENTE DO TRABALHO 1%, 2% e 3% (art. 22, inc. II, alíneas "b" e "c", da Lei nº 8.212/91) | H49: 0.03 | I49: =$I$40*H49 -> 71.502545
A50: 8 | B50: SEBRAE (§ 3º, art. 8º, Lei nº 8.029/90) | H50: 0.006 | I50: =$I$40*H50 -> 14.300509
A51: Total do Grupo II | H51: =SUM(H43:H50) -> 0.368 | I51: =SUM(I43:I50) -> 877.09789
A52: Os percentuais para o SAT podem variar de 0,50% a 6,00% em função do Fator de Acidente Previdenciário (FAP), Decreto nº 6.957/2009
A53: Deverá obrigatoriamente acompanhar a proposta de preços e a planilha de custos e formação de preços a prova do Fator Acidentário de Prevenção – FAP por meio de impressão de consulta ao site do Ministério da Previdência Social (que pode ser obtido no endereço eletrônico http://www2.dataprev.gov.br/fap/fap.htm), independentemente de alteração da alíquota da parcela do Seguro Acidente de Trabalho disposta no Quadro II da referida planilha.
A54: III | B54: Encargos Sociais - Grupo III: Tempo Não Trabalhado | H54: % | I54: Valor Mensal/unidade de serviço (R$)
A55: 1 | B55: FÉRIAS GOZADAS + ADICIONAL DE FÉRIAS | H55: 0.119314 | I55: =$I$40*H55 -> 284.37516
A56: 2 | B56: FALTAS ABONADAS (3) | H56: 0.020479 | I56: =$I$40*H56 -> 48.810021
A57: 3 | B57: FALTAS LEGAIS (4) | H57: 0.012123 | I57: =$I$40*H57 -> 28.894179
A58: 4 | B58: LICENÇA MATERNIDADE | H58: 0.011436 | I58: =$I$40*H58 -> 27.25677
A59: 5 | B59: LICENÇA PATERNIDADE | H59: 0.000174 | I59: =$I$40*H59 -> 0.41471476
A60: 6 | B60: ACIDENTE DE TRABALHO | H60: 0.000442 | I60: =$I$40*H60 -> 1.0534708
A61: 7 | B61: AVISO PRÉVIO TRABALHADO | H61: 0.000185 | I61: =$I$40*H61 -> 0.44093236
A62: 8 | B62: 13º SALÁRIO | H62: 0.09079 | I62: =$I$40*H62 -> 216.39054
A63: Total do Grupo III | H63: =SUM(H55:H62) -> 0.254943 | I63: =SUM(I55:I62) -> 607.63578
A64: (3) | B64: Faltas Justificadas por Auxílio Doença
A65: (4) | B65: Faltas Legais - Art. 473 CLT
A66: IV | B66: Encargos Sociais - Grupo IV: Indenizações | H66: % | I66: Valor Mensal/unidade de serviço (R$)
A67: 1 | B67: INDENIZAÇÕES | H67: 0.023627 | I67: =$I$40*H67 -> 56.313021
A68: 2 | B68: FGTS SOBRE INDENIZAÇÕES | H68: 0.001717 | I68: =$I$40*H68 -> 4.092329
A69: 3 | B69: INDENIZAÇÃO COMPENSATÓRIA POR DEMISSÃO SEM JUSTA CAUSA | H69: 0.009451 | I69: =$I$40*H69 -> 22.525685
A70: Total do Grupo IV | H70: =SUM(H67:H69) -> 0.034795 | I70: =SUM(I67:I69) -> 82.931036
A72: V | B72: Encargos Sociais - Grupo V: Incidências | H72: % | I72: Valor Mensal/unidade de serviço (R$)
A73: 1 | B73: INCIDÊNCIA GRUPO II (Obrigações Sociais) X GRUPO III (Tempo Não Trabalhado) | H73: =(H51*H63) -> 0.093819024 | I73: =$I$40*H73 -> 223.60997
A74: Total do Grupo V | H74: =SUM(H73:H73) -> 0.093819024 | I74: =I73 -> 223.60997
A76: TOTAL DOS ENCAGOS SOCIAIS (II + III + IV + V) | H76: =H51+H63+H70+H74 -> 0.75155702 | I76: =I51+I63+I70+I74 -> 1791.2747
A78: VI | B78: Demais custos relativos à Norma Coletiva ou Disposições Legais - Grupo VI | H78: % | I78: Valor Mensal/unidade de serviço (R$)
A79: 1 | B79: Auxílio Alimentação | H79: =I79/$I$40 -> 0.29075888 | I79: =I97 -> 693
A80: =A79+1 -> 2 | B80: Auxílio Lanche | H80: =I80/$I$40 -> 0 | I80: =I93 -> 0
A81: =A80+1 -> 3 | B81: Plano de Saúde | H81: =I81/$I$40 -> 0 | I81: 0
A82: =A81+1 -> 4 | B82: Vale-Transporte⁽⁵⁾ | H82: =I82/$I$40 -> 0.013843525 | I82: =I89 -> 32.994909
A83: =A82+1 -> 5 | B83: Adicional Intervalar | H83: =I83/$I$40 -> 0 | I83: =IF(I26="Não aplicável",0,((I10/H10)*1.5*I26)) -> 0
A84: =A83+1 -> 6 | B84: Outros | H84: =I84/$I$40 -> 0 | I84: =IF(I21="Não aplicável",0,I21) -> 0
A85: Total do Grupo VI | H85: =SUM(H79:H84) -> 0.3046024 | I85: =SUM(I79:I84) -> 725.99491
A86: (5) | B86: O valor do vale-transporte pode variar de acordo com o modal fornecido pelo empregador.
A87: MEMÓRIA DE CÁLCULO DO VALE TRANSPORTE
A88: Valor Unitário | C88: Dias de Trabalho | D88: Vale p/dia | E88: Custo total | F88: Base de cálculo | G88: Percentual de desconto | H88: Valor desconto | I88: Custo efetivo
A89: =I12 -> 4 | C89: =I13 -> 22 | D89: 2 | E89: =A89*C89*D89 -> 176 | F89: =I31 -> 2383.4182 | G89: =I14 -> 0.06 | H89: =F89*G89 -> 143.00509 | I89: =IF((E89-H89)>0,E89-H89,0) -> 32.994909
A91: MEMÓRIA DE CÁLCULO DO VALE LANCHE
A92: Valor Unitário | C92: Dias por mês | D92: Vale p/dia | E92: Custo total | F92: Base de cálculo | G92: Percentual de desconto | H92: Valor desconto | I92: Custo efetivo
A93: =I18 -> 0 | C93: =I19 -> 0 | D93: 1 | E93: =A93*C93*D93 -> 0 | F93: =E93 -> 0 | G93: =I20 -> 0 | H93: =F93*G93 -> 0 | I93: =E93-H93 -> 0
A95: MEMÓRIA DE CÁLCULO DO | F95: =A15 -> Auxílio Alimentação
A96: Valor Unitário | C96: Dias por mês | D96: Vale p/dia | E96: Custo total | F96: Base de cálculo | G96: Percentual de desconto | H96: =H88 -> Valor desconto | I96: Custo efetivo
A97: =I15 -> 31.5 | C97: =I16 -> 22 | D97: 1 | E97: =A97*C97*D97 -> 693 | F97: =E97 -> 693 | G97: =I17 -> 0 | H97: =F97*G97 -> 0 | I97: =E97-H97 -> 693
A99: TOTAL DO MONTANTE A (I + II + III+ IV + V +VI) | H99: =H40+H76+H85 -> 2.0561594 | I99: =I40+I76+I85 -> 4900.6878
A101: MONTANTE B
A102: I | B102: Despesas Diretas | H102: % | I102: Valor Mensal/unidade de serviço (R$)
A103: 1 | B103: Transporte (6) | H103: =I103/$I$114 -> 0 | I103: 0
A104: 2 | B104: Uniformes/EPI (6a) | H104: =I104/$I$114 -> 0 | I104: 0
A105: 3 | B105: Seguro de vida | H105: =I105/$I$114 -> 0 | I105: 0
A106: 4 | B106: Materiais/Equipamentos | H106: =I106/$I$114 -> 0 | I106: 0
A107: 5 | B107: Mobilização (7) | H107: =I107/$I$114 -> 0 | I107: 0
A108: 6 | B108: Outros (especificar) | H108: =I108/$I$114 -> 0 | I108: 0
A109: Total de Despesas Diretas | H109: =H103+H104+H105+H106+H107+H108 -> 0 | I109: =SUM(I103:I108) -> 0
B110: (6) Somente será preenchido quando o licitante fornecer transporte próprio (6a) EPI - Equipamento de Proteção Individual (7) Tais custos de mobilização não são renováveis, devendo ser eliminados após o primeiro ano de contrato caso haja prorrogação
...

Sheet Supervisor
A1: PLANILHA DE CUSTOS E FORMAÇÃO DE PREÇOS DE SERVIÇOS CONTINUADOS COM DEDICAÇÃO EXCLUSIVA DE MÃO DE OBRA (ANEXO III - DECRETO 52.768 de 15.12.2015)
A2: PROCESSO: | C2: 24/1502-0000350-3 | E2: REGIME DE TRIBUTAÇÃO: LUCRO REAL
A3: LICITAÇÃO/EDITAL | E3: ABERTURA:
A5: Cargo/Função: | D5: Supervisor | G5: =IF(D6="12x36","Regime de trabalho:","Quantidade de HORAS/MÊS") -> Quantidade de HORAS/MÊS | I5: =IF(D6="12x36",D6,5*D6) -> 218.75
A6: =IF(D6="12x36","Regime de trabalho:","Regime de trabalho (horas semanais):") -> Regime de trabalho (horas semanais): | D6: 43.75
A7: Convenção Coletiva de Trabalho: | D7: SINDIASSEIO - RS000045/2024 | G7: INSALUBRIDADE (10%, 20%, 40%) | I7: Não aplicável
A8: Origem do salário: | D8: CCT
A9: Cidade: | D9: Esteio/RS | G9: PERICULOSIDADE (30%) | I9: Não aplicável
A10: Salário Normativo | G10: Vlr. do salário e nº de horas correspondentes | H10: 220 | I10: 2013.31
A11: ISS | G11: =D9 -> Esteio/RS | H11: Alíquota | I11: 0.02
A12: Tarifa Transporte | G12: CCT | H12: Vr. Unitário | I12: 4
H13: Dias | I13: 22
H14: Desconto | I14: 0.06
A15: Auxílio Alimentação | G15: CCT | H15: Vr. Unitário | I15: 23.68
H16: Dias | I16: 22
H17: Desconto | I17: 0.19
A18: Auxílio Lanche | G18: CCT | H18: Vr. Unitário | I18: 0
H19: Dias | I19: 0
H20: Desconto | I20: 0
A21: Outros benefícios que refletem na planilha de custos, caso constem na CCT. Obs.: PARA POSTOS REFERENTE A CCT DA SINDASSEIO E SEEAC (LIMPEZA E OUTROS), UTILIZAR ESTE CAMPO PARA O PLANO DE BENEFÍCIO SOCIAL FAMILIAR. | G21: CCT | H21: Valor mensal | I21: 19.42
A22: Adicional de Supervisor (37%) | H22: Porcentagem | I22: 0.37
A23: Base de cálculo da insalubridade | H23: Valor | I23: Não aplicável
A24: Quantitativo de horas trabalhadas em feriados no mês (estimado) - Não aplicável para postos 12x36 | H24: Horas por mês | I24: Não aplicável
H25: Acréscimo da hora extra | I25: Não aplicável
A26: Hora Intervalar (somente para postos 12x36, quando for o caso) | H26: Horas por mês | I26: Não aplicável
A27: Sem fornecimento de materiais ou apenas fornecimento de EPIs ou uniformes, utilizar 10%. Com fornecimento de materiais ou equipamentos, utilizar 20%. (Decreto 52.768/2015, alterado pelo Decreto 53.424/2017) | H27: Porcentagem | I27: 0.1
A29: MONTANTE A
A30: I | B30: Remuneração - Grupo I | H30: % | I30: Valor Mensal/unidade de serviço (R$)
A31: 1 | B31: Salário | H31: =I31/$I$40 -> 0.72992701 | I31: =IF(D6="12x36",I10,I10/H10*I5) -> 2001.8707
A32: =A31+1 -> 2 | B32: Adicional Periculosidade 30% (Ver súmulas 364, 132 e 191 do TST) | H32: =I32/$I$40 -> 0 | I32: =IF(I9=30%,I31*I9,0) -> 0
A33: =A32+1 -> 3 | B33: Adicional Insalubridade 10% (Ver súmula 228 e 139 TST) | H33: =I33/$I$40 -> 0 | I33: =IF(I7=10%,I23*I7,0) -> 0
A34: =A33+1 -> 4 | B34: Adicional Insalubridade 20% (Ver súmula 228 e 139 TST) | H34: =I34/$I$40 -> 0 | I34: =IF(I7=20%,I23*I7,0) -> 0
A35: =A34+1 -> 5 | B35: Adicional Insalubridade 40% (Ver súmula 228 e 139 TST) | H35: =I35/$I$40 -> 0 | I35: =IF(I7=40%,I23*I7,0) -> 0
A36: =A35+1 -> 6 | B36: Adicional de Supervisor (IN 05/2017 MPOG SLTI) | H36: =I36/$I$40 -> 0.27007299 | I36: =IF(I22="Não aplicável",0,I31*I22) -> 740.69217
A37: =A36+1 -> 7 | B37: Feriados | H37: =I37/$I$40 -> 0 | I37: =IF(I24="Não aplicável",0,(I31+I32+I33+I34+I35+I36+I39)/I5*I24*(1+I25)) -> 0
A38: =A37+1 -> 8 | B38: DSR = número total das horas extras do mês / número de dias úteis X domingos e feriados do mês X valor da hora extra com acréscimo | H38: =I38/$I$40 -> 0 | I38: =IF(I24="Não aplicável",0,I24/I13*5*(I10/H10*(1+I25))) -> 0
A39: =A38+1 -> 9 | B39: =IF(D6="12x36","Para postos 12x36 os feriados são considerados compensados, conforme parágrafo único, Art. 59-A da CLT","Outros") -> Outros | H39: =I39/$I$40 -> 0 | I39: 0
A40: Total de Remuneração | H40: =SUM(H31:H39) -> 1 | I40: =SUM(I31:I39) -> 2742.5629
A42: II | B42: Encargos Sociais - Grupo II: Obrigações Sociais | H42: % | I42: Valor Mensal/unidade de serviço (R$)
A43: 1 | B43: INSS (art. 22, inc. I, Lei nº 8.212/91) | H43: 0.2 | I43: =$I$40*H43 -> 548.51258
A44: 2 | B44: SESI ou SESC (art. 30, Lei nº 8.036/90) | H44: 0.015 | I44: =$I$40*H44 -> 41.138444
A45: 3 | B45: SENAI ou SENAC (Decreto-Lei nº 2.318/86) | H45: 0.01 | I45: =$I$40*H45 -> 27.425629
A46: 4 | B46: INCRA (art. 15I, Lei Complementar nº 011/71) | H46: 0.002 | I46: =$I$40*H46 -> 5.4851258
A47: 5 | B47: SALÁRIO EDUCAÇÃO (art. , inc. I, Decreto nº 87.043/82) | H47: 0.025 | I47: =$I$40*H47 -> 68.564073
A48: 6 | B48: FGTS (art. 15, Lei nº 8.036/90) | H48: 0.08 | I48: =$I$40*H48 -> 219.40503
A49: 7 | B49: SEG. ACIDENTE DO TRABALHO 1%, 2% e 3% (art. 22, inc. II, alíneas "b" e "c", da Lei nº 8.212/91) | H49: 0.03 | I49: =$I$40*H49 -> 82.276887
A50: 8 | B50: SEBRAE (§ 3º, art. 8º, Lei nº 8.029/90) | H50: 0.006 | I50: =$I$40*H50 -> 16.455377
A51: Total do Grupo II | H51: =SUM(H43:H50) -> 0.368 | I51: =SUM(I43:I50) -> 1009.2632
A52: Os percentuais para o SAT podem variar de 0,50% a 6,00% em função do Fator de Acidente Previdenciário (FAP), Decreto nº 6.957/2009
A53: Deverá obrigatoriamente acompanhar a proposta de preços e a planilha de custos e formação de preços a prova do Fator Acidentário de Prevenção – FAP por meio de impressão de consulta ao site do Ministério da Previdência Social (que pode ser obtido no endereço eletrônico http://www2.dataprev.gov.br/fap/fap.htm), independentemente de alteração da alíquota da parcela do Seguro Acidente de Trabalho disposta no Quadro II da referida planilha.
A54: III | B54: Encargos Sociais - Grupo III: Tempo Não Trabalhado | H54: % | I54: Valor Mensal/unidade de serviço (R$)
A55: 1 | B55: FÉRIAS GOZADAS + ADICIONAL DE FÉRIAS | H55: 0.119314 | I55: =$I$40*H55 -> 327.22615
A56: 2 | B56: FALTAS ABONADAS (3) | H56: 0.020479 | I56: =$I$40*H56 -> 56.164946
A57: 3 | B57: FALTAS LEGAIS (4) | H57: 0.012123 | I57: =$I$40*H57 -> 33.24809
A58: 4 | B58: LICENÇA MATERNIDADE | H58: 0.011436 | I58: =$I$40*H58 -> 31.363949
A59: 5 | B59: LICENÇA PATERNIDADE | H59: 0.000174 | I59: =$I$40*H59 -> 0.47720595
A60: 6 | B60: ACIDENTE DE TRABALHO | H60: 0.000442 | I60: =$I$40*H60 -> 1.2122128
A61: 7 | B61: AVISO PRÉVIO TRABALHADO | H61: 0.000185 | I61: =$I$40*H61 -> 0.50737414
A62: 8 | B62: 13º SALÁRIO | H62: 0.09079 | I62: =$I$40*H62 -> 248.99729
A63: Total do Grupo III | H63: =SUM(H55:H62) -> 0.254943 | I63: =SUM(I55:I62) -> 699.19722
A64: (3) | B64: Faltas Justificadas por Auxílio Doença
A65: (4) | B65: Faltas Legais - Art. 473 CLT
A66: IV | B66: Encargos Sociais - Grupo IV: Indenizações | H66: % | I66: Valor Mensal/unidade de serviço (R$)
A67: 1 | B67: INDENIZAÇÕES | H67: 0.023627 | I67: =$I$40*H67 -> 64.798534
A68: 2 | B68: FGTS SOBRE INDENIZAÇÕES | H68: 0.001717 | I68: =$I$40*H68 -> 4.7089805
A69: 3 | B69: INDENIZAÇÃO COMPENSATÓRIA POR DEMISSÃO SEM JUSTA CAUSA | H69: 0.009451 | I69: =$I$40*H69 -> 25.919962
A70: Total do Grupo IV | H70: =SUM(H67:H69) -> 0.034795 | I70: =SUM(I67:I69) -> 95.427477
A72: V | B72: Encargos Sociais - Grupo V: Incidências | H72: % | I72: Valor Mensal/unidade de serviço (R$)
A73: 1 | B73: INCIDÊNCIA GRUPO II (Obrigações Sociais) X GRUPO III (Tempo Não Trabalhado) | H73: =(H51*H63) -> 0.093819024 | I73: =$I$40*H73 -> 257.30458
A74: Total do Grupo V | H74: =SUM(H73:H73) -> 0.093819024 | I74: =I73 -> 257.30458
A76: TOTAL DOS ENCAGOS SOCIAIS (II + III + IV + V) | H76: =H51+H63+H70+H74 -> 0.75155702 | I76: =I51+I63+I70+I74 -> 2061.1924
A78: VI | B78: Demais custos relativos à Norma Coletiva ou Disposições Legais - Grupo VI | H78: % | I78: Valor Mensal/unidade de serviço (R$)
A79: 1 | B79: Auxílio Alimentação | H79: =I79/$I$40 -> 0.15386251 | I79: =I97 -> 421.9776
A80: =A79+1 -> 2 | B80: Auxílio Lanche | H80: =I80/$I$40 -> 0 | I80: =I93 -> 0
A81: =A80+1 -> 3 | B81: Plano de Saúde | H81: =I81/$I$40 -> 0 | I81: 0
A82: =A81+1 -> 4 | B82: Vale-Transporte⁽⁵⁾ | H82: =I82/$I$40 -> 0.02037793 | I82: =I89 -> 55.887756
A83: =A82+1 -> 5 | B83: Adicional Intervalar | H83: =I83/$I$40 -> 0 | I83: =IF(I26="Não aplicável",0,((I10/H10)*1.5*I26)) -> 0
A84: =A83+1 -> 6 | B84: Outros | H84: =I84/$I$40 -> 0.0070809679 | I84: =IF(I21="Não aplicável",0,I21) -> 19.42
A85: Total do Grupo VI | H85: =SUM(H79:H84) -> 0.1813214 | I85: =SUM(I79:I84) -> 497.28536
A86: (5) | B86: O valor do vale-transporte pode variar de acordo com o modal fornecido pelo empregador.
A87: MEMÓRIA DE CÁLCULO DO VALE TRANSPORTE
A88: Valor Unitário | C88: Dias de Trabalho | D88: Vale p/dia | E88: Custo total | F88: Base de cálculo | G88: Percentual de desconto | H88: Valor desconto | I88: Custo efetivo
A89: =I12 -> 4 | C89: =I13 -> 22 | D89: 2 | E89: =A89*C89*D89 -> 176 | F89: =I31 -> 2001.8707 | G89: =I14 -> 0.06 | H89: =F89*G89 -> 120.11224 | I89: =IF((E89-H89)>0,E89-H89,0) -> 55.887756
A91: MEMÓRIA DE CÁLCULO DO VALE LANCHE
A92: Valor Unitário | C92: Dias por mês | D92: Vale p/dia | E92: Custo total | F92: Base de cálculo | G92: Percentual de desconto | H92: Valor desconto | I92: Custo efetivo
A93: =I18 -> 0 | C93: =I19 -> 0 | D93: 1 | E93: =A93*C93*D93 -> 0 | F93: =E93 -> 0 | G93: =I20 -> 0 | H93: =F93*G93 -> 0 | I93: =E93-H93 -> 0
A95: MEMÓRIA DE CÁLCULO DO | F95: =A15 -> Auxílio Alimentação
A96: Valor Unitário | C96: Dias por mês | D96: Vale p/dia | E96: Custo total | F96: Base de cálculo | G96: Percentual de desconto | H96: =H88 -> Valor desconto | I96: Custo efetivo
A97: =I15 -> 23.68 | C97: =I16 -> 22 | D97: 1 | E97: =A97*C97*D97 -> 520.96 | F97: =E97 -> 520.96 | G97: =I17 -> 0.19 | H97: =F97*G97 -> 98.9824 | I97: =E97-H97 -> 421.9776
A99: TOTAL DO MONTANTE A (I + II + III+ IV + V +VI) | H99: =H40+H76+H85 -> 1.9328784 | I99: =I40+I76+I85 -> 5301.0407
A101: MONTANTE B
A102: I | B102: Despesas Diretas | H102: % | I102: Valor Mensal/unidade de serviço (R$)
A103: 1 | B103: Transporte (6) | H103: =I103/$I$114 -> 0 | I103: 0
A104: 2 | B104: Uniformes/EPI (6a) | H104: =I104/$I$114 -> 0 | I104: 0
A105: 3 | B105: Seguro de vida | H105: =I105/$I$114 -> 0 | I105: 0
A106: 4 | B106: Materiais/Equipamentos | H106: =I106/$I$114 -> 0 | I106: 0
A107: 5 | B107: Mobilização (7) | H107: =I107/$I$114 -> 0 | I107: 0
A108: 6 | B108: Outros (especificar) | H108: =I108/$I$114 -> 0 | I108: 0
A109: Total de Despesas Diretas | H109: =H103+H104+H105+H106+H107+H108 -> 0 | I109: =SUM(I103:I108) -> 0
B110: (6) Somente será preenchido quando o licitante fornecer transporte próprio (6a) EPI - Equipamento de Proteção Individual (7) Tais custos de mobilização não são renováveis, devendo ser eliminados após o primeiro ano de contrato caso haja prorrogação
...

Sheet Resumo
A1: Quadro Resumo Mensal
A2: Função | B2: Cidade | C2: Carga Horária | D2: Dias da semana | E2: Valor Unitário | F2: Nº de Postos | G2: Valor Total
A3: Servente de Limpeza | B3: Esteio/RS | C3: 8h/dia | D3: Segunda a Sexta | E3: ='Servente de Limpeza'!I174 -> 4470.4855 | F3: 5 | G3: =F3*E3 -> 22352.428
A4: Auxiliar Administrativo | B4: Esteio/RS | C4: 8h/dia | D4: Segunda a Sexta | E4: ='Auxiliar Administrativo'!I174 -> 4184.1393 | F4: 13 | G4: =F4*E4 -> 54393.811
A5: Carpinteiro (Oficial) | B5: Esteio/RS | C5: 8h/dia | D5: Segunda a Sexta | E5: ='Carpinteiro (Oficial)'!I174 -> 3767.4244 | F5: 2 | G5: =F5*E5 -> 7534.8489
A6: Copeira | B6: Esteio/RS | C6: 8h/dia | D6: Segunda a Sexta | E6: =Copeira!I174 -> 3917.7001 | F6: 1 | G6: =F6*E6 -> 3917.7001
A7: Eletricista de Baixa Tensão (Oficial) | B7: Esteio/RS | C7: 8h/dia | D7: Segunda a Sexta | E7: ='Eletricista de Baixa Tensão(Of)'!I174 -> 4869.8692 | F7: 2 | G7: =F7*E7 -> 9739.7384
A8: Encanador/Instalador Hidráulico | B8: Esteio/RS | C8: 8h/dia | D8: Segunda a Sexta | E8: ='Encanador Instalador Hidráulico'!I174 -> 3069.8358 | F8: 2 | G8: =F8*E8 -> 6139.6717
A9: Jardineiro | B9: Esteio/RS | C9: 8h/dia | D9: Segunda a Sexta | E9: =Jardineiro!I174 -> 3917.7001 | F9: 1 | G9: =F9*E9 -> 3917.7001
A10: Mecânico | B10: Esteio/RS | C10: 8h/dia | D10: Segunda a Sexta | E10: =Mecânico!I174 -> 6114.1675 | F10: 1 | G10: =F10*E10 -> 6114.1675
A11: Operador de Máquina Leve | B11: Esteio/RS | C11: 8h/dia | D11: Segunda a Sexta | E11: ='Operador de Máquina Leve'!I174 -> 3069.8358 | F11: 5 | G11: =F11*E11 -> 15349.179
A12: Operador de Máquinas Rodoviárias | B12: Esteio/RS | C12: 8h/dia | D12: Segunda a Sexta | E12: ='Operador de Máquina Rodoviária'!I174 -> 3149.887 | F12: 1 | G12: =F12*E12 -> 3149.887
A13: Pedreiro (Oficial) | B13: Esteio/RS | C13: 8h/dia | D13: Segunda a Sexta | E13: ='Pedreiro (Oficial)'!I174 -> 3767.4244 | F13: 2 | G13: =F13*E13 -> 7534.8489
A14: Auxiliar de Serviços Gerais | B14: Esteio/RS | C14: 8h/dia | D14: Segunda a Sexta | E14: ='Auxiliar de Serviços Gerais'!I174 -> 3917.7001 | F14: 12 | G14: =F14*E14 -> 47012.401
A15: Soldador | B15: Esteio/RS | C15: 8h/dia | D15: Segunda a Sexta | E15: =Soldador!I174 -> 4090.2124 | F15: 1 | G15: =F15*E15 -> 4090.2124
A16: Operador de Computador | B16: Esteio/RS | C16: 8h/dia | D16: Segunda a Sexta | E16: ='Operador de Computador'!I174 -> 5521.9017 | F16: 1 | G16: =F16*E16 -> 5521.9017
A17: Supervisor (Administrativo e Financeiro) | B17: Esteio/RS | C17: 8h45min/dia | D17: Segunda a Sexta | E17: =Supervisor!I174 -> 5973.0036 | F17: 2 | G17: =F17*E17 -> 11946.007
A18: TOTAL | F18: =SUM(F3:F17) -> 51 | G18: =SUM(G3:G17) -> 208714.5
